Workbook
Name half: GeneralInfo!$S$4:$S$5
Name pre: GeneralInfo!$S$1:$S$3
Name AR: Banks!$AA$7
Name yy: GeneralInfo!$S$1:$S$5

Sheet Index
E6: XBRL Excel Utility
E7: 1. | F7: Overview
E8: 2. | F8: Before you begin
E9: 3. | F9: Index
E10: 4. | F10: Import XBRL file
E11: 5. | F11: Steps for filing Shareholding Pattern
E12: 6. | F12: Fill up the Shareholding Pattern
D15: 1. Overview
D16: The excel utility can be used for creating the XBRL/XML file for efiling of shareholding pattern.
D17: Shareholding pattern XBRL filling consists of two processes. Firstly generation of XBRL/XML file of the Shareholding pattern, and upload of generated XBRL/XML file to BSE Listing Center.
D20: 2. Before you begin
D21: 1. The version of Microsoft Excel in your system should be Microsoft Office Excel 2007 and above.
D22: 2. The system should have a file compression software to unzip excel utility file.
D23: 3. Make sure that you have downloaded the latest Excel Utility from BSE Website to your local system.
D24: 4. Make sure that you have downloaded the Chrome Browser to view report generated from Excel utility
D25: 5. Please enable the Macros (if disabled) as per instructions given in manual, so that all the functionalities of Excel Utility works fine. Please first go through Enable Macro - Manual attached with zip file.
D28: 3. Index
D29: 1 | E29: Details of general information about company | J29: General Info
D30: 2 | E30: Declaration | J30: Declaration
D31: 3 | E31: Summary | J31: Summary
D32: 4 | E32: Shareholding Pattern | J32: Shareholding Pattern
D35: 4. Import XBRL file
D36: 1. Now you can import and view previously generated XBRL files by clicking Import XBRL button on Genenral information sheet.
D40: 5. Steps for Filing Shareholding Pattern
D41: I. Fill up the data: Navigate to each field of every section in the sheet to provide applicable data in correct format. (Formats will get reflected while filling data.) - Use paste special command to paste data from other sheet.
D42: II. Validating Sheets: Click on the ''Validate " button to ensure that the sheet has been properly filled and also data has been furnished in proper format. If there are some errors on the sheet, excel utility will prompt you about the same.
D43: III. Validate All Sheets: Click on the ''Home" button. And then click on "Validate All Sheet" button to ensure that all sheets has been properly filled and validated successfully. If there are some errors on the sheet, excel utility will prompt you about the same and stop validation at the same time. After correction, once again follow the same procedure to validate all sheets.
D44: Excel Utility will not allow you to generate XBRL/XML until you rectify all errors.
D45: IV. Generate XML : Excel Utility will not allow you to generate XBRL/XML unless successful validation of all sheet is completed. Now click on 'Generate XML'' to generate XBRL/XML file. - Save the XBRL/XML file in your desired folder in local system.
D46: V. Generate Report : Excel Utility will allow you to generate Report. Now click on 'Generate Report'' to generate html report. - Save the HTML Report file in your desired folder in local system. - To view HTML Report open "Chrome Web Browser" . - To print report in PDF Format, Click on print button and save as PDF.
D47: VI. Upload XML file to BSE Listing Center: For uploading the XBRL/XML file generated through Utility, login to BSE Listing Center and upload generated xml file. On Upload screen provide the required information and browse to select XML file and submit the XML.
D50: 6. Fill up the Shareholding Pattern
D51: 1. Cells with red fonts indicate mandatory fields.
... D59: 9. Adding Notes: Click on "Add Notes" button to add notes

Sheet GeneralInfo
R1: Equity Shares | S1: Pre-listing | T1: June | U1: Yes | W1: Pre-listing
R2: Preference Shares | S2: Quarterly | T2: September | U2: No | W2: Capital Restructuring
R3: Differential Voting Rights | S3: Capital Restructuring | T3: December | W3: Half yearly
S4: Half yearly | T4: March | W4: Yearly
E5: General information about company | S5: Yearly
E6: Scrip code | F6: 535719
E7: NSE Symbol | M7: Regulation 31 (1) (a) | X7: Yes
E8: MSEI Symbol | M8: Regulation 31 (1) (b) | X8: No
E9: ISIN | F9: INE989J01017 | M9: Regulation 31 (1) (c)
E10: Name of the company | F10: QUEST SOFTECH INDIA LTD | M10: Regulation 31 (1)
E11: Whether company is SME | F11: No
E12: Class of Security | F12: Equity Shares
E13: Type of report | F13: Quarterly
E14: Quarter Ended / Half year ended/Date of Report (For Prelisting / Allotment) | F14: 31-12-2020
E15: Date of allotment / extinguishment (in case Capital Restructuring selected) / Listing Date
E16: Shareholding pattern filed under | F16: =IF(F13=S1,M7,IF(F13=S2,M8,IF(F13=S3,M9,IF(F13=S4,M8,IF(F13=S5,M8,""))))) -> Regulation 31 (1) (b)
E17: Whether the listed entity is Public Sector Undertaking (PSU)? | F17: No

Sheet Declaration
A1: Micro@213Vista | T1: Micro@213Vista | U1: Yes
U2: No
D8: Sr. No. | E8: Particular | F8: Yes/No | G8: Promoter and Promoter Group | H8: Public shareholder | I8: Non Promoter- Non Public
D9: 1 | E9: Whether the Listed Entity has issued any partly paid up shares? | F9: No | G9: No | H9: No | I9: No | M9: 1 | N9: 1 | O9: 1 | P9: 1 | R9: Partly Paid Up Shares | S9: Partly Paid Up Shares PPG | T9: Partly Paid Up Shares Public | U9: Partly Paid Up Shares NPNP
D10: 2 | E10: Whether the Listed Entity has issued any Convertible Securities ? | F10: No | G10: No | H10: No | I10: No | M10: 1 | N10: 1 | O10: 1 | P10: 1 | R10: Convertible Securities | S10: Convertible Securities PPG | T10: Convertible Securities Public | U10: Convertible Securities NPNP
D11: 3 | E11: Whether the Listed Entity has issued any Warrants ? | F11: No | G11: No | H11: No | I11: No | M11: 1 | N11: 1 | O11: 1 | P11: 1 | R11: Warrants | S11: Warrants PPG | T11: Warrants Public | U11: Warrants NPNP
D12: 4 | E12: Whether the Listed Entity has any shares against which depository receipts are issued? | F12: No | G12: No | H12: No | I12: No | M12: 1 | N12: 1 | O12: 1 | P12: 1 | R12: Depository Receipts | S12: Depository Receipts PPG | T12: Depository Receipts Public | U12: Depository Receipts NPNP
D13: 5 | E13: Whether the Listed Entity has any shares in locked-in? | F13: No | G13: No | H13: No | I13: No | M13: 1 | N13: 1 | O13: 1 | P13: 1 | R13: Locked In | S13: Locked In PPG | T13: Locked In Public | U13: Locked In NPNP
D14: 6 | E14: Whether any shares held by promoters are pledge or otherwise encumbered? | F14: No | G14: No | M14: 1 | N14: 1 | O14: 0 | P14: 0 | R14: Pledge Or Otherwise Encumbered | S14: Pledge Or Otherwise Encumbered PPG | T14: Pledge Or Otherwise Encumbered Public | U14: Pledge Or Otherwise Encumbered NPNP
D15: 7 | E15: Whether company has equity shares with differential voting rights? | F15: No | G15: No | H15: No | I15: No | M15: 1 | N15: 1 | O15: 1 | P15: 1 | R15: Voting Rights | S15: Voting Rights PPG | T15: Voting Rights Public | U15: Voting Rights NPNP
D16: 8 | E16: Whether the listed entity has any significant beneficial owner? | F16: No | R16: Whether the listed entity has any significant beneficial owner?

Sheet Summary
G2: Number of shareholders | H2: Number of fully paid up equity shares | I2: Number of partly paid-up equity shares | J2: Number of shares underlying outstanding depository receipts | K2: Total number of shares | L2: Shareholding as a percentage of total number of shares held by promoters and public shareholders and custodians or DR holders | M2: Number of voting rights held by same class of securities | N2: Number of voting rights held by differential voting rights | O2: Total Number of voting rights | P2: Percentage of total number of voting rights | Q2: Number of shares underlying outstanding convertible securities | R2: Number of warrant | S2: Total shareholding as a percentage assuming full conversion of convertible securities | T2: Total shareholding as a percentage assuming full conversion of convertible securities | U2: Number of the locked-in-shares | V2: Locked-in-shares as a percentage of total number of shares | W2: Pledged or encumbered - number of shares | X2: Pledged or encumbered shares held as percentage of total number of shares | Y2: Number of equity shares held in dematerialized form
E8: Table I - Summary Statement holding of specified securities
E9: Note : Data will be automatically populated from shareholding pattern sheet - Data Entry Restricted in this sheet
E10: Category (I) | F10: Category of shareholder (II) | G10: Nos. Of shareholders (III) | H10: No. of fully paid up equity shares held (IV) | I10: No. Of Partly paid-up equity shares held (V) | J10: No. Of shares underlying Depository Receipts (VI) | K10: Total nos. shares held (VII) = (IV)+(V)+ (VI) | L10: Shareholding as a % of total no. of shares (calculated as per SCRR, 1957) (VIII) As a % of (A+B+C2) | M10: Number of Voting Rights held in each class of securities (IX) | Q10: No. Of Shares Underlying Outstanding convertible securities (X) | R10: No. of Shares Underlying Outstanding Warrants (Xi) | S10: No. Of Shares Underlying Outstanding convertible securities and No. Of Warrants (Xi) (a) | T10: Shareholding , as a % assuming full conversion of convertible securities ( as a percentage of diluted share capital) (XI)= (VII)+(X) As a % of (A+B+C2) | U10: Number of Locked in shares (XII) | W10: Number of Shares pledged or otherwise encumbered (XIII) | Y10: Number of equity shares held in dematerialized form (XIV)
M11: No of Voting (XIV) Rights | P11: Total as a % of (A+B+C)
M12: Class eg: X | N12: Class eg:y | O12: Total | U12: No. (a) | V12: As a % of total Shares held (b) | W12: No. (a) | X12: As a % of total Shares held (b)
E13: (A) | F13: Promoter & Promoter Group | G13: =+IFERROR(IF(COUNT('Shareholding Pattern'!H26),('Shareholding Pattern'!H26),""),"") -> 2 | H13: =+IFERROR(IF(COUNT('Shareholding Pattern'!I26),('Shareholding Pattern'!I26),""),"") -> 4381397 | I13: =+IFERROR(IF(COUNT('Shareholding Pattern'!J26),('Shareholding Pattern'!J26),""),"") | J13: =+IFERROR(IF(COUNT('Shareholding Pattern'!K26),('Shareholding Pattern'!K26),""),"") | K13: =+IFERROR(IF(COUNT('Shareholding Pattern'!L26),('Shareholding Pattern'!L26),""),"") -> 4381397 | L13: =+IFERROR(IF(COUNT('Shareholding Pattern'!M26),('Shareholding Pattern'!M26),""),"") -> 43.81 | M13: =+IFERROR(IF(COUNT('Shareholding Pattern'!N26),('Shareholding Pattern'!N26),""),"") -> 4381397 | N13: =+IFERROR(IF(COUNT('Shareholding Pattern'!O26),('Shareholding Pattern'!O26),""),"") | ... Y13: =+IFERROR(IF(COUNT('Shareholding Pattern'!Z26),('Shareholding Pattern'!Z26),""),"") -> 4381397
E14: (B) | F14: Public | G14: =+IFERROR(IF(COUNT('Shareholding Pattern'!H50),('Shareholding Pattern'!H50),""),"") -> 5641 | H14: =+IFERROR(IF(COUNT('Shareholding Pattern'!I50),('Shareholding Pattern'!I50),""),"") -> 5618603 | I14: =+IFERROR(IF(COUNT('Shareholding Pattern'!J50),('Shareholding Pattern'!J50),""),"") | J14: =+IFERROR(IF(COUNT('Shareholding Pattern'!K50),('Shareholding Pattern'!K50),""),"") | K14: =+IFERROR(IF(COUNT('Shareholding Pattern'!L50),('Shareholding Pattern'!L50),""),"") -> 5618603 | L14: =+IFERROR(IF(COUNT('Shareholding Pattern'!M50),('Shareholding Pattern'!M50),""),"") -> 56.19 | M14: =+IFERROR(IF(COUNT('Shareholding Pattern'!N50),('Shareholding Pattern'!N50),""),"") -> 5618603 | N14: =+IFERROR(IF(COUNT('Shareholding Pattern'!O50),('Shareholding Pattern'!O50),""),"") | ... V14: =+IFERROR(IF(COUNT('Shareholding Pattern'!W50),('Shareholding Pattern'!W50),""),"") | Y14: =+IFERROR(IF(COUNT('Shareholding Pattern'!Z50),('Shareholding Pattern'!Z50),""),"") -> 3191433
E15: (C) | F15: Non Promoter- Non Public | G15: =+IFERROR(IF(COUNT('Shareholding Pattern'!H56),('Shareholding Pattern'!H56),""),"") | H15: =+IFERROR(IF(COUNT('Shareholding Pattern'!I56),('Shareholding Pattern'!I56),""),"") | I15: =+IFERROR(IF(COUNT('Shareholding Pattern'!J56),('Shareholding Pattern'!J56),""),"") | J15: =+IFERROR(IF(COUNT('Shareholding Pattern'!K56),('Shareholding Pattern'!K56),""),"") | K15: =+IFERROR(IF(COUNT('Shareholding Pattern'!L56),('Shareholding Pattern'!L56),""),"") | M15: =+IFERROR(IF(COUNT('Shareholding Pattern'!N56),('Shareholding Pattern'!N56),""),"") | N15: =+IFERROR(IF(COUNT('Shareholding Pattern'!O56),('Shareholding Pattern'!O56),""),"") | O15: =+IFERROR(IF(COUNT('Shareholding Pattern'!P56),('Shareholding Pattern'!P56),""),"") | P15: =+IFERROR(IF(COUNT('Shareholding Pattern'!Q56),('Shareholding Pattern'!Q56),""),"") | Q15: =+IFERROR(IF(COUNT('Shareholding Pattern'!R56),('Shareholding Pattern'!R56),""),"") | R15: =+IFERROR(IF(COUNT('Shareholding Pattern'!S56),('Shareholding Pattern'!S56),""),"") | S15: =+IFERROR(IF(COUNT('Shareholding Pattern'!T56),('Shareholding Pattern'!T56),""),"") | U15: =+IFERROR(IF(COUNT('Shareholding Pattern'!V56),('Shareholding Pattern'!V56),""),"") | V15: =+IFERROR(IF(COUNT('Shareholding Pattern'!W56),('Shareholding Pattern'!W56),""),"") | Y15: =+IFERROR(IF(COUNT('Shareholding Pattern'!Z56),('Shareholding Pattern'!Z56),""),"")
E16: (C1) | F16: Shares underlying DRs | G16: =+IFERROR(IF(COUNT('Shareholding Pattern'!H54),('Shareholding Pattern'!H54),""),"") | H16: =+IFERROR(IF(COUNT('Shareholding Pattern'!I54),('Shareholding Pattern'!I54),""),"") | I16: =+IFERROR(IF(COUNT('Shareholding Pattern'!J54),('Shareholding Pattern'!J54),""),"") | J16: =+IFERROR(IF(COUNT('Shareholding Pattern'!K54),('Shareholding Pattern'!K54),""),"") | K16: =+IFERROR(IF(COUNT('Shareholding Pattern'!L54),('Shareholding Pattern'!L54),""),"") | M16: =+IFERROR(IF(COUNT('Shareholding Pattern'!N54),('Shareholding Pattern'!N54),""),"") | N16: =+IFERROR(IF(COUNT('Shareholding Pattern'!O54),('Shareholding Pattern'!O54),""),"") | O16: =+IFERROR(IF(COUNT('Shareholding Pattern'!P54),('Shareholding Pattern'!P54),""),"") | P16: =+IFERROR(IF(COUNT('Shareholding Pattern'!Q54),('Shareholding Pattern'!Q54),""),"") | Q16: =+IFERROR(IF(COUNT('Shareholding Pattern'!R54),('Shareholding Pattern'!R54),""),"") | R16: =+IFERROR(IF(COUNT('Shareholding Pattern'!S54),('Shareholding Pattern'!S54),""),"") | S16: =+IFERROR(IF(COUNT('Shareholding Pattern'!T54),('Shareholding Pattern'!T54),""),"") | U16: =+IFERROR(IF(COUNT('Shareholding Pattern'!V54),('Shareholding Pattern'!V54),""),"") | V16: =+IFERROR(IF(COUNT('Shareholding Pattern'!W54),('Shareholding Pattern'!W54),""),"") | Y16: =+IFERROR(IF(COUNT('Shareholding Pattern'!Z54),('Shareholding Pattern'!Z54),""),"")
E17: (C2) | F17: Shares held by Employee Trusts | G17: =+IFERROR(IF(COUNT('Shareholding Pattern'!H55),('Shareholding Pattern'!H55),""),"") | H17: =+IFERROR(IF(COUNT('Shareholding Pattern'!I55),('Shareholding Pattern'!I55),""),"") | I17: =+IFERROR(IF(COUNT('Shareholding Pattern'!J55),('Shareholding Pattern'!J55),""),"") | J17: =+IFERROR(IF(COUNT('Shareholding Pattern'!K55),('Shareholding Pattern'!K55),""),"") | K17: =+IFERROR(IF(COUNT('Shareholding Pattern'!L55),('Shareholding Pattern'!L55),""),"") | L17: =+IFERROR(IF(COUNT('Shareholding Pattern'!M55),('Shareholding Pattern'!M55),""),"") | M17: =+IFERROR(IF(COUNT('Shareholding Pattern'!N55),('Shareholding Pattern'!N55),""),"") | N17: =+IFERROR(IF(COUNT('Shareholding Pattern'!O55),('Shareholding Pattern'!O55),""),"") | ... V17: =+IFERROR(IF(COUNT('Shareholding Pattern'!W55),('Shareholding Pattern'!W55),""),"") | Y17: =+IFERROR(IF(COUNT('Shareholding Pattern'!Z55),('Shareholding Pattern'!Z55),""),"")
F18: Total | G18: =+IFERROR(IF(COUNT('Shareholding Pattern'!H58),('Shareholding Pattern'!H58),""),"") -> 5643 | H18: =+IFERROR(IF(COUNT('Shareholding Pattern'!I58),('Shareholding Pattern'!I58),""),"") -> 10000000 | I18: =+IFERROR(IF(COUNT('Shareholding Pattern'!J58),('Shareholding Pattern'!J58),""),"") | J18: =+IFERROR(IF(COUNT('Shareholding Pattern'!K58),('Shareholding Pattern'!K58),""),"") | K18: =+IFERROR(IF(COUNT('Shareholding Pattern'!L58),('Shareholding Pattern'!L58),""),"") -> 10000000 | L18: =+IFERROR(IF(COUNT('Shareholding Pattern'!M58),('Shareholding Pattern'!M58),""),"") -> 100 | M18: =+IFERROR(IF(COUNT('Shareholding Pattern'!N58),('Shareholding Pattern'!N58),""),"") -> 10000000 | N18: =+IFERROR(IF(COUNT('Shareholding Pattern'!O58),('Shareholding Pattern'!O58),""),"") | ... Y18: =+IFERROR(IF(COUNT('Shareholding Pattern'!Z58),('Shareholding Pattern'!Z58),""),"") -> 7572830

Sheet Taxonomy
A1: element | B1: label | C1: type | D1: periodType | E1: Validation
A2: General Information
A3: ScripCode | B3: Scrip code | C3: in-bse-shp-types:ScripCode | D3: duration | E3: This is a mandatory field. Should be valid SCRIP CODE as per BSE Scrip Code Format.
A4: Symbol | B4: NSE Symbol | C4: xbrli:stringItemType | D4: duration
A5: MSEISymbol | B5: MSEI Symbol | C5: xbrli:stringItemType | D5: duration
A6: ISIN | B6: ISIN | C6: in-bse-shp-types:ISIN | D6: duration
A7: NameOfTheCompany | B7: Name of the company | C7: xbrli:stringItemType | D7: duration | E7: This is a mandatory field. Please enter company name.
A8: WhetherCompanyIsSME | B8: Whether company is SME | C8: xbrli:booleanItemType | D8: instant | E8: This is a mandatory field. Value must be "Yes" or "No", Select from drop down list.
A9: ClassOfSecurity | B9: Class of Security | C9: in-bse-shp-types:ClassOfSecurity | D9: duration
A10: TypeOfReport | B10: Type of report | C10: in-bse-shp-types:TypeOfReport | D10: duration | E10: This is a mandatory field. Please select value from the drop-down.
A11: DateOfReport | B11: Quarter Ended / Half year ended/Date of Report (For Prelisting / Allotment) | C11: xbrli:dateItemType | D11: instant | E11: This is a mandatory field if you select type of report as "Quarterly". Please enter date in "dd-mm-yyyy" format.
A12: DateOfAllotment | B12: DateOfAllotment | C12: xbrli:dateItemType | D12: instant | E12: This is a mandatory field if you select type of report as "Pre-listing" or "Capital Restructuring". Please enter date in "dd-mm-yyyy" format.
A13: DateOfListing | B13: DateOfListing | C13: xbrli:dateItemType | D13: instant
A14: DateOfAllotmentOrListing | B14: Date of allotment / extinguishment (in case Capital Restructuring selected) / Listing Date | C14: xbrli:dateItemType | D14: instant
A15: ShareholdingPatternFiledUnder | B15: Shareholding pattern filed under | C15: in-bse-shp-types:TypeOfShareholdingPattern | D15: duration
A16: Declaration
A17: WhetherTheListedEntityHasIssuedAnyPartlyPaidUpShares | B17: Partly Paid Up Shares | C17: xbrli:booleanItemType | D17: instant
A18: WhetherTheListedEntityHasIssuedAnyPartlyPaidUpSharesForPromoterAndPromoterGroup | B18: Partly Paid Up Shares PPG | C18: xbrli:booleanItemType | D18: instant
A19: WhetherTheListedEntityHasIssuedAnyPartlyPaidUpSharesForPublicShareHolder | B19: Partly Paid Up Shares Public | C19: xbrli:booleanItemType | D19: instant
A20: WhetherTheListedEntityHasIssuedAnyPartlyPaidUpSharesForNonPromoterNonPublic | B20: Partly Paid Up Shares NPNP | C20: xbrli:booleanItemType | D20: instant
A21: WhetherTheListedEntityHasIssuedAnyConvertibleSecurities | B21: Convertible Securities | C21: xbrli:booleanItemType | D21: instant
A22: WhetherTheListedEntityHasIssuedAnyConvertibleSecuritiesForPromoterAndPromoterGroup | B22: Convertible Securities PPG | C22: xbrli:booleanItemType | D22: instant
A23: WhetherTheListedEntityHasIssuedAnyConvertibleSecuritiesForPublicShareHolder | B23: Convertible Securities Public | C23: xbrli:booleanItemType | D23: instant
A24: WhetherTheListedEntityHasIssuedAnyConvertibleSecuritiesForNonPromoterNonPublic | B24: Convertible Securities NPNP | C24: xbrli:booleanItemType | D24: instant
A25: WhetherTheListedEntityHasIssuedAnyWarrants | B25: Warrants | C25: xbrli:booleanItemType | D25: instant
A26: WhetherTheListedEntityHasIssuedAnyWarrantsForPromoterAndPromoterGroup | B26: Warrants PPG | C26: xbrli:booleanItemType | D26: instant
A27: WhetherTheListedEntityHasIssuedAnyWarrantsForPublicShareHolder | B27: Warrants Public | C27: xbrli:booleanItemType | D27: instant
A28: WhetherTheListedEntityHasIssuedAnyWarrantsForNonPromoterNonPublic | B28: Warrants NPNP | C28: xbrli:booleanItemType | D28: instant
... A44: WhetherCompanyHasEquitySharesWithDifferentialVotingRightsForNonPromoterNonPublic | B44: Voting Rights NPNP | C44: xbrli:booleanItemType | D44: instant
A45: Shareholding Pattern
A46: IndividualsOrHinduUndividedFamilyMember | B46: Individuals or Hindu undivided family [Member] | C46: nonnum:domainItemType | D46: duration
A47: CentralGovernmentOrStateGovernmentSMember | B47: Central government or State government(s) [Member] | C47: nonnum:domainItemType | D47: duration
A48: IndianFinancialInstitutionsOrBanksMember | B48: Indian - financial institutions or banks [Member] | C48: nonnum:domainItemType | D48: duration
A49: OtherIndianShareholdersMember | B49: Other Indian shareholders [Member] | C49: nonnum:domainItemType | D49: duration
A50: IndianMember | B50: Indian [Member] | C50: nonnum:domainItemType | D50: duration
A51: NonResidentIndividualsOrForeignIndividualsMember | B51: Non-resident individuals or foreign individuals [Member] | C51: nonnum:domainItemType | D51: duration
A52: ForeignGovernmentMember | B52: Foreign - Government [Member] | C52: nonnum:domainItemType | D52: duration
A53: ForeignInstitutionsMember | B53: Foreign - institutions [Member] | C53: nonnum:domainItemType | D53: duration
A54: ForeignPortfolioInvestorMember | B54: Foreign portfolio investor [Member] | C54: nonnum:domainItemType | D54: duration
A55: OtherForeignShareholdersMember | B55: Other foreign shareholders [Member] | C55: nonnum:domainItemType | D55: duration
A56: ForeignMember | B56: Foreign [Member] | C56: nonnum:domainItemType | D56: duration
A57: ShareholdingOfPromoterAndPromoterGroupMember | B57: Shareholding of promoter and promoter group [Member] | C57: nonnum:domainItemType | D57: duration
... A87: NumberOfShares | B87: Total number of shares | C87: xbrli:sharesItemType | D87: instant
A88: ShareholdingAsAPercentageOfTotalNumberOfShares | B88: Shareholding as a percentage of total number of shares held by promoters and public shareholders and custodians or DR holders | C88: num:percentItemType | D88: instant | E88: In case of public share holding percentage can not be less than one percentage.
A89: NumberOfVotingRightsHeldBySameClassOfSecurities | B89: Number of voting rights held by same class of securities | C89: xbrli:decimalItemType | D89: instant | E89: Value must be equal to Fully paid up shares
A90: NumberOfVotingRightsHeldByDifferentialVotingRights | B90: Number of voting rights held by differential voting rights | C90: xbrli:decimalItemType | D90: instant
A91: NumberOfVotingRights | B91: Total Number of voting rights | C91: xbrli:decimalItemType | D91: instant
A92: PercentageOfTotalVotingRights | B92: Percentage of total number of voting rights | C92: num:percentItemType | D92: instant | E92: Percentage of total number of voting rights
A93: NumberOfSharesUnderlyingOutstandingConvertibleSecurities | B93: Number of shares underlying outstanding convertible securities | C93: xbrli:sharesItemType | D93: instant
A94: NumberOfWarrants | B94: Number of warrant | C94: xbrli:sharesItemType | D94: instant
A95: NumberOfConvertibleSecuritiesAndWarrants | B95: Number of warrant and convertible securities | C95: xbrli:sharesItemType | D95: instant
A96: ShareholdingAsAPercentageAssumingFullConversionOfConvertibleSecuritiesAndWarrants | B96: Total shareholding as a percentage assuming full conversion of convertible securities | C96: num:percentItemType | D96: instant | E96: Total shareholding as a percentage assuming full conversion of convertible securities
A97: NumberOfTheLockedInShares | B97: Number of the locked-in-shares | C97: xbrli:sharesItemType | D97: instant | E97: Value should be less than or equal to fully paid up shares
A98: LockedInSharesAsAPercentageOfTotalNumberOfShares | B98: Locked-in-shares as a percentage of total number of shares | C98: num:percentItemType | D98: instant | E98: Locked-in-shares as a percentage of total number of shares
A99: PledgedOrEncumberedNumberOfShares | B99: Pledged or encumbered - number of shares | C99: xbrli:sharesItemType | D99: instant | E99: Value should be less than or equal to fully paid up shares
A100: PledgedOrEncumberedSharesHeldAsPercentageOfTotalNumberOfShares | B100: Pledged or encumbered shares held as percentage of total number of shares | C100: num:percentItemType | D100: instant | E100: Pledged or encumbered shares held as percentage of total number of shares
A101: NumberOfEquitySharesHeldInDematerializedForm | B101: Number of equity shares held in dematerialized form | C101: xbrli:sharesItemType | D101: instant | E101: Value should be less than or equal to fully paid up shares
A102: DisclosureOfNotesOnShareholdingPatternExplanatoryTextBlock | B102: Disclosure of notes on shareholding pattern | C102: nonnum:textBlockItemType | D102: instant
A103: DisclosureOfNotesInCaseOfPromoterHolidingInDematerialsedFormIsLessThan100PercentageExplanatoryTextBlock | B103: Disclosure of notes in case of promoter holiding in dematerialsed form is less than 100 percentage | C103: nonnum:textBlockItemType | D103: instant | E103: This field is mandatory if promoter holiding in dematerialsed form is less than 100 percentage.
A104: DisclosureOfNotesInCaseOfPublicShareholdingIsLessThan25PercentageExplanatoryTextBlock | B104: Disclosure of notes in case of public share holding is less than 25 percentage | C104: nonnum:textBlockItemType | D104: instant | E104: This filed is mandatory if public share holding is less than 25 percentage.
A105: DisclosureOfNotesOnShareholdingPatternForCompanyRemarksExplanatoryTextBlock | B105: Disclosure of notes on shareholding pattern for company remarks explanatory | C105: nonnum:textBlockItemType | D105: instant
A106: Promoter and Promoter Group
A107: NameOfTheShareholder | B107: Name of shareholder | C107: xbrli:stringItemType | D107: duration
A108: PermanentAccountNumberOfShareholder | B108: Permanent account number of shareholder | C108: in-bse-shp-types:PermanentAccountNumber | D108: duration | E108: [A-Z][A-Z][A-Z][A-Z][A-Z][0-9][0-9][0-9][0-9][A-Z] In absence of PAN write : ZZZZZ9999Z
A109: NumberOfFullyPaidUpEquityShares | B109: Number of fully paid up equity shares | C109: xbrli:sharesItemType | D109: instant
A110: NumberOfPartlyPaidUpEquityShares | B110: Number of partly paid-up equity shares | C110: xbrli:sharesItemType | D110: instant
A111: NumberOfSharesUnderlyingOutstandingDepositoryReceipts | B111: Number of shares underlying outstanding depository receipts | C111: xbrli:sharesItemType | D111: instant
A112: NumberOfShares | B112: Total number of shares | C112: xbrli:sharesItemType | D112: instant
A113: ShareholdingAsAPercentageOfTotalNumberOfShares | B113: Shareholding as a percentage of total number of shares held by promoters and public shareholders and custodians or DR holders | C113: num:percentItemType | D113: instant | E113: In case of public share holding percentage can not be less than one percentage.
A114: NumberOfVotingRightsHeldBySameClassOfSecurities | B114: Number of voting rights held by same class of securities | C114: xbrli:decimalItemType | D114: instant | E114: Value must be equal to Fully paid up shares
A115: NumberOfVotingRightsHeldByDifferentialVotingRights | B115: Number of voting rights held by differential voting rights | C115: xbrli:decimalItemType | D115: instant
A116: NumberOfVotingRights | B116: Total Number of voting rights | C116: xbrli:decimalItemType | D116: instant
A117: PercentageOfTotalVotingRights | B117: Percentage of total number of voting rights | C117: num:percentItemType | D117: instant | E117: Percentage of total number of voting rights
A118: NumberOfSharesUnderlyingOutstandingConvertibleSecurities | B118: Number of shares underlying outstanding convertible securities | C118: xbrli:sharesItemType | D118: instant
A119: NumberOfWarrants | B119: Number of warrant | C119: xbrli:sharesItemType | D119: instant
A120: NumberOfConvertibleSecuritiesAndWarrants | B120: Number of warrant and convertible securities | C120: xbrli:sharesItemType | D120: instant
A121: ShareholdingAsAPercentageAssumingFullConversionOfConvertibleSecuritiesAndWarrants | B121: Total shareholding as a percentage assuming full conversion of convertible securities | C121: num:percentItemType | D121: instant | E121: Total shareholding as a percentage assuming full conversion of convertible securities
A122: NumberOfTheLockedInShares | B122: Number of the locked-in-shares | C122: xbrli:sharesItemType | D122: instant | E122: Value should be less than or equal to fully paid up shares
A123: LockedInSharesAsAPercentageOfTotalNumberOfShares | B123: Locked-in-shares as a percentage of total number of shares | C123: num:percentItemType | D123: instant | E123: Locked-in-shares as a percentage of total number of shares
A124: PledgedOrEncumberedNumberOfShares | B124: Pledged or encumbered - number of shares | C124: xbrli:sharesItemType | D124: instant | E124: Value should be less than or equal to fully paid up shares
A125: PledgedOrEncumberedSharesHeldAsPercentageOfTotalNumberOfShares | B125: Pledged or encumbered shares held as percentage of total number of shares | C125: num:percentItemType | D125: instant | E125: Pledged or encumbered shares held as percentage of total number of shares
A126: NumberOfEquitySharesHeldInDematerializedForm | B126: Number of equity shares held in dematerialized form | C126: xbrli:sharesItemType | D126: instant | E126: Value should be less than or equal to total no of shares.
A127: DisclosureOfNotesOnReasonForNotProvidingPANExplanatoryTextBlock | B127: Reason for not providing PAN | C127: nonnum:textBlockItemType | D127: instant | E127: Please enter valid PAN no or if you already added PAN no then remove reason for not providing PAN. Note: kindly mention predefined reasons (Viz. Sikkim resident, Foreign resident, President of India / Governor/ government holding, Shareholder is Minor and PAN not applied for, Shareholder Deceased and PAN not available, Shareholder not traceable)
A128: TypeOfPromoterShareholding | B128: Shareholder type | C128: in-bse-shp-types:PromoterAndPromoterGroup | D128: duration | E128: Select value from the drop-down.
A129: CategoryOfOtherIndianShareholders | B129: Category of other indian shareholders | C129: in-bse-shp-types:CategoryOfIndianShareholders | D129: duration
A130: CategoryOfOtherForeignShareholders | B130: Category of other foreign shareholders | C130: in-bse-shp-types:CategoryOfForeignShareholders | D130: duration
A131: WhetherACategoryOrMoreThan1PercentageOfShareHolding | B131: Category or more than one percentage | C131: in-bse-shp-types:TypeOfOtherShareholding | D131: duration
A132: NumberOfShareholders | B132: Number of shareholders | C132: xbrli:decimalItemType | D132: instant
A133: Public shareholder
A134: NameOfTheShareholder | B134: Name of shareholder | C134: xbrli:stringItemType | D134: duration
A135: PermanentAccountNumberOfShareholder | B135: Permanent account number of shareholder | C135: in-bse-shp-types:PermanentAccountNumber | D135: duration | E135: [A-Z][A-Z][A-Z][A-Z][A-Z][0-9][0-9][0-9][0-9][A-Z] In absence of PAN write : ZZZZZ9999Z
A136: NumberOfFullyPaidUpEquityShares | B136: Number of fully paid up equity shares | C136: xbrli:sharesItemType | D136: instant
A137: NumberOfPartlyPaidUpEquityShares | B137: Number of partly paid-up equity shares | C137: xbrli:sharesItemType | D137: instant
A138: NumberOfSharesUnderlyingOutstandingDepositoryReceipts | B138: Number of shares underlying outstanding depository receipts | C138: xbrli:sharesItemType | D138: instant
A139: NumberOfShares | B139: Total number of shares | C139: xbrli:sharesItemType | D139: instant
A140: ShareholdingAsAPercentageOfTotalNumberOfShares | B140: Shareholding as a percentage of total number of shares held by promoters and public shareholders and custodians or DR holders | C140: num:percentItemType | D140: instant | E140: In case of public share holding percentage can not be less than one percentage.
A141: NumberOfVotingRightsHeldBySameClassOfSecurities | B141: Number of voting rights held by same class of securities | C141: xbrli:decimalItemType | D141: instant | E141: Value must be equal to Fully paid up shares
A142: NumberOfVotingRightsHeldByDifferentialVotingRights | B142: Number of voting rights held by differential voting rights | C142: xbrli:decimalItemType | D142: instant
A143: NumberOfVotingRights | B143: Total Number of voting rights | C143: xbrli:decimalItemType | D143: instant
A144: PercentageOfTotalVotingRights | B144: Percentage of total number of voting rights | C144: num:percentItemType | D144: instant | E144: Percentage of total number of voting rights
...

Sheet Shareholding Pattern
H2: Number of shareholders | I2: Number of fully paid up equity shares | J2: Number of partly paid-up equity shares | K2: Number of shares underlying outstanding depository receipts | L2: Total number of shares | M2: Shareholding as a percentage of total number of shares held by promoters and public shareholders and custodians or DR holders | N2: Number of voting rights held by same class of securities | O2: Number of voting rights held by differential voting rights | P2: Total Number of voting rights | Q2: Percentage of total number of voting rights | R2: Number of shares underlying outstanding convertible securities | S2: Number of warrant | T2: Number of warrant and convertible securities | U2: Total shareholding as a percentage assuming full conversion of convertible securities | V2: Number of the locked-in-shares | W2: Locked-in-shares as a percentage of total number of shares | X2: Pledged or encumbered - number of shares | Y2: Pledged or encumbered shares held as percentage of total number of shares | Z2: Number of equity shares held in dematerialized form
E9: Sr. | F9: Category & Name of the Shareholders (I) | H9: Nos. Of shareholders (III) | I9: No. of fully paid up equity shares held (IV) | J9: No. Of Partly paid-up equity shares held (V) | K9: No. Of shares underlying Depository Receipts (VI) | L9: Total nos. shares held (VII) = (IV)+(V)+ (VI) | M9: Shareholding as a % of total no. of shares (calculated as per SCRR, 1957) (VIII) As a % of (A+B+C2) | N9: Number of Voting Rights held in each class of securities (IX) | R9: No. Of Shares Underlying Outstanding convertible securities (X) | S9: No. of Shares Underlying Outstanding Warrants (Xi) | T9: No. Of Shares Underlying Outstanding convertible securities and No. Of Warrants (Xi) (a) | U9: Shareholding , as a % assuming full conversion of convertible securities ( as a percentage of diluted share capital) (XI)= (VII)+(X) As a % of (A+B+C2) | V9: Number of Locked in shares (XII) | X9: Number of Shares pledged or otherwise encumbered (XIII) | Z9: Number of equity shares held in dematerialized form (XIV)
N10: No of Voting (XIV) Rights | Q10: Total as a % of Total Voting rights
N11: Class eg: X | O11: Class eg:y | P11: Total | V11: No. (a) | W11: As a % of total Shares held (b) | X11: No. (a) | Y11: As a % of total Shares held (b)
E12: A | F12: Table II - Statement showing shareholding pattern of the Promoter and Promoter Group
E13: (1) | F13: Indian
E14: (a) | F14: Individuals/Hindu undivided Family | H14: 1 | I14: 1930953 | J14: =+IF(COUNT(IndHUF!I17),IndHUF!I17,"") | K14: =+IF(COUNT(IndHUF!J17),IndHUF!J17,"") | L14: 1930953 | M14: =+IFERROR(IF(COUNT(L14),ROUND(L14/'Shareholding Pattern'!$L$57*100,2),""),0) -> 19.31 | N14: 1930953 | O14: =+IF(COUNT(+IndHUF!N17),SUM(+IndHUF!N17),"") | P14: 1930953 | Q14: 19.31 | R14: =+IF(COUNT(IndHUF!Q17),IndHUF!Q17,"") | S14: =+IF(COUNT(IndHUF!R17),IndHUF!R17,"") | T14: =+IF(COUNT(IndHUF!S17),IndHUF!S17,"") | U14: =+IFERROR(IF(COUNT(L14,T14),ROUND(SUM(L14,T14)/SUM('Shareholding Pattern'!$L$57,'Shareholding Pattern'!$T$57)*100,2),""),0) -> 19.31 | V14: =+IF(COUNT(IndHUF!U17),IndHUF!U17,"") | W14: =+IFERROR(IF(COUNT(V14),ROUND(SUM(V14)/SUM(L14)*100,2),""),0) | X14: =+IF(COUNT(IndHUF!W17),IndHUF!W17,"") | Y14: =+IFERROR(IF(COUNT(X14),ROUND(SUM(X14)/SUM(L14)*100,2),""),0) | Z14: 1930953 | AR14: Individuals or Hindu undivided family [Member] | AX14: IndHUF | AZ14: IndividualsOrHUFDomain | BF14: DetailsSharesHeldByIndividualsOrHUFAxis
E15: (b) | F15: Central Government/ State Government(s) | H15: =IFERROR(IF(COUNT(CGAndSG!$AD$13),IF(CGAndSG!$AD$13=0,"0",CGAndSG!$AD$13),""),"") | I15: =IFERROR(IF(COUNT(CGAndSG!H16),(CGAndSG!H16),""),"") | J15: =IFERROR(IF(COUNT(CGAndSG!I16),(CGAndSG!I16),""),"") | K15: =IFERROR(IF(COUNT(CGAndSG!J16),(CGAndSG!J16),""),"") | L15: =IFERROR(IF(COUNT(CGAndSG!K16),(CGAndSG!K16),""),"") | M15: =+IFERROR(IF(COUNT(L15),ROUND(L15/'Shareholding Pattern'!$L$57*100,2),""),0) | N15: =IFERROR(IF(COUNT(CGAndSG!M16),(CGAndSG!M16),""),"") | O15: =IFERROR(IF(COUNT(CGAndSG!N16),(CGAndSG!N16),""),"") | P15: =IFERROR(IF(COUNT(CGAndSG!O16),(CGAndSG!O16),""),"") | Q15: =IFERROR(IF(COUNT(CGAndSG!P16),(CGAndSG!P16),""),0) | R15: =IFERROR(IF(COUNT(CGAndSG!Q16),(CGAndSG!Q16),""),"") | S15: =IFERROR(IF(COUNT(CGAndSG!R16),(CGAndSG!R16),""),"") | T15: =IFERROR(IF(COUNT(CGAndSG!S16),(CGAndSG!S16),""),"") | U15: =+IFERROR(IF(COUNT(L15,T15),ROUND(SUM(L15,T15)/SUM('Shareholding Pattern'!$L$57,'Shareholding Pattern'!$T$57)*100,2),""),0) | V15: =IFERROR(IF(COUNT(CGAndSG!U16),(CGAndSG!U16),""),"") | W15: =+IFERROR(IF(COUNT(V15),ROUND(SUM(V15)/SUM(L15)*100,2),""),0) | X15: =IFERROR(IF(COUNT(CGAndSG!W16),(CGAndSG!W16),""),"") | Y15: =+IFERROR(IF(COUNT(X15),ROUND(SUM(X15)/SUM(L15)*100,2),""),0) | Z15: =IFERROR(IF(COUNT(CGAndSG!Y16),(CGAndSG!Y16),""),"") | AR15: Central government or State government(s) [Member] | AX15: CGAndSG | AZ15: CentralGovernmentOrStateGovernmentsDomain | BF15: DetailsOfSharesHeldByCentralGovernmentOrStateGovernmentsAxis
E16: (c) | F16: Financial Institutions/ Banks | H16: =IFERROR(IF(COUNT(Banks!$AD$13),IF(Banks!$AD$13=0,"0",Banks!$AD$13),""),"") | I16: =IFERROR(IF(COUNT(Banks!H16),(Banks!H16),""),"") | J16: =IFERROR(IF(COUNT(Banks!I16),(Banks!I16),""),"") | K16: =IFERROR(IF(COUNT(Banks!J16),(Banks!J16),""),"") | L16: =IFERROR(IF(COUNT(Banks!K16),(Banks!K16),""),"") | M16: =+IFERROR(IF(COUNT(L16),ROUND(L16/'Shareholding Pattern'!$L$57*100,2),""),0) | N16: =IFERROR(IF(COUNT(Banks!M16),(Banks!M16),""),"") | O16: =IFERROR(IF(COUNT(Banks!N16),(Banks!N16),""),"") | P16: =IFERROR(IF(COUNT(Banks!O16),(Banks!O16),""),"") | Q16: =IFERROR(IF(COUNT(Banks!P16),(Banks!P16),""),0) | R16: =IFERROR(IF(COUNT(Banks!Q16),(Banks!Q16),""),"") | S16: =IFERROR(IF(COUNT(Banks!R16),(Banks!R16),""),"") | T16: =IFERROR(IF(COUNT(Banks!S16),(Banks!S16),""),"") | U16: =+IFERROR(IF(COUNT(L16,T16),ROUND(SUM(L16,T16)/SUM('Shareholding Pattern'!$L$57,'Shareholding Pattern'!$T$57)*100,2),""),0) | V16: =IFERROR(IF(COUNT(Banks!U16),(Banks!U16),""),"") | W16: =+IFERROR(IF(COUNT(V16),ROUND(SUM(V16)/SUM(L16)*100,2),""),0) | X16: =IFERROR(IF(COUNT(Banks!W16),(Banks!W16),""),"") | Y16: =+IFERROR(IF(COUNT(X16),ROUND(SUM(X16)/SUM(L16)*100,2),""),0) | Z16: =IFERROR(IF(COUNT(Banks!Y16),(Banks!Y16),""),"") | AR16: Indian - financial institutions or banks [Member] | AX16: Banks | AZ16: IndianFinancialInstitutionsOrBanksDomain | BF16: DetailsOfSharesHeldByIndianFinancialInstitutionsOrBanksAxis
E17: (d) | F17: Any Other (specify) | H17: 1 | I17: 2450444 | J17: =IFERROR(IF(COUNT(OtherIND!K17),(OtherIND!K17),""),"") | K17: =IFERROR(IF(COUNT(OtherIND!L17),(OtherIND!L17),""),"") | L17: 2450444 | M17: =+IFERROR(IF(COUNT(L17),ROUND(L17/'Shareholding Pattern'!$L$57*100,2),""),0) -> 24.5 | N17: 2450444 | O17: =IFERROR(IF(COUNT(OtherIND!P17),(OtherIND!P17),""),"") | P17: 2450444 | Q17: 24.5 | R17: =IFERROR(IF(COUNT(OtherIND!S17),(OtherIND!S17),""),"") | S17: =IFERROR(IF(COUNT(OtherIND!T17),(OtherIND!T17),""),"") | T17: =IFERROR(IF(COUNT(OtherIND!U17),(OtherIND!U17),""),"") | U17: =+IFERROR(IF(COUNT(L17,T17),ROUND(SUM(L17,T17)/SUM('Shareholding Pattern'!$L$57,'Shareholding Pattern'!$T$57)*100,2),""),0) -> 24.5 | V17: =IFERROR(IF(COUNT(OtherIND!W17),(OtherIND!W17),""),"") | W17: =+IFERROR(IF(COUNT(V17),ROUND(SUM(V17)/SUM(L17)*100,2),""),0) | X17: =IFERROR(IF(COUNT(OtherIND!Y17),(OtherIND!Y17),""),"") | Y17: =+IFERROR(IF(COUNT(X17),ROUND(SUM(X17)/SUM(L17)*100,2),""),0) | Z17: 2450444 | AR17: Other Indian shareholders [Member] | AX17: OtherIND | AZ17: OthersIndianShareholdersDomain | BF17: DetailsOfSharesHeldByOthersIndianShareholdersAxis
E18: Sub-Total (A)(1) | H18: =+IFERROR(IF(COUNT(H14:H17),ROUND(SUM(H14:H17),0),""),"") -> 2 | I18: =+IFERROR(IF(COUNT(I14:I17),ROUND(SUM(I14:I17),0),""),"") -> 4381397 | J18: =+IFERROR(IF(COUNT(J14:J17),ROUND(SUM(J14:J17),0),""),"") | K18: =+IFERROR(IF(COUNT(K14:K17),ROUND(SUM(K14:K17),0),""),"") | L18: =+IFERROR(IF(COUNT(L14:L17),ROUND(SUM(L14:L17),0),""),"") -> 4381397 | M18: =+IFERROR(IF(COUNT(L18),ROUND(L18/'Shareholding Pattern'!$L$57*100,2),""),0) -> 43.81 | N18: =+IFERROR(IF(COUNT(N14:N17),ROUND(SUM(N14:N17),0),""),"") -> 4381397 | O18: =+IFERROR(IF(COUNT(O14:O17),ROUND(SUM(O14:O17),0),""),"") | P18: =+IFERROR(IF(COUNT(P14:P17),ROUND(SUM(P14:P17),0),""),"") -> 4381397 | Q18: =IFERROR(IF(COUNT(P18),ROUND(P18/$P$58*100,2),""),0) -> 43.81 | R18: =+IFERROR(IF(COUNT(R14:R17),ROUND(SUM(R14:R17),0),""),"") | S18: =+IFERROR(IF(COUNT(S14:S17),ROUND(SUM(S14:S17),0),""),"") | T18: =+IFERROR(IF(COUNT(T14:T17),ROUND(SUM(T14:T17),0),""),"") | U18: =+IFERROR(IF(COUNT(L18,T18),ROUND(SUM(L18,T18)/SUM('Shareholding Pattern'!$L$57,'Shareholding Pattern'!$T$57)*100,2),""),0) -> 43.81 | V18: =+IFERROR(IF(COUNT(V14:V17),ROUND(SUM(V14:V17),0),""),"") | W18: =+IFERROR(IF(COUNT(V18),ROUND(SUM(V18)/SUM(L18)*100,2),""),0) | X18: =+IFERROR(IF(COUNT(X14:X17),ROUND(SUM(X14:X17),0),""),"") | Y18: =+IFERROR(IF(COUNT(X18),ROUND(SUM(X18)/SUM(L18)*100,2),""),0) | Z18: =+IFERROR(IF(COUNT(Z14:Z17),ROUND(SUM(Z14:Z17),0),""),"") -> 4381397 | AR18: Indian [Member] | AX18: Individuals | AZ18: NonResidentIndividualsOrForeignIndividualsDomain | BF18: DetailsOfSharesHeldByNonResidentIndividualsOrForeignIndividualsAxis
E19: (2) | F19: Foreign | AX19: Government | AZ19: ForeignGovernmentDomain | BF19: DetailsOfSharesHeldByForeignGovernmentAxis
E20: (a) | F20: Individuals (NonResident Individuals/ Foreign Individuals) | H20: =IFERROR(IF(COUNT(Individuals!$AD$13),IF(Individuals!$AD$13=0,"0",Individuals!$AD$13),""),"") | I20: =IFERROR(IF(COUNT(Individuals!H16),(Individuals!H16),""),"") | J20: =IFERROR(IF(COUNT(Individuals!I16),(Individuals!I16),""),"") | K20: =IFERROR(IF(COUNT(Individuals!J16),(Individuals!J16),""),"") | L20: =IFERROR(IF(COUNT(Individuals!K16),(Individuals!K16),""),"") | M20: =+IFERROR(IF(COUNT(L20),ROUND(L20/'Shareholding Pattern'!$L$57*100,2),""),0) | N20: =IFERROR(IF(COUNT(Individuals!M16),(Individuals!M16),""),"") | O20: =IFERROR(IF(COUNT(Individuals!N16),(Individuals!N16),""),"") | P20: =IFERROR(IF(COUNT(Individuals!O16),(Individuals!O16),""),"") | Q20: =IFERROR(IF(COUNT(Individuals!P16),(Individuals!P16),""),0) | R20: =IFERROR(IF(COUNT(Individuals!Q16),(Individuals!Q16),""),"") | S20: =IFERROR(IF(COUNT(Individuals!R16),(Individuals!R16),""),"") | T20: =IFERROR(IF(COUNT(Individuals!S16),(Individuals!S16),""),"") | U20: =+IFERROR(IF(COUNT(L20,T20),ROUND(SUM(L20,T20)/SUM('Shareholding Pattern'!$L$57,'Shareholding Pattern'!$T$57)*100,2),""),0) | V20: =IFERROR(IF(COUNT(Individuals!U16),(Individuals!U16),""),"") | W20: =+IFERROR(IF(COUNT(V20),ROUND(SUM(V20)/SUM(L20)*100,2),""),0) | X20: =IFERROR(IF(COUNT(Individuals!W16),(Individuals!W16),""),"") | Y20: =+IFERROR(IF(COUNT(X20),ROUND(SUM(X20)/SUM(L20)*100,2),""),0) | Z20: =IFERROR(IF(COUNT(Individuals!Y16),(Individuals!Y16),""),"") | AR20: Non-resident individuals or foreign individuals [Member] | AX20: Institutions | AZ20: ForeignInstitutionsDomain | BF20: DetailsOfSharesHeldByForeignInstitutionsAxis
E21: (b) | F21: Government | H21: =IFERROR(IF(COUNT(Government!$AD$13),IF(Government!$AD$13=0,"0",Government!$AD$13),""),"") | I21: =IFERROR(IF(COUNT(Government!H16),(Government!H16),""),"") | J21: =IFERROR(IF(COUNT(Government!I16),(Government!I16),""),"") | K21: =IFERROR(IF(COUNT(Government!J16),(Government!J16),""),"") | L21: =IFERROR(IF(COUNT(Government!K16),(Government!K16),""),"") | M21: =+IFERROR(IF(COUNT(L21),ROUND(L21/'Shareholding Pattern'!$L$57*100,2),""),0) | N21: =IFERROR(IF(COUNT(Government!M16),(Government!M16),""),"") | O21: =IFERROR(IF(COUNT(Government!N16),(Government!N16),""),"") | P21: =IFERROR(IF(COUNT(Government!O16),(Government!O16),""),"") | Q21: =IFERROR(IF(COUNT(Government!P16),(Government!P16),""),0) | R21: =IFERROR(IF(COUNT(Government!Q16),(Government!Q16),""),"") | S21: =IFERROR(IF(COUNT(Government!R16),(Government!R16),""),"") | T21: =IFERROR(IF(COUNT(Government!S16),(Government!S16),""),"") | U21: =+IFERROR(IF(COUNT(L21,T21),ROUND(SUM(L21,T21)/SUM('Shareholding Pattern'!$L$57,'Shareholding Pattern'!$T$57)*100,2),""),0) | V21: =IFERROR(IF(COUNT(Government!U16),(Government!U16),""),"") | W21: =+IFERROR(IF(COUNT(V21),ROUND(SUM(V21)/SUM(L21)*100,2),""),0) | X21: =IFERROR(IF(COUNT(Government!W16),(Government!W16),""),"") | Y21: =+IFERROR(IF(COUNT(X21),ROUND(SUM(X21)/SUM(L21)*100,2),""),0) | Z21: =IFERROR(IF(COUNT(Government!Y16),(Government!Y16),""),"") | AR21: Foreign - Government [Member] | AX21: FPIPromoter | AZ21: ForeignPortfolioInvestorDomain | BF21: DetailsOfSharesHeldByForeignPortfolioInvestorAxis
E22: (c) | F22: Institutions | H22: =IFERROR(IF(COUNT(Institutions!$AD$13),IF(Institutions!$AD$13=0,"0",Institutions!$AD$13),""),"") | I22: =IFERROR(IF(COUNT(Institutions!H16),(Institutions!H16),""),"") | J22: =IFERROR(IF(COUNT(Institutions!I16),(Institutions!I16),""),"") | K22: =IFERROR(IF(COUNT(Institutions!J16),(Institutions!J16),""),"") | L22: =IFERROR(IF(COUNT(Institutions!K16),(Institutions!K16),""),"") | M22: =+IFERROR(IF(COUNT(L22),ROUND(L22/'Shareholding Pattern'!$L$57*100,2),""),0) | N22: =IFERROR(IF(COUNT(Institutions!M16),(Institutions!M16),""),"") | O22: =IFERROR(IF(COUNT(Institutions!N16),(Institutions!N16),""),"") | P22: =IFERROR(IF(COUNT(Institutions!O16),(Institutions!O16),""),"") | Q22: =IFERROR(IF(COUNT(Institutions!P16),(Institutions!P16),""),0) | R22: =IFERROR(IF(COUNT(Institutions!Q16),(Institutions!Q16),""),"") | S22: =IFERROR(IF(COUNT(Institutions!R16),(Institutions!R16),""),"") | T22: =IFERROR(IF(COUNT(Institutions!S16),(Institutions!S16),""),"") | U22: =+IFERROR(IF(COUNT(L22,T22),ROUND(SUM(L22,T22)/SUM('Shareholding Pattern'!$L$57,'Shareholding Pattern'!$T$57)*100,2),""),0) | V22: =IFERROR(IF(COUNT(Institutions!U16),(Institutions!U16),""),"") | W22: =+IFERROR(IF(COUNT(V22),ROUND(SUM(V22)/SUM(L22)*100,2),""),0) | X22: =IFERROR(IF(COUNT(Institutions!W16),(Institutions!W16),""),"") | Y22: =+IFERROR(IF(COUNT(X22),ROUND(SUM(X22)/SUM(L22)*100,2),""),0) | Z22: =IFERROR(IF(COUNT(Institutions!Y16),(Institutions!Y16),""),"") | AR22: Foreign - institutions [Member] | AX22: OtherForeign | AZ22: OtherForeignShareholdersDomain | BF22: DetailsOfSharesHeldByOtherForeignShareholdersAxis
E23: (d) | F23: Foreign Portfolio Investor | H23: =IFERROR(IF(COUNT(FPIPromoter!$AD$13),IF(FPIPromoter!$AD$13=0,"0",FPIPromoter!$AD$13),""),"") | I23: =IFERROR(IF(COUNT(FPIPromoter!H16),(FPIPromoter!H16),""),"") | J23: =IFERROR(IF(COUNT(FPIPromoter!I16),(FPIPromoter!I16),""),"") | K23: =IFERROR(IF(COUNT(FPIPromoter!J16),(FPIPromoter!J16),""),"") | L23: =IFERROR(IF(COUNT(FPIPromoter!K16),(FPIPromoter!K16),""),"") | M23: =+IFERROR(IF(COUNT(L23),ROUND(L23/'Shareholding Pattern'!$L$57*100,2),""),0) | N23: =IFERROR(IF(COUNT(FPIPromoter!M16),(FPIPromoter!M16),""),"") | O23: =IFERROR(IF(COUNT(FPIPromoter!N16),(FPIPromoter!N16),""),"") | P23: =IFERROR(IF(COUNT(FPIPromoter!O16),(FPIPromoter!O16),""),"") | Q23: =IFERROR(IF(COUNT(FPIPromoter!P16),(FPIPromoter!P16),""),0) | R23: =IFERROR(IF(COUNT(FPIPromoter!Q16),(FPIPromoter!Q16),""),"") | S23: =IFERROR(IF(COUNT(FPIPromoter!R16),(FPIPromoter!R16),""),"") | T23: =IFERROR(IF(COUNT(FPIPromoter!S16),(FPIPromoter!S16),""),"") | U23: =+IFERROR(IF(COUNT(L23,T23),ROUND(SUM(L23,T23)/SUM('Shareholding Pattern'!$L$57,'Shareholding Pattern'!$T$57)*100,2),""),0) | V23: =IFERROR(IF(COUNT(FPIPromoter!U16),(FPIPromoter!U16),""),"") | W23: =+IFERROR(IF(COUNT(V23),ROUND(SUM(V23)/SUM(L23)*100,2),""),0) | X23: =IFERROR(IF(COUNT(FPIPromoter!W16),(FPIPromoter!W16),""),"") | Y23: =+IFERROR(IF(COUNT(X23),ROUND(SUM(X23)/SUM(L23)*100,2),""),0) | Z23: =IFERROR(IF(COUNT(FPIPromoter!Y16),(FPIPromoter!Y16),""),"") | AR23: Foreign portfolio investor [Member] | AX23: MutuaFund | AZ23: MutualFundsOrUtiDomain | BF23: DetailsOfSharesHeldByMutualFundsOrUtiAxis
E24: (e) | F24: Any Other (specify) | H24: =IFERROR(IF(COUNT(OtherForeign!$AG$13),IF(OtherForeign!$AG$13=0,"0",OtherForeign!$AG$13),""),"") | I24: =IFERROR(IF(COUNT(OtherForeign!J16),(OtherForeign!J16),""),"") | J24: =IFERROR(IF(COUNT(OtherForeign!K16),(OtherForeign!K16),""),"") | K24: =IFERROR(IF(COUNT(OtherForeign!L16),(OtherForeign!L16),""),"") | L24: =IFERROR(IF(COUNT(OtherForeign!M16),(OtherForeign!M16),""),"") | M24: =+IFERROR(IF(COUNT(L24),ROUND(L24/'Shareholding Pattern'!$L$57*100,2),""),0) | N24: =IFERROR(IF(COUNT(OtherForeign!O16),(OtherForeign!O16),""),"") | O24: =IFERROR(IF(COUNT(OtherForeign!P16),(OtherForeign!P16),""),"") | P24: =IFERROR(IF(COUNT(OtherForeign!Q16),(OtherForeign!Q16),""),"") | Q24: =IFERROR(IF(COUNT(OtherForeign!R16),(OtherForeign!R16),""),0) | R24: =IFERROR(IF(COUNT(OtherForeign!S16),(OtherForeign!S16),""),"") | S24: =IFERROR(IF(COUNT(OtherForeign!T16),(OtherForeign!T16),""),"") | T24: =IFERROR(IF(COUNT(OtherForeign!U16),(OtherForeign!U16),""),"") | U24: =+IFERROR(IF(COUNT(L24,T24),ROUND(SUM(L24,T24)/SUM('Shareholding Pattern'!$L$57,'Shareholding Pattern'!$T$57)*100,2),""),0) | V24: =IFERROR(IF(COUNT(OtherForeign!W16),(OtherForeign!W16),""),"") | W24: =+IFERROR(IF(COUNT(V24),ROUND(SUM(V24)/SUM(L24)*100,2),""),0) | X24: =IFERROR(IF(COUNT(OtherForeign!Y16),(OtherForeign!Y16),""),"") | Y24: =+IFERROR(IF(COUNT(X24),ROUND(SUM(X24)/SUM(L24)*100,2),""),0) | Z24: =IFERROR(IF(COUNT(OtherForeign!AA16),(OtherForeign!AA16),""),"") | AR24: Other foreign shareholders [Member] | AX24: VentureCap | AZ24: VentureCapitalFundsDomain | BF24: DetailsOfSharesHeldByVentureCapitalFundsAxis
E25: Sub-Total (A)(2) | H25: =+IFERROR(IF(COUNT(H20:H24),ROUND(SUM(H20:H24),0),""),"") | I25: =+IFERROR(IF(COUNT(I20:I24),ROUND(SUM(I20:I24),0),""),"") | J25: =+IFERROR(IF(COUNT(J20:J24),ROUND(SUM(J20:J24),0),""),"") | K25: =+IFERROR(IF(COUNT(K20:K24),ROUND(SUM(K20:K24),0),""),"") | L25: =+IFERROR(IF(COUNT(L20:L24),ROUND(SUM(L20:L24),0),""),"") | M25: =+IFERROR(IF(COUNT(L25),ROUND(L25/'Shareholding Pattern'!$L$57*100,2),""),0) | N25: =+IFERROR(IF(COUNT(N20:N24),ROUND(SUM(N20:N24),0),""),"") | O25: =+IFERROR(IF(COUNT(O20:O24),ROUND(SUM(O20:O24),0),""),"") | P25: =+IFERROR(IF(COUNT(P20:P24),ROUND(SUM(P20:P24),0),""),"") | Q25: =IFERROR(IF(COUNT(P25),ROUND(P25/$P$58*100,2),""),0) | R25: =+IFERROR(IF(COUNT(R20:R24),ROUND(SUM(R20:R24),0),""),"") | S25: =+IFERROR(IF(COUNT(S20:S24),ROUND(SUM(S20:S24),0),""),"") | T25: =+IFERROR(IF(COUNT(T20:T24),ROUND(SUM(T20:T24),0),""),"") | U25: =+IFERROR(IF(COUNT(L25,T25),ROUND(SUM(L25,T25)/SUM('Shareholding Pattern'!$L$57,'Shareholding Pattern'!$T$57)*100,2),""),0) | V25: =+IFERROR(IF(COUNT(V20:V24),ROUND(SUM(V20:V24),0),""),"") | W25: =+IFERROR(IF(COUNT(V25),ROUND(SUM(V25)/SUM(L25)*100,2),""),0) | X25: =+IFERROR(IF(COUNT(X20:X24),ROUND(SUM(X20:X24),0),""),"") | Y25: =+IFERROR(IF(COUNT(X25),ROUND(SUM(X25)/SUM(L25)*100,2),""),0) | Z25: =+IFERROR(IF(COUNT(Z20:Z24),ROUND(SUM(Z20:Z24),0),""),"") | AR25: Foreign [Member] | AX25: AIF | AZ25: AlternativeInvestmentFundsDomain | BF25: DetailsOfSharesHeldByAlternativeInvestmentFundsAxis
E26: Total Shareholding of Promoter and Promoter Group (A)=(A)(1)+(A)(2) | H26: =+IFERROR(IF(COUNT(H18,H25),ROUND(SUM(H18,H25),0),""),"") -> 2 | I26: =+IFERROR(IF(COUNT(I18,I25),ROUND(SUM(I18,I25),0),""),"") -> 4381397 | J26: =+IFERROR(IF(COUNT(J18,J25),ROUND(SUM(J18,J25),0),""),"") | K26: =+IFERROR(IF(COUNT(K18,K25),ROUND(SUM(K18,K25),0),""),"") | L26: =+IFERROR(IF(COUNT(L18,L25),ROUND(SUM(L18,L25),0),""),"") -> 4381397 | M26: =+IFERROR(IF(COUNT(L26),ROUND(L26/'Shareholding Pattern'!$L$57*100,2),""),0) -> 43.81 | N26: =+IFERROR(IF(COUNT(N18,N25),ROUND(SUM(N18,N25),0),""),"") -> 4381397 | O26: =+IFERROR(IF(COUNT(O18,O25),ROUND(SUM(O18,O25),0),""),"") | P26: =+IFERROR(IF(COUNT(P18,P25),ROUND(SUM(P18,P25),0),""),"") -> 4381397 | Q26: =IFERROR(IF(COUNT(P26),ROUND(P26/$P$58*100,2),""),0) -> 43.81 | R26: =+IFERROR(IF(COUNT(R18,R25),ROUND(SUM(R18,R25),0),""),"") | S26: =+IFERROR(IF(COUNT(S18,S25),ROUND(SUM(S18,S25),0),""),"") | T26: =+IFERROR(IF(COUNT(T18,T25),ROUND(SUM(T18,T25),0),""),"") | U26: =+IFERROR(IF(COUNT(L26,T26),ROUND(SUM(L26,T26)/SUM('Shareholding Pattern'!$L$57,'Shareholding Pattern'!$T$57)*100,2),""),0) -> 43.81 | V26: =+IFERROR(IF(COUNT(V18,V25),ROUND(SUM(V18,V25),0),""),"") | W26: =+IFERROR(IF(COUNT(V26),ROUND(SUM(V26)/SUM(L26)*100,2),""),0) | X26: =+IFERROR(IF(COUNT(X18,X25),ROUND(SUM(X18,X25),0),""),"") | Y26: =+IFERROR(IF(COUNT(X26),ROUND(SUM(X26)/SUM(L26)*100,2),""),0) | Z26: =+IFERROR(IF(COUNT(Z18,Z25),ROUND(SUM(Z18,Z25),0),""),"") -> 4381397 | AR26: Shareholding of promoter and promoter group [Member] | AX26: FVC | AZ26: ForeignVentureCapitalInvestorsDomain | BF26: DetailsOfSharesHeldByForeignVentureCapitalInvestorsAxis
F27: Details of Shares which remain unclaimed for Promoter & Promoter Group | AX27: FPI_Insti | AZ27: InstitutionsForeignPortfolioInvestorDomain | BF27: DetailsOfSharesHeldByInstitutionsForeignPortfolioInvestorAxis
E28: B | F28: Table III - Statement showing shareholding pattern of the Public shareholder | H28: Note : Kindly show details of shareholders having more than one percentage of total no of shares. Please refer software manual. | AX28: Bank_Insti | AZ28: FinancialInstitutionOrBanksDomain | BF28: DetailsOfSharesHeldByFinancialInstitutionOrBanksAxis
E29: (1) | F29: Institutions | AX29: Insurance | AZ29: InsuranceCompaniesDomain | BF29: DetailsOfSharesHeldByInsuranceCompaniesAxis
E30: (a) | F30: Mutual Funds | L30: =+IFERROR(IF(COUNT(I30:K30),ROUND(SUM(I30:K30),0),""),"") | M30: =+IFERROR(IF(COUNT(L30),ROUND(L30/'Shareholding Pattern'!$L$57*100,2),""),"") | N30: =IF(I30="","",I30) | P30: =+IFERROR(IF(COUNT(N30:O30),ROUND(SUM(N30:O30),0),""),"") | Q30: =+IFERROR(IF(COUNT(P30),ROUND(P30/'Shareholding Pattern'!$P$58*100,2),""),"") | T30: =+IFERROR(IF(COUNT(R30:S30),ROUND(SUM(R30:S30),0),""),"") | U30: =+IFERROR(IF(COUNT(L30,T30),ROUND(SUM(L30,T30)/SUM('Shareholding Pattern'!$L$57,'Shareholding Pattern'!$T$57)*100,2),""),"") | W30: =+IFERROR(IF(COUNT(V30),ROUND(SUM(V30)/SUM(L30)*100,2),""),0) | AR30: Mutual funds or UTI [Member] | AX30: Pension | AZ30: ProvidentFundsOrPensionFundsDomain | BF30: DetailsOfSharesHeldByProvidentFundsOrPensionFundsAxis
E31: (b) | F31: Venture Capital Funds | L31: =+IFERROR(IF(COUNT(I31:K31),ROUND(SUM(I31:K31),0),""),"") | M31: =+IFERROR(IF(COUNT(L31),ROUND(L31/'Shareholding Pattern'!$L$57*100,2),""),"") | N31: =IF(I31="","",I31) | P31: =+IFERROR(IF(COUNT(N31:O31),ROUND(SUM(N31:O31),0),""),"") | Q31: =+IFERROR(IF(COUNT(P31),ROUND(P31/'Shareholding Pattern'!$P$58*100,2),""),"") | T31: =+IFERROR(IF(COUNT(R31:S31),ROUND(SUM(R31:S31),0),""),"") | U31: =+IFERROR(IF(COUNT(L31,T31),ROUND(SUM(L31,T31)/SUM('Shareholding Pattern'!$L$57,'Shareholding Pattern'!$T$57)*100,2),""),"") | W31: =+IFERROR(IF(COUNT(V31),ROUND(SUM(V31)/SUM(L31)*100,2),""),0) | AR31: Venture capital funds [Member] | AX31: Other_Insti | AZ31: OtherInstitutionsDomain | BF31: DetailsOfSharesHeldByOtherInstitutionsAxis
E32: (c) | F32: Alternate Investment Funds | L32: =+IFERROR(IF(COUNT(I32:K32),ROUND(SUM(I32:K32),0),""),"") | M32: =+IFERROR(IF(COUNT(L32),ROUND(L32/'Shareholding Pattern'!$L$57*100,2),""),"") | N32: =IF(I32="","",I32) | P32: =+IFERROR(IF(COUNT(N32:O32),ROUND(SUM(N32:O32),0),""),"") | Q32: =+IFERROR(IF(COUNT(P32),ROUND(P32/'Shareholding Pattern'!$P$58*100,2),""),"") | T32: =+IFERROR(IF(COUNT(R32:S32),ROUND(SUM(R32:S32),0),""),"") | U32: =+IFERROR(IF(COUNT(L32,T32),ROUND(SUM(L32,T32)/SUM('Shareholding Pattern'!$L$57,'Shareholding Pattern'!$T$57)*100,2),""),"") | W32: =+IFERROR(IF(COUNT(V32),ROUND(SUM(V32)/SUM(L32)*100,2),""),0) | AR32: Alternative investment funds [Member] | AX32: CG&SG&PI | AZ32: CentralGovernmentOrStateGovernmentSOrPresidentOfIndiaDomain | BF32: DetailsOfSharesHeldByCentralGovernmentOrStateGovernmentSOrPresidentOfIndiaAxis
E33: (d) | F33: Foreign Venture Capital Investors | L33: =+IFERROR(IF(COUNT(I33:K33),ROUND(SUM(I33:K33),0),""),"") | M33: =+IFERROR(IF(COUNT(L33),ROUND(L33/'Shareholding Pattern'!$L$57*100,2),""),"") | N33: =IF(I33="","",I33) | P33: =+IFERROR(IF(COUNT(N33:O33),ROUND(SUM(N33:O33),0),""),"") | Q33: =+IFERROR(IF(COUNT(P33),ROUND(P33/'Shareholding Pattern'!$P$58*100,2),""),"") | T33: =+IFERROR(IF(COUNT(R33:S33),ROUND(SUM(R33:S33),0),""),"") | U33: =+IFERROR(IF(COUNT(L33,T33),ROUND(SUM(L33,T33)/SUM('Shareholding Pattern'!$L$57,'Shareholding Pattern'!$T$57)*100,2),""),"") | W33: =+IFERROR(IF(COUNT(V33),ROUND(SUM(V33)/SUM(L33)*100,2),""),0) | AR33: Foreign venture capital investors [Member] | AX33: Indivisual(aI) | AZ33: IndividualShareholdersHoldingNominalShareCapitalUpToRsTwoLakhDomain | BF33: DetailsOfSharesHeldByIndividualShareholdersHoldingNominalShareCapitalUpToRsTwoLakhAxis
E34: (e) | F34: Foreign Portfolio Investors | L34: =+IFERROR(IF(COUNT(I34:K34),ROUND(SUM(I34:K34),0),""),"") | M34: =+IFERROR(IF(COUNT(L34),ROUND(L34/'Shareholding Pattern'!$L$57*100,2),""),"") | N34: =IF(I34="","",I34) | P34: =+IFERROR(IF(COUNT(N34:O34),ROUND(SUM(N34:O34),0),""),"") | Q34: =+IFERROR(IF(COUNT(P34),ROUND(P34/'Shareholding Pattern'!$P$58*100,2),""),"") | T34: =+IFERROR(IF(COUNT(R34,S34),ROUND(SUM(R34,S34),0),""),"") | U34: =+IFERROR(IF(COUNT(L34,T34),ROUND(SUM(L34,T34)/SUM('Shareholding Pattern'!$L$57,'Shareholding Pattern'!$T$57)*100,2),""),"") | W34: =+IFERROR(IF(COUNT(V34),ROUND(SUM(V34)/SUM(L34)*100,2),""),0) | AR34: Institutions - Foreign portfolio investor [Member] | AX34: Indivisual(aII) | AZ34: IndividualShareholdersHoldingNominalShareCapitalInExcessOfRsTwoLakhDomain | BF34: DetailsOfSharesHeldByIndividualShareholdersHoldingNominalShareCapitalInExcessOfRsTwoLakhAxis
E35: (f) | F35: Financial Institutions/ Banks | H35: 1 | I35: 13926 | L35: 13926 | M35: =+IFERROR(IF(COUNT(L35),ROUND(L35/'Shareholding Pattern'!$L$57*100,2),""),"") -> 0.14 | N35: 13926 | P35: 13926 | Q35: 0.14 | T35: =+IFERROR(IF(COUNT(R35:S35),ROUND(SUM(R35:S35),0),""),"") | U35: =+IFERROR(IF(COUNT(L35,T35),ROUND(SUM(L35,T35)/SUM('Shareholding Pattern'!$L$57,'Shareholding Pattern'!$T$57)*100,2),""),"") -> 0.14 | W35: =+IFERROR(IF(COUNT(V35),ROUND(SUM(V35)/SUM(L35)*100,2),""),0) | Z35: 13926 | AR35: Financial Institution or Banks [Member] | AX35: NBFC | AZ35: NBFCsRegisteredWithRbiDomain | BF35: DetailsOfSharesHeldByNBFCsRegisteredWithRbiAxis
E36: (g) | F36: Insurance Companies | L36: =+IFERROR(IF(COUNT(I36:K36),ROUND(SUM(I36:K36),0),""),"") | M36: =+IFERROR(IF(COUNT(L36),ROUND(L36/'Shareholding Pattern'!$L$57*100,2),""),"") | N36: =IF(I36="","",I36) | P36: =+IFERROR(IF(COUNT(N36:O36),ROUND(SUM(N36:O36),0),""),"") | Q36: =+IFERROR(IF(COUNT(P36),ROUND(P36/'Shareholding Pattern'!$P$58*100,2),""),"") | T36: =+IFERROR(IF(COUNT(R36:S36),ROUND(SUM(R36:S36),0),""),"") | U36: =+IFERROR(IF(COUNT(L36,T36),ROUND(SUM(L36,T36)/SUM('Shareholding Pattern'!$L$57,'Shareholding Pattern'!$T$57)*100,2),""),"") | W36: =+IFERROR(IF(COUNT(V36),ROUND(SUM(V36)/SUM(L36)*100,2),""),0) | AR36: Insurance Companies [Member] | AX36: EmpTrust | AZ36: EmployeeTrustsDomain | BF36: DetailsOfSharesHeldByEmployeeTrustsAxis
E37: (h) | F37: Provident Funds/ Pension Funds | L37: =+IFERROR(IF(COUNT(I37:K37),ROUND(SUM(I37:K37),0),""),"") | M37: =+IFERROR(IF(COUNT(L37),ROUND(L37/'Shareholding Pattern'!$L$57*100,2),""),"") | N37: =IF(I37="","",I37) | P37: =+IFERROR(IF(COUNT(N37:O37),ROUND(SUM(N37:O37),0),""),"") | Q37: =+IFERROR(IF(COUNT(P37),ROUND(P37/'Shareholding Pattern'!$P$58*100,2),""),"") | T37: =+IFERROR(IF(COUNT(R37:S37),ROUND(SUM(R37:S37),0),""),"") | U37: =+IFERROR(IF(COUNT(L37,T37),ROUND(SUM(L37,T37)/SUM('Shareholding Pattern'!$L$57,'Shareholding Pattern'!$T$57)*100,2),""),"") | W37: =+IFERROR(IF(COUNT(V37),ROUND(SUM(V37)/SUM(L37)*100,2),""),0) | AR37: Provident Funds or pension funds [Member] | AX37: OD | AZ37: OverseasDepositoriesDomain | BF37: DetailsOfSharesHeldByOverseasDepositoriesAxis
E38: (i) | F38: Any Other (specify) | L38: =+IFERROR(IF(COUNT(I38:K38),ROUND(SUM(I38:K38),0),""),"") | M38: =+IFERROR(IF(COUNT(L38),ROUND(L38/'Shareholding Pattern'!$L$57*100,2),""),"") | N38: =IF(I38="","",I38) | P38: =+IFERROR(IF(COUNT(N38:O38),ROUND(SUM(N38:O38),0),""),"") | Q38: =+IFERROR(IF(COUNT(P38),ROUND(P38/'Shareholding Pattern'!$P$58*100,2),""),"") | T38: =+IFERROR(IF(COUNT(R38:S38),ROUND(SUM(R38:S38),0),""),"") | U38: =+IFERROR(IF(COUNT(L38,T38),ROUND(SUM(L38,T38)/SUM('Shareholding Pattern'!$L$57,'Shareholding Pattern'!$T$57)*100,2),""),"") | W38: =+IFERROR(IF(COUNT(V38),ROUND(SUM(V38)/SUM(L38)*100,2),""),0) | AR38: Other institutions [Member] | AX38: Other_NonInsti | AZ38: OtherNonInstitutionsDomain | BF38: DetailsOfSharesHeldByOtherNonInstitutionsAxis
E39: Sub-Total (B)(1) | H39: =+IFERROR(IF(COUNT(H30:H38),ROUND(SUM(H30:H38),0),""),"") -> 1 | I39: =+IFERROR(IF(COUNT(I30:I38),ROUND(SUM(I30:I38),0),""),"") -> 13926 | J39: =+IFERROR(IF(COUNT(J30:J38),ROUND(SUM(J30:J38),0),""),"") | K39: =+IFERROR(IF(COUNT(K30:K38),ROUND(SUM(K30:K38),0),""),"") | L39: =+IFERROR(IF(COUNT(I39:K39),ROUND(SUM(I39:K39),0),""),"") -> 13926 | M39: =+IFERROR(IF(COUNT(L39),ROUND(L39/'Shareholding Pattern'!$L$57*100,2),""),"") -> 0.14 | N39: =+IFERROR(IF(COUNT(N30:N38),ROUND(SUM(N30:N38),0),""),"") -> 13926 | O39: =+IFERROR(IF(COUNT(O30:O38),ROUND(SUM(O30:O38),0),""),"") | P39: =+IFERROR(IF(COUNT(P30:P38),ROUND(SUM(P30:P38),0),""),"") -> 13926 | Q39: =+IFERROR(IF(COUNT(P39),ROUND(P39/'Shareholding Pattern'!$P$58*100,2),""),"") -> 0.14 | R39: =+IFERROR(IF(COUNT(R30:R38),ROUND(SUM(R30:R38),0),""),"") | S39: =+IFERROR(IF(COUNT(S30:S38),ROUND(SUM(S30:S38),0),""),"") | T39: =+IFERROR(IF(COUNT(T30:T38),ROUND(SUM(T30:T38),0),""),"") | U39: =+IFERROR(IF(COUNT(L39,T39),ROUND(SUM(L39,T39)/SUM('Shareholding Pattern'!$L$57,'Shareholding Pattern'!$T$57)*100,2),""),"") -> 0.14 | V39: =+IFERROR(IF(COUNT(V30:V38),ROUND(SUM(V30:V38),0),""),"") | W39: =+IFERROR(IF(COUNT(V39),ROUND(SUM(V39)/SUM(L39)*100,2),""),0) | Z39: =+IFERROR(IF(COUNT(Z30:Z38),ROUND(SUM(Z30:Z38),0),""),"") -> 13926 | AR39: Institutions [Member] | AX39: DRHolder | AZ39: CustodianOrDRHolderDomain | BF39: DetailsOfSharesHeldByCustodianOrDRHolderAxis
E40: ( 2 ) | F40: Central Government/ State Government(s)/ President of India | L40: =+IFERROR(IF(COUNT(I40:K40),ROUND(SUM(I40:K40),0),""),"") | M40: =+IFERROR(IF(COUNT(L40),ROUND(L40/'Shareholding Pattern'!$L$57*100,2),""),"") | N40: =IF(I40="","",I40) | P40: =+IFERROR(IF(COUNT(N40:O40),ROUND(SUM(N40:O40),0),""),"") | Q40: =+IFERROR(IF(COUNT(P40),ROUND(P40/'Shareholding Pattern'!$P$58*100,2),""),"") | T40: =+IFERROR(IF(COUNT(R40:S40),ROUND(SUM(R40:S40),0),""),"") | U40: =+IFERROR(IF(COUNT(L40,T40),ROUND(SUM(L40,T40)/SUM('Shareholding Pattern'!$L$57,'Shareholding Pattern'!$T$57)*100,2),""),"") | W40: =+IFERROR(IF(COUNT(V40),ROUND(SUM(V40)/SUM(L40)*100,2),""),0) | AR40: Central Government or State Government(s) or President of India [Member] | AX40: EBT | AZ40: EmployeeBenefitsTrustsDomain | BF40: DetailsOfSharesHeldByEmployeeBenefitsTrustsAxis
E41: Sub-Total (B)(2) | H41: =+IF(COUNT(H40),SUM(H40),"") | I41: =+IF(COUNT(I40),SUM(I40),"") | J41: =+IF(COUNT(J40),SUM(J40),"") | K41: =+IF(COUNT(K40),SUM(K40),"") | L41: =+IF(COUNT(L40),SUM(L40),"") | M41: =+IFERROR(IF(COUNT(L41),ROUND(L41/'Shareholding Pattern'!$L$57*100,2),""),"") | N41: =+IF(COUNT(N40),SUM(N40),"") | O41: =+IF(COUNT(O40),SUM(O40),"") | P41: =+IF(COUNT(P40),SUM(P40),"") | Q41: =+IFERROR(IF(COUNT(P41),ROUND(P41/'Shareholding Pattern'!$P$58*100,2),""),"") | R41: =+IF(COUNT(R40),SUM(R40),"") | S41: =+IF(COUNT(S40),SUM(S40),"") | T41: =+IF(COUNT(T40),SUM(T40),"") | U41: =+IFERROR(IF(COUNT(L41,T41),ROUND(SUM(L41,T41)/SUM('Shareholding Pattern'!$L$57,'Shareholding Pattern'!$T$57)*100,2),""),"") | V41: =+IF(COUNT(V40),SUM(V40),"") | W41: =+IFERROR(IF(COUNT(V41),ROUND(SUM(V41)/SUM(L41)*100,2),""),0) | Z41: =+IF(COUNT(Z40),SUM(Z40),"") | AR41: Goverments [Member]
E42: ( 3 ) | F42: Non-institutions
E43: (a(i)) | F43: 'Indivisual(aI)'!F12 | H43: 5453 | I43: 2323327 | L43: 2323327 | M43: =+IFERROR(IF(COUNT(L43),ROUND(L43/'Shareholding Pattern'!$L$57*100,2),""),"") -> 23.23 | N43: 2323327 | P43: 2323327 | Q43: 23.23 | T43: =+IFERROR(IF(COUNT(R43:S43),ROUND(SUM(R43:S43),0),""),"") | U43: =+IFERROR(IF(COUNT(L43,T43),ROUND(SUM(L43,T43)/SUM('Shareholding Pattern'!$L$57,'Shareholding Pattern'!$T$57)*100,2),""),"") -> 23.23 | W43: =+IFERROR(IF(COUNT(V43),ROUND(SUM(V43)/SUM(L43)*100,2),""),0) | Z43: 1951820 | AR43: Individual shareholders holding nominal share capital up to Rs two lakh [Member]
E44: (a(ii)) | F44: 'Indivisual(aII)'!F12 | H44: 15 | I44: 3012373 | L44: 3012373 | M44: =+IFERROR(IF(COUNT(L44),ROUND(L44/'Shareholding Pattern'!$L$57*100,2),""),"") -> 30.12 | N44: 3012373 | P44: 3012373 | Q44: 30.12 | T44: =+IFERROR(IF(COUNT(R44:S44),ROUND(SUM(R44:S44),0),""),"") | U44: =+IFERROR(IF(COUNT(L44,T44),ROUND(SUM(L44,T44)/SUM('Shareholding Pattern'!$L$57,'Shareholding Pattern'!$T$57)*100,2),""),"") -> 30.12 | W44: =+IFERROR(IF(COUNT(V44),ROUND(SUM(V44)/SUM(L44)*100,2),""),0) | Z44: 989360 | AR44: Individual shareholders holding nominal share capital in excess of Rs two lakh [Member]
E45: (b) | F45: NBFCs registered with RBI | L45: =+IFERROR(IF(COUNT(I45:K45),ROUND(SUM(I45:K45),0),""),"") | M45: =+IFERROR(IF(COUNT(L45),ROUND(L45/'Shareholding Pattern'!$L$57*100,2),""),"") | P45: =+IFERROR(IF(COUNT(N45:O45),ROUND(SUM(N45:O45),0),""),"") | Q45: =+IFERROR(IF(COUNT(P45),ROUND(P45/'Shareholding Pattern'!$P$58*100,2),""),"") | T45: =+IFERROR(IF(COUNT(R45:S45),ROUND(SUM(R45:S45),0),""),"") | U45: =+IFERROR(IF(COUNT(L45,T45),ROUND(SUM(L45,T45)/SUM('Shareholding Pattern'!$L$57,'Shareholding Pattern'!$T$57)*100,2),""),"") | W45: =+IFERROR(IF(COUNT(V45),ROUND(SUM(V45)/SUM(L45)*100,2),""),0) | AR45: NBFCs registered with RBI [Member]
E46: (c) | F46: Employee Trusts | L46: =+IFERROR(IF(COUNT(I46:K46),ROUND(SUM(I46:K46),0),""),"") | M46: =+IFERROR(IF(COUNT(L46),ROUND(L46/'Shareholding Pattern'!$L$57*100,2),""),"") | P46: =+IFERROR(IF(COUNT(N46:O46),ROUND(SUM(N46:O46),0),""),"") | Q46: =+IFERROR(IF(COUNT(P46),ROUND(P46/'Shareholding Pattern'!$P$58*100,2),""),"") | T46: =+IFERROR(IF(COUNT(R46:S46),ROUND(SUM(R46:S46),0),""),"") | U46: =+IFERROR(IF(COUNT(L46,T46),ROUND(SUM(L46,T46)/SUM('Shareholding Pattern'!$L$57,'Shareholding Pattern'!$T$57)*100,2),""),"") | W46: =+IFERROR(IF(COUNT(V46),ROUND(SUM(V46)/SUM(L46)*100,2),""),0) | AR46: Employee Trusts [Member]
E47: (d) | F47: Overseas Depositories (holding DRs) (balancing figure) | L47: =+IFERROR(IF(COUNT(I47:K47),ROUND(SUM(I47:K47),0),""),"") | M47: =+IFERROR(IF(COUNT(L47),ROUND(L47/'Shareholding Pattern'!$L$57*100,2),""),"") | P47: =+IFERROR(IF(COUNT(N47:O47),ROUND(SUM(N47:O47),0),""),"") | Q47: =+IFERROR(IF(COUNT(P47),ROUND(P47/'Shareholding Pattern'!$P$58*100,2),""),"") | T47: =+IFERROR(IF(COUNT(R47:S47),ROUND(SUM(R47:S47),0),""),"") | U47: =+IFERROR(IF(COUNT(L47,T47),ROUND(SUM(L47,T47)/SUM('Shareholding Pattern'!$L$57,'Shareholding Pattern'!$T$57)*100,2),""),"") | W47: =+IFERROR(IF(COUNT(V47),ROUND(SUM(V47)/SUM(L47)*100,2),""),0) | AR47: Overseas Depositories [Member]
E48: (e) | F48: Any Other (specify) | H48: 172 | I48: 268977 | L48: 268977 | M48: =+IFERROR(IF(COUNT(L48),ROUND(L48/'Shareholding Pattern'!$L$57*100,2),""),"") -> 2.69 | N48: 268977 | P48: 268977 | Q48: 2.69 | T48: =+IFERROR(IF(COUNT(R48:S48),ROUND(SUM(R48:S48),0),""),"") | U48: =+IFERROR(IF(COUNT(L48,T48),ROUND(SUM(L48,T48)/SUM('Shareholding Pattern'!$L$57,'Shareholding Pattern'!$T$57)*100,2),""),"") -> 2.69 | W48: =+IFERROR(IF(COUNT(V48),ROUND(SUM(V48)/SUM(L48)*100,2),""),0) | Z48: 236327 | AR48: Other non-institutions [Member]
E49: Sub-Total (B)(3) | H49: =+IFERROR(IF(COUNT(H43:H48),ROUND(SUM(H43:H48),0),""),"") -> 5640 | I49: =+IFERROR(IF(COUNT(I43:I48),ROUND(SUM(I43:I48),0),""),"") -> 5604677 | J49: =+IFERROR(IF(COUNT(J43:J48),ROUND(SUM(J43:J48),0),""),"") | K49: =+IFERROR(IF(COUNT(K43:K48),ROUND(SUM(K43:K48),0),""),"") | L49: =+IFERROR(IF(COUNT(I49:K49),ROUND(SUM(I49:K49),0),""),"") -> 5604677 | M49: =+IFERROR(IF(COUNT(L49),ROUND(L49/'Shareholding Pattern'!$L$57*100,2),""),"") -> 56.05 | N49: =+IFERROR(IF(COUNT(N43:N48),ROUND(SUM(N43:N48),0),""),"") -> 5604677 | O49: =+IFERROR(IF(COUNT(O43:O48),ROUND(SUM(O43:O48),0),""),"") | P49: =+IFERROR(IF(COUNT(N49:O49),ROUND(SUM(N49:O49),0),""),"") -> 5604677 | Q49: =+IFERROR(IF(COUNT(P49),ROUND(P49/'Shareholding Pattern'!$P$58*100,2),""),"") -> 56.05 | R49: =+IFERROR(IF(COUNT(R43:R48),ROUND(SUM(R43:R48),0),""),"") | S49: =+IFERROR(IF(COUNT(S43:S48),ROUND(SUM(S43:S48),0),""),"") | T49: =+IFERROR(IF(COUNT(R49:S49),ROUND(SUM(R49:S49),0),""),"") | U49: =+IFERROR(IF(COUNT(L49,T49),ROUND(SUM(L49,T49)/SUM('Shareholding Pattern'!$L$57,'Shareholding Pattern'!$T$57)*100,2),""),"") -> 56.05 | V49: =+IFERROR(IF(COUNT(V43:V48),ROUND(SUM(V43:V48),0),""),"") | W49: =+IFERROR(IF(COUNT(V49),ROUND(SUM(V49)/SUM(L49)*100,2),""),0) | Z49: =+IFERROR(IF(COUNT(Z43:Z48),ROUND(SUM(Z43:Z48),0),""),"") -> 3177507 | AR49: Non-institutions [Member]
E50: Total Public Shareholding (B)=(B)(1)+(B)(2)+(B)(3) | H50: =+IFERROR(IF(COUNT(H39,H41,H49),ROUND(SUM(H39,H41,H49),0),""),"") -> 5641 | I50: =+IFERROR(IF(COUNT(I39,I41,I49),ROUND(SUM(I39,I41,I49),0),""),"") -> 5618603 | J50: =+IFERROR(IF(COUNT(J39,J41,J49),ROUND(SUM(J39,J41,J49),0),""),"") | K50: =+IFERROR(IF(COUNT(K39,K41,K49),ROUND(SUM(K39,K41,K49),0),""),"") | L50: =+IFERROR(IF(COUNT(I50:K50),ROUND(SUM(I50:K50),0),""),"") -> 5618603 | M50: =+IFERROR(IF(COUNT(L50),ROUND(L50/'Shareholding Pattern'!$L$57*100,2),""),"") -> 56.19 | N50: =+IFERROR(IF(COUNT(N39,N41,N49),ROUND(SUM(N39,N41,N49),0),""),"") -> 5618603 | O50: =+IFERROR(IF(COUNT(O39,O41,O49),ROUND(SUM(O39,O41,O49),0),""),"") | P50: =+IFERROR(IF(COUNT(P39,P41,P49),ROUND(SUM(P39,P41,P49),0),""),"") -> 5618603 | Q50: =+IFERROR(IF(COUNT(P50),ROUND(P50/'Shareholding Pattern'!$P$58*100,2),""),"") -> 56.19 | R50: =+IFERROR(IF(COUNT(R39,R40,R49),ROUND(SUM(R39,R40,R49),0),""),"") | S50: =+IFERROR(IF(COUNT(S39,S40,S49),ROUND(SUM(S39,S40,S49),0),""),"") | T50: =+IFERROR(IF(COUNT(R50:S50),ROUND(SUM(R50:S50),0),""),"") | U50: =+IFERROR(IF(COUNT(L50,T50),ROUND(SUM(L50,T50)/SUM('Shareholding Pattern'!$L$57,'Shareholding Pattern'!$T$57)*100,2),""),"") -> 56.19 | V50: =+IFERROR(IF(COUNT(V39,V41,V49),ROUND(SUM(V39,V41,V49),0),""),"") | W50: =+IFERROR(IF(COUNT(V50),ROUND(SUM(V50)/SUM(L50)*100,2),""),0) | Z50: =+IFERROR(IF(COUNT(Z39,Z41,Z49),ROUND(SUM(Z39,Z41,Z49),0),""),"") -> 3191433 | AR50: Public shareholding [Member]
F51: Details of the shareholders acting as persons in Concert for Public
F52: Details of Shares which remain unclaimed for Public
E53: C | F53: Table IV - Statement showing shareholding pattern of the Non Promoter- Non Public shareholder
E54: ( 1 ) | F54: Custodian/DR Holder - Name of DR Holders (If Available) | L54: =+IFERROR(IF(COUNT(I54:K54),ROUND(SUM(I54:K54),2),""),"") | P54: =+IFERROR(IF(COUNT(N54:O54),ROUND(SUM(N54:O54),2),""),"") | Q54: =+IFERROR(IF(COUNT(P54),ROUND(P54/'Shareholding Pattern'!$P$58*100,2),""),"") | T54: =+IFERROR(IF(COUNT(R54:S54),ROUND(SUM(R54:S54),2),""),"") | W54: =+IFERROR(IF(COUNT(V54),ROUND(SUM(V54)/SUM(L54)*100,2),""),0) | AR54: Custodian or DR holder [Member]
E55: ( 2 ) | F55: Employee Benefit Trust (under SEBI (Share based Employee Benefit) Regulations, 2014) | L55: =+IFERROR(IF(COUNT(I55:K55),ROUND(SUM(I55:K55),2),""),"") | M55: =+IFERROR(IF(COUNT(L55),ROUND(L55/'Shareholding Pattern'!$L$57*100,2),""),"") | P55: =+IFERROR(IF(COUNT(N55:O55),ROUND(SUM(N55:O55),2),""),"") | Q55: =+IFERROR(IF(COUNT(P55),ROUND(P55/'Shareholding Pattern'!$P$58*100,2),""),"") | T55: =+IFERROR(IF(COUNT(R55:S55),ROUND(SUM(R55:S55),2),""),"") | U55: =+IFERROR(IF(COUNT(L55,T55),ROUND(SUM(L55,T55)/SUM('Shareholding Pattern'!$L$57,'Shareholding Pattern'!$T$57)*100,2),""),"") | W55: =+IFERROR(IF(COUNT(V55),ROUND(SUM(V55)/SUM(L55)*100,2),""),0) | AR55: Employee benefits trusts [Member]
E56: Total NonPromoter- Non Public Shareholding (C)= (C)(1)+(C)(2) | H56: =IFERROR(IF(COUNT(H54:H55),ROUND(SUM(H54:H55),0),""),"") | I56: =IFERROR(IF(COUNT(I54:I55),ROUND(SUM(I54:I55),0),""),"") | J56: =IFERROR(IF(COUNT(J54:J55),ROUND(SUM(J54:J55),0),""),"") | K56: =IFERROR(IF(COUNT(K54:K55),ROUND(SUM(K54:K55),0),""),"") | L56: =IFERROR(IF(COUNT(L54:L55),ROUND(SUM(L54:L55),0),""),"") | N56: =IFERROR(IF(COUNT(N54:N55),ROUND(SUM(N54:N55),0),""),"") | O56: =IFERROR(IF(COUNT(O54:O55),ROUND(SUM(O54:O55),0),""),"") | P56: =IFERROR(IF(COUNT(P54:P55),ROUND(SUM(P54:P55),0),""),"") | Q56: =+IFERROR(IF(COUNT(P56),ROUND(P56/'Shareholding Pattern'!$P$58*100,2),""),"") | R56: =IFERROR(IF(COUNT(R54:R55),ROUND(SUM(R54:R55),0),""),"") | S56: =IFERROR(IF(COUNT(S54:S55),ROUND(SUM(S54:S55),0),""),"") | T56: =IFERROR(IF(COUNT(T54:T55),ROUND(SUM(T54:T55),0),""),"") | V56: =IFERROR(IF(COUNT(V54:V55),ROUND(SUM(V54:V55),0),""),"") | W56: =+IFERROR(IF(COUNT(V56),ROUND(SUM(V56)/SUM(L56)*100,2),""),0) | Z56: =IFERROR(IF(COUNT(Z54:Z55),ROUND(SUM(Z54:Z55),0),""),"") | AR56: Shares held by non-promoter non-public shareholders [Member]
E57: Total ( A+B+C2 ) | H57: =+IFERROR(IF(COUNT(H26,H50,H55),ROUND(SUM(H26,H50,H55),0),""),"") -> 5643 | I57: =+IFERROR(IF(COUNT(I26,I50,I55),ROUND(SUM(I26,I50,I55),0),""),"") -> 10000000 | J57: =+IFERROR(IF(COUNT(J26,J50,J55),ROUND(SUM(J26,J50,J55),0),""),"") | K57: =+IFERROR(IF(COUNT(K26,K50,K55),ROUND(SUM(K26,K50,K55),0),""),"") | L57: =+IFERROR(IF(COUNT(L26,L50,L55),ROUND(SUM(L26,L50,L55),0),""),"") -> 10000000 | M57: =+IFERROR(IF(COUNT(L57),ROUND(L57/'Shareholding Pattern'!$L$57*100,2),""),0) -> 100 | N57: =+IFERROR(IF(COUNT(N26,N50,N55),ROUND(SUM(N26,N50,N55),0),""),"") -> 10000000 | O57: =+IFERROR(IF(COUNT(O26,O50,O55),ROUND(SUM(O26,O50,O55),0),""),"") | P57: =+IFERROR(IF(COUNT(P26,P50,P55),ROUND(SUM(P26,P50,P55),0),""),"") -> 10000000 | Q57: =+IFERROR(IF(COUNT(P57),ROUND(P57/'Shareholding Pattern'!$P$58*100,2),""),0) -> 100 | R57: =+IFERROR(IF(COUNT(R26,R50,R55),ROUND(SUM(R26,R50,R55),0),""),"") | S57: =+IFERROR(IF(COUNT(S26,S50,S55),ROUND(SUM(S26,S50,S55),0),""),"") | T57: =+IFERROR(IF(COUNT(T26,T50,T55),ROUND(SUM(T26,T50,T55),0),""),"") | U57: =+IFERROR(IF(COUNT(L57,T57),ROUND(SUM(L57,T57)/SUM('Shareholding Pattern'!$L$57,'Shareholding Pattern'!$T$57)*100,2),""),0) -> 100 | V57: =+IFERROR(IF(COUNT(V26,V50,V55),ROUND(SUM(V26,V50,V55),0),""),"") | W57: =+IFERROR(IF(COUNT(V57),ROUND(SUM(V57)/SUM(L57)*100,2),""),0) | Z57: =+IFERROR(IF(COUNT(Z26,Z50,Z55),ROUND(SUM(Z26,Z50,Z55),0),""),"") -> 7572830
E58: Total (A+B+C ) | H58: =+IFERROR(IF(COUNT(H26,H50,H56),ROUND(SUM(H26,H50,H56),0),""),"") -> 5643 | I58: =+IFERROR(IF(COUNT(I26,I50,I56),ROUND(SUM(I26,I50,I56),0),""),"") -> 10000000 | J58: =+IFERROR(IF(COUNT(J26,J50,J56),ROUND(SUM(J26,J50,J56),0),""),"") | K58: =+IFERROR(IF(COUNT(K26,K50,K56),ROUND(SUM(K26,K50,K56),0),""),"") | L58: =+IFERROR(IF(COUNT(L26,L50,L56),ROUND(SUM(L26,L50,L56),0),""),"") -> 10000000 | M58: =+IFERROR(IF(COUNT(L57),ROUND(L57/'Shareholding Pattern'!$L$57*100,2),""),"") -> 100 | N58: =+IFERROR(IF(COUNT(N26,N50,N56),ROUND(SUM(N26,N50,N56),0),""),"") -> 10000000 | O58: =+IFERROR(IF(COUNT(O26,O50,O56),ROUND(SUM(O26,O50,O56),0),""),"") | P58: =+IFERROR(IF(COUNT(P26,P50,P56),ROUND(SUM(P26,P50,P56),0),""),"") -> 10000000 | Q58: =+IFERROR(IF(COUNT(P58),ROUND(P58/'Shareholding Pattern'!$P$58*100,2),""),"") -> 100 | R58: =+IFERROR(IF(COUNT(R26,R50,R56),ROUND(SUM(R26,R50,R56),0),""),"") | S58: =+IFERROR(IF(COUNT(S26,S50,S56),ROUND(SUM(S26,S50,S56),0),""),"") | T58: =+IFERROR(IF(COUNT(T26,T50,T56),ROUND(SUM(T26,T50,T56),0),""),"") | U58: =+IFERROR(IF(COUNT(U26,U50,U56),ROUND(SUM(U26,U50,U56),0),""),"") -> 100 | V58: =+IFERROR(IF(COUNT(V26,V50,V56),ROUND(SUM(V26,V50,V56),0),""),"") | W58: =+IFERROR(IF(COUNT(V58),ROUND(SUM(V58)/SUM(L58)*100,2),""),0) | X58: =+IFERROR(IF(COUNT(X26,X50,X56),ROUND(SUM(X26,X50,X56),0),""),"") | Y58: =+IFERROR(IF(COUNT(X58),ROUND(SUM(X58)/SUM(L58)*100,2),""),0) | Z58: =+IFERROR(IF(COUNT(Z26,Z50,Z56),ROUND(SUM(Z26,Z50,Z56),0),""),"") -> 7572830 | AR58: Shareholding pattern [Member]
E59: Disclosure of notes on shareholding pattern
E60: Disclosure of notes in case of promoter holiding in dematerialsed form is less than 100 percentage
E61: Disclosure of notes in case of public share holding is less than 25 percentage
E62: Disclosure of notes on shareholding pattern for company remarks explanatory

Sheet IndHUF
I1: 1
F2: Name of shareholder | G2: Permanent account number of shareholder | H2: Number of fully paid up equity shares | I2: Number of partly paid-up equity shares | J2: Number of shares underlying outstanding depository receipts | K2: Total number of shares | L2: Shareholding as a percentage of total number of shares held by promoters and public shareholders and custodians or DR holders | M2: Number of voting rights held by same class of securities | N2: Number of voting rights held by differential voting rights | O2: Total Number of voting rights | P2: Percentage of total number of voting rights | Q2: Number of shares underlying outstanding convertible securities | R2: Number of warrant | S2: Number of warrant and convertible securities | T2: Total shareholding as a percentage assuming full conversion of convertible securities | U2: Number of the locked-in-shares | V2: Locked-in-shares as a percentage of total number of shares | W2: Pledged or encumbered - number of shares | X2: Pledged or encumbered shares held as percentage of total number of shares | Y2: Number of equity shares held in dematerialized form | Z2: Reason for not providing PAN | AA2: Shareholder type | AR2: Promoter | AS2: Promoter Group
E9: Searial No. | F9: Name of the Shareholders (I) | G9: PAN (II) | H9: No. of fully paid up equity shares held (IV) | I9: No. Of Partly paid-up equity shares held (V) | J9: No. Of shares underlying Depository Receipts (VI) | K9: Total nos. shares held (VII) = (IV)+(V)+ (VI) | L9: Shareholding as a % of total no. of shares (calculated as per SCRR, 1957) (VIII) As a % of (A+B+C2) | M9: Number of Voting Rights held in each class of securities (IX) | Q9: No. Of Shares Underlying Outstanding convertible securities (X) | R9: No. of Shares Underlying Outstanding Warrants (Xi) | S9: No. Of Shares Underlying Outstanding convertible securities and No. Of Warrants (Xi) (a) | T9: Shareholding , as a % assuming full conversion of convertible securities (as a percentage of diluted share capital) (XI)= (VII)+(Xi)(a) As a % of (A+B+C2) | U9: Number of Locked in shares (XII) | W9: Number of Shares pledged or otherwise encumbered (XIII) | Y9: Number of equity shares held in dematerialized form (XIV) | Z9: Reason for not providing PAN | AA9: Shareholder type
M10: No of Voting (XIV) Rights | P10: Total as a % of Total Voting rights
M11: Class eg:X | N11: Class eg:y | O11: Total | U11: No. (a) | V11: As a % of total Shares held (b) | W11: No. (a) | X11: As a % of total Shares held (b)
E12: A1(a) | F12: Individuals/Hindu undivided Family
K13: =+IFERROR(IF(COUNT(H13:J13),ROUND(SUM(H13:J13),0),""),"") | L13: =+IFERROR(IF(COUNT(K13),ROUND(K13/'Shareholding Pattern'!$L$57*100,2),""),0) | M13: =IF(H13="","",H13) | O13: =+IFERROR(IF(COUNT(M13:N13),ROUND(SUM(M13,N13),2),""),"") | P13: =+IFERROR(IF(COUNT(O13),ROUND(O13/('Shareholding Pattern'!$P$58)*100,2),""),0) | S13: =+IFERROR(IF(COUNT(Q13:R13),ROUND(SUM(Q13:R13),0),""),"") | T13: =+IFERROR(IF(COUNT(K13,S13),ROUND(SUM(S13,K13)/SUM('Shareholding Pattern'!$L$57,'Shareholding Pattern'!$T$57)*100,2),""),0) | V13: =+IFERROR(IF(COUNT(U13),ROUND(SUM(U13)/SUM(K13)*100,2),""),0) | X13: =+IFERROR(IF(COUNT(W13),ROUND(SUM(W13)/SUM(K13)*100,2),""),0) | AC13: =IF(SUM(H13:Y13)>0,1,0) -> 0 | AD13: =IF(COUNT(H16:$Y$15001)=0,"",SUM(AC1:AC65533)) -> 1
E15: 1 | F15: NITA DHIREN KOTHARY | G15: AGBPK6907B | H15: 1930953 | K15: =+IFERROR(IF(COUNT(H15:J15),ROUND(SUM(H15:J15),0),""),"") -> 1930953 | L15: =+IFERROR(IF(COUNT(K15),ROUND(K15/'Shareholding Pattern'!$L$57*100,2),""),0) -> 19.31 | M15: =IF(H15="","",H15) -> 1930953 | O15: =+IFERROR(IF(COUNT(M15:N15),ROUND(SUM(M15,N15),2),""),"") -> 1930953 | P15: =+IFERROR(IF(COUNT(O15),ROUND(O15/('Shareholding Pattern'!$P$58)*100,2),""),0) -> 19.31 | S15: =+IFERROR(IF(COUNT(Q15:R15),ROUND(SUM(Q15:R15),0),""),"") | T15: =+IFERROR(IF(COUNT(K15,S15),ROUND(SUM(S15,K15)/SUM('Shareholding Pattern'!$L$57,'Shareholding Pattern'!$T$57)*100,2),""),0) -> 19.31 | V15: =+IFERROR(IF(COUNT(U15),ROUND(SUM(U15)/SUM(K15)*100,2),""),0) | X15: =+IFERROR(IF(COUNT(W15),ROUND(SUM(W15)/SUM(K15)*100,2),""),0) | Y15: 1930953 | AA15: Promoter | AC15: =IF(SUM(H15:Y15)>0,1,0) -> 1
F17: Total | G17: Total | H17: =+IFERROR(IF(COUNT(H14:H16),ROUND(SUM(H14:H16),0),""),"") -> 1930953 | I17: =+IFERROR(IF(COUNT(I14:I16),ROUND(SUM(I14:I16),0),""),"") | J17: =+IFERROR(IF(COUNT(J14:J16),ROUND(SUM(J14:J16),0),""),"") | K17: =+IFERROR(IF(COUNT(K14:K16),ROUND(SUM(K14:K16),0),""),"") -> 1930953 | L17: =+IFERROR(IF(COUNT(K17),ROUND(K17/'Shareholding Pattern'!$L$57*100,2),""),0) -> 19.31 | M17: =+IFERROR(IF(COUNT(M14:M16),ROUND(SUM(M14:M16),0),""),"") -> 1930953 | N17: =+IFERROR(IF(COUNT(N14:N16),ROUND(SUM(N14:N16),0),""),"") | O17: =+IFERROR(IF(COUNT(O14:O16),ROUND(SUM(O14:O16),0),""),"") -> 1930953 | P17: =+IFERROR(IF(COUNT(O17),ROUND(O17/('Shareholding Pattern'!$P$58)*100,2),""),0) -> 19.31 | Q17: =+IFERROR(IF(COUNT(Q14:Q16),ROUND(SUM(Q14:Q16),0),""),"") | R17: =+IFERROR(IF(COUNT(R14:R16),ROUND(SUM(R14:R16),0),""),"") | S17: =+IFERROR(IF(COUNT(S14:S16),ROUND(SUM(S14:S16),0),""),"") | T17: =+IFERROR(IF(COUNT(K17,S17),ROUND(SUM(S17,K17)/SUM('Shareholding Pattern'!$L$57,'Shareholding Pattern'!$T$57)*100,2),""),0) -> 19.31 | U17: =+IFERROR(IF(COUNT(U14:U16),ROUND(SUM(U14:U16),0),""),"") | V17: =+IFERROR(IF(COUNT(U17),ROUND(SUM(U17)/SUM(K17)*100,2),""),0) | W17: =+IFERROR(IF(COUNT(W14:W16),ROUND(SUM(W14:W16),0),""),"") | X17: =+IFERROR(IF(COUNT(W17),ROUND(SUM(W17)/SUM(K17)*100,2),""),0) | Y17: =+IFERROR(IF(COUNT(Y14:Y16),ROUND(SUM(Y14:Y16),0),""),"") -> 1930953

Sheet SBO
I1: 0 | L1: Yes | M1: No | N1: NA
F2: Name of SBO | G2: PAN of SBO | H2: Passport No. in case of a foreign national of SBO | J2: Nationality of SBO | K2: Nationality (Applicable in case of Any other is selected) of SBO | L2: Name of RegisteredOwner | M2: PAN of RegisteredOwner | N2: Passport No. in case of a foreign national of RegisteredOwner | O2: Nationality of RegisteredOwner | P2: Nationality (Applicable in case of Any other is selected) of RegisteredOwner | Q2: Shares | R2: Voting rights SBO | S2: Rights on distributable dividend or any other distribution | T2: Exercise of control | U2: Exercise of significant influence | V2: Date of creation / acquisition of significant beneficial interest
AA3: India
AA4: United Kingdom
AA5: Hong Kong
AA6: China
AA7: Mauritius
AA8: Singapore
E9: Sr. No. | F9: Details of the SBO | L9: Details of the registered owner | Q9: Details of holding/ exercise of right of the SBO in the reporting company, whether direct or indirect*: | V9: Date of creation / acquisition of significant beneficial interest | AA9: Japan
F10: Name | G10: PAN | H10: Passport No. in case of a foreign national | J10: Nationality | K10: Nationality (Applicable in case of Any other is selected) | L10: Name | M10: PAN | N10: Passport No. in case of a foreign national | O10: Nationality | P10: Nationality (Applicable in case of Any other is selected) | Q10: Whether by virtue of: | AA10: United States of America
Q11: Shares | R11: Voting rights | S11: Rights on distributable dividend or any other distribution | T11: Exercise of control | U11: Exercise of significant influence | AA11: Any other
F12: significant beneficial owners

Sheet CGAndSG
I1: 0 | AD1: =SUM(AC1:AC65531) -> 0
F2: Name of shareholder | G2: Permanent account number of shareholder | H2: Number of fully paid up equity shares | I2: Number of partly paid-up equity shares | J2: Number of shares underlying outstanding depository receipts | K2: Total number of shares | L2: Shareholding as a percentage of total number of shares held by promoters and public shareholders and custodians or DR holders | M2: Number of voting rights held by same class of securities | N2: Number of voting rights held by differential voting rights | O2: Total Number of voting rights | P2: Percentage of total number of voting rights | Q2: Number of shares underlying outstanding convertible securities | R2: Number of warrant | S2: Number of warrant and convertible securities | T2: Total shareholding as a percentage assuming full conversion of convertible securities | U2: Number of the locked-in-shares | V2: Locked-in-shares as a percentage of total number of shares | W2: Pledged or encumbered - number of shares | X2: Pledged or encumbered shares held as percentage of total number of shares | Y2: Number of equity shares held in dematerialized form | Z2: Reason for not providing PAN | AA2: Shareholder type | AR2: Promoter | AS2: Promoter Group
E9: Searial No. | F9: Name of the Shareholders (I) | G9: PAN (II) | H9: No. of fully paid up equity shares held (IV) | I9: No. Of Partly paid-up equity shares held (V) | J9: No. Of shares underlying Depository Receipts (VI) | K9: Total nos. shares held (VII) = (IV)+(V)+ (VI) | L9: Shareholding as a % of total no. of shares (calculated as per SCRR, 1957) (VIII) As a % of (A+B+C2) | M9: Number of Voting Rights held in each class of securities (IX) | Q9: No. Of Shares Underlying Outstanding convertible securities (X) | R9: No. of Shares Underlying Outstanding Warrants (Xi) | S9: No. Of Shares Underlying Outstanding convertible securities and warrants (X) | T9: Shareholding , as a % assuming full conversion of convertible securities (as a percentage of diluted share capital) (XI)= (VII)+(X) As a % of (A+B+C2) | U9: Number of Locked in shares (XII) | W9: Number of Shares pledged or otherwise encumbered (XIII) | Y9: Number of equity shares held in dematerialized form (XIV) | Z9: Reason for not providing PAN | AA9: Shareholder type
M10: No of Voting (XIV) Rights | P10: Total as a % of Total Voting rights
M11: Class eg: X | N11: Class eg:y | O11: Total | U11: No. (a) | V11: As a % of total Shares held (b) | W11: No. (a) | X11: As a % of total Shares held (b)
E12: A1(b) | F12: Central Government/ State Government(s)
K13: =+IFERROR(IF(COUNT(H13:J13),ROUND(SUM(H13:J13),0),""),"") | L13: =+IFERROR(IF(COUNT(K13),ROUND(K13/'Shareholding Pattern'!$L$57*100,2),""),0) | M13: =IF(H13="","",H13) | O13: =+IFERROR(IF(COUNT(M13:N13),ROUND(SUM(M13,N13),2),""),"") | P13: =+IFERROR(IF(COUNT(O13),ROUND(O13/('Shareholding Pattern'!$P$58)*100,2),""),0) | S13: =+IFERROR(IF(COUNT(Q13:R13),ROUND(SUM(Q13:R13),0),""),"") | T13: =+IFERROR(IF(COUNT(K13,S13),ROUND(SUM(S13,K13)/SUM('Shareholding Pattern'!$L$57,'Shareholding Pattern'!$T$57)*100,2),""),0) | V13: =+IFERROR(IF(COUNT(U13),ROUND(SUM(U13)/SUM(K13)*100,2),""),0) | X13: =+IFERROR(IF(COUNT(W13),ROUND(SUM(W13)/SUM(K13)*100,2),""),0) | AC13: =IF(SUM(H13:Y13)>0,1,0) -> 0 | AD13: =IF(COUNT(H15:$Y$14995)=0,"",SUM(AC1:AC65533))
F16: Total | G16: Total | H16: =+IFERROR(IF(COUNT(H14:H15),ROUND(SUM(H14:H15),0),""),"") | I16: =+IFERROR(IF(COUNT(I14:I15),ROUND(SUM(I14:I15),0),""),"") | J16: =+IFERROR(IF(COUNT(J14:J15),ROUND(SUM(J14:J15),0),""),"") | K16: =+IFERROR(IF(COUNT(H16:J16),ROUND(SUM(H16:J16),0),""),"") | L16: =+IFERROR(IF(COUNT(K16),ROUND(K16/'Shareholding Pattern'!$L$57*100,2),""),0) | M16: =+IFERROR(IF(COUNT(M14:M15),ROUND(SUM(M14:M15),0),""),"") | N16: =+IFERROR(IF(COUNT(N14:N15),ROUND(SUM(N14:N15),0),""),"") | O16: =+IFERROR(IF(COUNT(M16:N16),ROUND(SUM(M16,N16),2),""),"") | P16: =+IFERROR(IF(COUNT(O16),ROUND(O16/('Shareholding Pattern'!$P$58)*100,2),""),0) | Q16: =+IFERROR(IF(COUNT(Q14:Q15),ROUND(SUM(Q14:Q15),0),""),"") | R16: =+IFERROR(IF(COUNT(R14:R15),ROUND(SUM(R14:R15),0),""),"") | S16: =+IFERROR(IF(COUNT(Q16:R16),ROUND(SUM(Q16:R16),0),""),"") | T16: =+IFERROR(IF(COUNT(K16,S16),ROUND(SUM(S16,K16)/SUM('Shareholding Pattern'!$L$57,'Shareholding Pattern'!$T$57)*100,2),""),0) | U16: =+IFERROR(IF(COUNT(U14:U15),ROUND(SUM(U14:U15),0),""),"") | V16: =+IFERROR(IF(COUNT(U16),ROUND(SUM(U16)/SUM(K16)*100,2),""),0) | W16: =+IFERROR(IF(COUNT(W14:W15),ROUND(SUM(W14:W15),0),""),"") | X16: =+IFERROR(IF(COUNT(W16),ROUND(SUM(W16)/SUM(K16)*100,2),""),0) | Y16: =+IFERROR(IF(COUNT(Y14:Y15),ROUND(SUM(Y14:Y15),0),""),"")

Sheet Banks
I1: 0
F2: Name of shareholder | G2: Permanent account number of shareholder | H2: Number of fully paid up equity shares | I2: Number of partly paid-up equity shares | J2: Number of shares underlying outstanding depository receipts | K2: Total number of shares | L2: Shareholding as a percentage of total number of shares held by promoters and public shareholders and custodians or DR holders | M2: Number of voting rights held by same class of securities | N2: Number of voting rights held by differential voting rights | O2: Total Number of voting rights | P2: Percentage of total number of voting rights | Q2: Number of shares underlying outstanding convertible securities | R2: Number of warrant | S2: Number of warrant and convertible securities | T2: Total shareholding as a percentage assuming full conversion of convertible securities | U2: Number of the locked-in-shares | V2: Locked-in-shares as a percentage of total number of shares | W2: Pledged or encumbered - number of shares | X2: Pledged or encumbered shares held as percentage of total number of shares | Y2: Number of equity shares held in dematerialized form | Z2: Reason for not providing PAN | AA2: Shareholder type | AR2: Promoter | AS2: Promoter Group
AR7: Trusts
AR8: HUF
E9: Searial No. | F9: Name of the Shareholders (I) | G9: PAN (II) | H9: No. of fully paid up equity shares held (IV) | I9: No. Of Partly paid-up equity shares held (V) | J9: No. Of shares underlying Depository Receipts (VI) | K9: Total nos. shares held (VII) = (IV)+(V)+ (VI) | L9: Shareholding as a % of total no. of shares (calculated as per SCRR, 1957) (VIII) As a % of (A+B+C2) | M9: Number of Voting Rights held in each class of securities (IX) | Q9: No. Of Shares Underlying Outstanding convertible securities (X) | R9: No. of Shares Underlying Outstanding Warrants (Xi) | S9: No. Of Shares Underlying Outstanding convertible securities and No. Of Warrants (Xi) (a) | T9: Shareholding , as a % assuming full conversion of convertible securities (as a percentage of diluted share capital) (XI)= (VII)+(X) As a % of (A+B+C2) | U9: Number of Locked in shares (XII) | W9: Number of Shares pledged or otherwise encumbered (XIII) | Y9: Number of equity shares held in dematerialized form (XIV) | Z9: Reason for not providing PAN | AA9: Shareholder type | AR9: Societies
M10: No of Voting (XIV) Rights | P10: Total as a % of Total Voting rights | AR10: ESOP or ESOS or ESPS
M11: Class eg: X | N11: Class eg:y | O11: Total | U11: No. (a) | V11: As a % of total Shares held (b) | W11: No. (a) | X11: As a % of total Shares held (b) | AR11: Employee welfare fund
E12: A1(c) | F12: Financial Institutions/ Banks | AR12: Venture capital funds
K13: =+IFERROR(IF(COUNT(H13:J13),ROUND(SUM(H13:J13),0),""),"") | L13: =+IFERROR(IF(COUNT(K13),ROUND(K13/'Shareholding Pattern'!$L$57*100,2),""),0) | M13: =IF(H13="","",H13) | O13: =+IFERROR(IF(COUNT(M13:N13),ROUND(SUM(M13,N13),2),""),"") | P13: =+IFERROR(IF(COUNT(O13),ROUND(O13/('Shareholding Pattern'!$P$58)*100,2),""),0) | S13: =+IFERROR(IF(COUNT(Q13:R13),ROUND(SUM(Q13:R13),0),""),"") | T13: =+IFERROR(IF(COUNT(K13,S13),ROUND(SUM(S13,K13)/SUM('Shareholding Pattern'!$L$57,'Shareholding Pattern'!$T$57)*100,2),""),0) | V13: =+IFERROR(IF(COUNT(U13),ROUND(SUM(U13)/SUM(K13)*100,2),""),0) | X13: =+IFERROR(IF(COUNT(W13),ROUND(SUM(W13)/SUM(K13)*100,2),""),0) | AC13: =IF(SUM(H13:Y13)>0,1,0) -> 0 | AD13: =IF(COUNT(H15:$Y$14999)=0,"",SUM(AC1:AC65533)) | AR13: Angel Investors
AR14: Private Equity Fund
F16: Total | G16: Total | H16: =+IFERROR(IF(COUNT(H14:H15),ROUND(SUM(H14:H15),0),""),"") | I16: =+IFERROR(IF(COUNT(I14:I15),ROUND(SUM(I14:I15),0),""),"") | J16: =+IFERROR(IF(COUNT(J14:J15),ROUND(SUM(J14:J15),0),""),"") | K16: =+IFERROR(IF(COUNT(K14:K15),ROUND(SUM(K14:K15),0),""),"") | L16: =+IFERROR(IF(COUNT(K16),ROUND(K16/'Shareholding Pattern'!$L$57*100,2),""),0) | M16: =+IFERROR(IF(COUNT(M14:M15),ROUND(SUM(M14:M15),0),""),"") | N16: =+IFERROR(IF(COUNT(N14:N15),ROUND(SUM(N14:N15),0),""),"") | O16: =+IFERROR(IF(COUNT(O14:O15),ROUND(SUM(O14:O15),0),""),"") | P16: =+IFERROR(IF(COUNT(O16),ROUND(O16/('Shareholding Pattern'!$P$58)*100,2),""),0) | Q16: =+IFERROR(IF(COUNT(Q14:Q15),ROUND(SUM(Q14:Q15),0),""),"") | R16: =+IFERROR(IF(COUNT(R14:R15),ROUND(SUM(R14:R15),0),""),"") | S16: =+IFERROR(IF(COUNT(S14:S15),ROUND(SUM(S14:S15),0),""),"") | T16: =+IFERROR(IF(COUNT(K16,S16),ROUND(SUM(S16,K16)/SUM('Shareholding Pattern'!$L$57,'Shareholding Pattern'!$T$57)*100,2),""),0) | U16: =+IFERROR(IF(COUNT(U14:U15),ROUND(SUM(U14:U15),0),""),"") | V16: =+IFERROR(IF(COUNT(U16),ROUND(SUM(U16)/SUM(K16)*100,2),""),0) | W16: =+IFERROR(IF(COUNT(W14:W15),ROUND(SUM(W14:W15),0),""),"") | X16: =+IFERROR(IF(COUNT(W16),ROUND(SUM(W16)/SUM(K16)*100,2),""),0) | Y16: =+IFERROR(IF(COUNT(Y14:Y15),ROUND(SUM(Y14:Y15),0),""),"")

Sheet OtherIND
I1: 1 | AR1: Director or Director's Relatives
E2: Category of other indian shareholders | F2: Category or more than one percentage | G2: Name of shareholder | H2: Permanent account number of shareholder | I2: Number of shareholders | J2: Number of fully paid up equity shares | K2: Number of partly paid-up equity shares | L2: Number of shares underlying outstanding depository receipts | M2: Total number of shares | N2: Shareholding as a percentage of total number of shares held by promoters and public shareholders and custodians or DR holders | O2: Number of voting rights held by same class of securities | P2: Number of voting rights held by differential voting rights | Q2: Total Number of voting rights | R2: Percentage of total number of voting rights | S2: Number of shares underlying outstanding convertible securities | T2: Number of warrant | U2: Number of warrant and convertible securities | V2: Total shareholding as a percentage assuming full conversion of convertible securities | W2: Number of the locked-in-shares | X2: Locked-in-shares as a percentage of total number of shares | Y2: Pledged or encumbered - number of shares | Z2: Pledged or encumbered shares held as percentage of total number of shares | AA2: Number of equity shares held in dematerialized form | AB2: Reason for not providing PAN | AC2: Shareholder type | AR2: Bodies Corporate | AZ2: Promoter | BA2: Promoter Group
AR3: Partnership Firms
AR4: Trusts
AR5: Person Acting in Concert
AR6: Other
D9: Searial No. | E9: Category | G9: Name of the Shareholders (I) | H9: PAN (II) | I9: No. of the Shareholders (I) | J9: No. of fully paid up equity shares held (IV) | K9: No. Of Partly paid-up equity shares held (V) | L9: No. Of shares underlying Depository Receipts (VI) | M9: Total nos. shares held (VII) = (IV)+(V)+ (VI) | N9: Shareholding as a % of total no. of shares (calculated as per SCRR, 1957) (VIII) As a % of (A+B+C2) | O9: Number of Voting Rights held in each class of securities (IX) | S9: No. Of Shares Underlying Outstanding convertible securities (X) | T9: No. of Shares Underlying Outstanding Warrants (Xi) | U9: No. Of Shares Underlying Outstanding convertible securities and No. Of Warrants (Xi) (a) | V9: Shareholding , as a % assuming full conversion of convertible securities (as a percentage of diluted share capital) (XI)= (VII)+(X) As a % of (A+B+C2) | W9: Number of Locked in shares (XII) | Y9: Number of Shares pledged or otherwise encumbered (XIII) | AA9: Number of equity shares held in dematerialized form (XIV) | AB9: Reason for not providing PAN | AC9: Shareholder type | AV9: Category
O10: No of Voting (XIV) Rights | R10: Total as a % of Total Voting rights | AV10: More than 1 percentage of shareholding
O11: Class eg: X | P11: Class eg:y | Q11: Total | W11: No. (a) | X11: As a % of total Shares held (b) | Y11: No. (a) | Z11: As a % of total Shares held (b)
D12: A1(d) | E12: Any Other (specify)
M13: =+IFERROR(IF(COUNT(J13:L13),ROUND(SUM(J13:L13),0),""),"") | N13: =+IFERROR(IF(COUNT(M13),ROUND(M13/'Shareholding Pattern'!$L$57*100,2),""),0) | O13: =IF(J13="","",J13) | Q13: =+IFERROR(IF(COUNT(O13:P13),ROUND(SUM(O13,P13),2),""),"") | R13: =+IFERROR(IF(COUNT(Q13),ROUND(Q13/('Shareholding Pattern'!$P$58)*100,2),""),0) | U13: =+IFERROR(IF(COUNT(S13:T13),ROUND(SUM(S13:T13),0),""),"") | V13: =+IFERROR(IF(COUNT(M13,U13),ROUND(SUM(U13,M13)/SUM('Shareholding Pattern'!$L$57,'Shareholding Pattern'!$T$57)*100,2),""),0) | X13: =+IFERROR(IF(COUNT(W13),ROUND(SUM(W13)/SUM(M13)*100,2),""),0) | Z13: =+IFERROR(IF(COUNT(Y13),ROUND(SUM(Y13)/SUM(M13)*100,2),""),0) | AD13: =IF(COUNT(H16:$AA$15000)=0,"",SUM(AC1:AC65534)) -> 0 | AF13: =IF(SUM(I13:AA13)>0,1,0) -> 0 | AG13: =IF(COUNT(H16:$AA$14994)=0,"",SUM(AF1:AF65528)) -> 1
D15: 1 | E15: Director or Director's Relatives | G15: DHIREN BHOGILAL KOTHARY | H15: AAHPK0621J | I15: 1 | J15: 2450444 | M15: =+IFERROR(IF(COUNT(J15:L15),ROUND(SUM(J15:L15),0),""),"") -> 2450444 | N15: =+IFERROR(IF(COUNT(M15),ROUND(M15/'Shareholding Pattern'!$L$57*100,2),""),0) -> 24.5 | O15: 2450444 | Q15: =+IFERROR(IF(COUNT(O15:P15),ROUND(SUM(O15,P15),2),""),"") -> 2450444 | R15: =+IFERROR(IF(COUNT(Q15),ROUND(Q15/('Shareholding Pattern'!$P$58)*100,2),""),0) -> 24.5 | U15: =+IFERROR(IF(COUNT(S15:T15),ROUND(SUM(S15:T15),0),""),"") | V15: =+IFERROR(IF(COUNT(M15,U15),ROUND(SUM(U15,M15)/SUM('Shareholding Pattern'!$L$57,'Shareholding Pattern'!$T$57)*100,2),""),0) -> 24.5 | X15: =+IFERROR(IF(COUNT(W15),ROUND(SUM(W15)/SUM(M15)*100,2),""),0) | Z15: =+IFERROR(IF(COUNT(Y15),ROUND(SUM(Y15)/SUM(M15)*100,2),""),0) | AA15: 2450444 | AC15: Promoter Group | AD15: =IF(COUNT(H18:$AA$15000)=0,"",SUM(AC3:AC65536)) | AF15: =IF(SUM(I15:AA15)>0,1,0) -> 1
E17: Total | H17: Total | I17: =+IFERROR(IF(COUNT(I14:I16),ROUND(SUM(I14:I16),0),""),"") -> 1 | J17: =+IFERROR(IF(COUNT(J14:J16),ROUND(SUM(J14:J16),0),""),"") -> 2450444 | K17: =+IFERROR(IF(COUNT(K14:K16),ROUND(SUM(K14:K16),0),""),"") | L17: =+IFERROR(IF(COUNT(L14:L16),ROUND(SUM(L14:L16),0),""),"") | M17: =+IFERROR(IF(COUNT(M14:M16),ROUND(SUM(M14:M16),0),""),"") -> 2450444 | N17: =+IFERROR(IF(COUNT(M17),ROUND(M17/'Shareholding Pattern'!$L$57*100,2),""),0) -> 24.5 | O17: =+IFERROR(IF(COUNT(O14:O16),ROUND(SUM(O14:O16),0),""),"") -> 2450444 | P17: =+IFERROR(IF(COUNT(P14:P16),ROUND(SUM(P14:P16),0),""),"") | Q17: =+IFERROR(IF(COUNT(Q14:Q16),ROUND(SUM(Q14:Q16),0),""),"") -> 2450444 | R17: =+IFERROR(IF(COUNT(Q17),ROUND(Q17/('Shareholding Pattern'!$P$58)*100,2),""),0) -> 24.5 | S17: =+IFERROR(IF(COUNT(S14:S16),ROUND(SUM(S14:S16),0),""),"") | T17: =+IFERROR(IF(COUNT(T14:T16),ROUND(SUM(T14:T16),0),""),"") | U17: =+IFERROR(IF(COUNT(U14:U16),ROUND(SUM(U14:U16),0),""),"") | V17: =+IFERROR(IF(COUNT(M17,U17),ROUND(SUM(U17,M17)/SUM('Shareholding Pattern'!$L$57,'Shareholding Pattern'!$T$57)*100,2),""),0) -> 24.5 | W17: =+IFERROR(IF(COUNT(W14:W16),ROUND(SUM(W14:W16),0),""),"") | X17: =+IFERROR(IF(COUNT(W17),ROUND(SUM(W17)/SUM(M17)*100,2),""),0) | Y17: =+IFERROR(IF(COUNT(Y14:Y16),ROUND(SUM(Y14:Y16),0),""),"") | Z17: =+IFERROR(IF(COUNT(Y17),ROUND(SUM(Y17)/SUM(M17)*100,2),""),0) | AA17: =+IFERROR(IF(COUNT(AA14:AA16),ROUND(SUM(AA14:AA16),0),""),"") -> 2450444

Sheet Individuals
I1: 0
F2: Name of shareholder | G2: Permanent account number of shareholder | H2: Number of fully paid up equity shares | I2: Number of partly paid-up equity shares | J2: Number of shares underlying outstanding depository receipts | K2: Total number of shares | L2: Shareholding as a percentage of total number of shares held by promoters and public shareholders and custodians or DR holders | M2: Number of voting rights held by same class of securities | N2: Number of voting rights held by differential voting rights | O2: Total Number of voting rights | P2: Percentage of total number of voting rights | Q2: Number of shares underlying outstanding convertible securities | R2: Number of warrant | S2: Number of warrant and convertible securities | T2: Total shareholding as a percentage assuming full conversion of convertible securities | U2: Number of the locked-in-shares | V2: Locked-in-shares as a percentage of total number of shares | W2: Pledged or encumbered - number of shares | X2: Pledged or encumbered shares held as percentage of total number of shares | Y2: Number of equity shares held in dematerialized form | Z2: Reason for not providing PAN | AA2: Shareholder type | AR2: Promoter | AS2: Promoter Group
E9: Searial No. | F9: Name of the Shareholders (I) | G9: PAN (II) | H9: No. of fully paid up equity shares held (IV) | I9: No. Of Partly paid-up equity shares held (V) | J9: No. Of shares underlying Depository Receipts (VI) | K9: Total nos. shares held (VII) = (IV)+(V)+ (VI) | L9: Shareholding as a % of total no. of shares (calculated as per SCRR, 1957) (VIII) As a % of (A+B+C2) | M9: Number of Voting Rights held in each class of securities (IX) | Q9: No. Of Shares Underlying Outstanding convertible securities (X) | R9: No. of Shares Underlying Outstanding Warrants (Xi) | S9: No. Of Shares Underlying Outstanding convertible securities and No. Of Warrants (Xi) (a) | T9: Shareholding , as a % assuming full conversion of convertible securities (as a percentage of diluted share capital) (XI)= (VII)+(X) As a % of (A+B+C2) | U9: Number of Locked in shares (XII) | W9: Number of Shares pledged or otherwise encumbered (XIII) | Y9: Number of equity shares held in dematerialized form (XIV) | Z9: Reason for not providing PAN | AA9: Shareholder type
M10: No of Voting (XIV) Rights | P10: Total as a % of Total Voting rights
M11: Class eg: X | N11: Class eg:y | O11: Total | U11: No. (a) | V11: As a % of total Shares held (b) | W11: No. (a) | X11: As a % of total Shares held (b)
E12: A2(a) | F12: Individuals (NonResident Individuals/ Foreign Individuals)
K13: =+IFERROR(IF(COUNT(H13:J13),ROUND(SUM(H13:J13),0),""),"") | L13: =+IFERROR(IF(COUNT(K13),ROUND(K13/'Shareholding Pattern'!$L$57*100,2),""),0) | M13: =IF(H13="","",H13) | O13: =+IFERROR(IF(COUNT(M13:N13),ROUND(SUM(M13,N13),2),""),"") | P13: =+IFERROR(IF(COUNT(O13),ROUND(O13/('Shareholding Pattern'!$P$58)*100,2),""),0) | S13: =+IFERROR(IF(COUNT(Q13:R13),ROUND(SUM(Q13:R13),0),""),"") | T13: =+IFERROR(IF(COUNT(K13,S13),ROUND(SUM(S13,K13)/SUM('Shareholding Pattern'!$L$57,'Shareholding Pattern'!$T$57)*100,2),""),0) | V13: =+IFERROR(IF(COUNT(U13),ROUND(SUM(U13)/SUM(K13)*100,2),""),0) | X13: =+IFERROR(IF(COUNT(W13),ROUND(SUM(W13)/SUM(K13)*100,2),""),0) | AC13: =IF(SUM(H13:Y13)>0,1,0) -> 0 | AD13: =IF(COUNT(H15:$Y$15000)=0,"",SUM(AC1:AC65533))
F16: Total | G16: Total | H16: =+IFERROR(IF(COUNT(H14:H15),ROUND(SUM(H14:H15),0),""),"") | I16: =+IFERROR(IF(COUNT(I14:I15),ROUND(SUM(I14:I15),0),""),"") | J16: =+IFERROR(IF(COUNT(J14:J15),ROUND(SUM(J14:J15),0),""),"") | K16: =+IFERROR(IF(COUNT(K14:K15),ROUND(SUM(K14:K15),0),""),"") | L16: =+IFERROR(IF(COUNT(K16),ROUND(K16/'Shareholding Pattern'!$L$57*100,2),""),0) | M16: =+IFERROR(IF(COUNT(M14:M15),ROUND(SUM(M14:M15),0),""),"") | N16: =+IFERROR(IF(COUNT(N14:N15),ROUND(SUM(N14:N15),0),""),"") | O16: =+IFERROR(IF(COUNT(O14:O15),ROUND(SUM(O14:O15),0),""),"") | P16: =+IFERROR(IF(COUNT(O16),ROUND(O16/('Shareholding Pattern'!$P$58)*100,2),""),0) | Q16: =+IFERROR(IF(COUNT(Q14:Q15),ROUND(SUM(Q14:Q15),0),""),"") | R16: =+IFERROR(IF(COUNT(R14:R15),ROUND(SUM(R14:R15),0),""),"") | S16: =+IFERROR(IF(COUNT(S14:S15),ROUND(SUM(S14:S15),0),""),"") | T16: =+IFERROR(IF(COUNT(K16,S16),ROUND(SUM(S16,K16)/SUM('Shareholding Pattern'!$L$57,'Shareholding Pattern'!$T$57)*100,2),""),0) | U16: =+IFERROR(IF(COUNT(U14:U15),ROUND(SUM(U14:U15),0),""),"") | V16: =+IFERROR(IF(COUNT(U16),ROUND(SUM(U16)/SUM(K16)*100,2),""),0) | W16: =+IFERROR(IF(COUNT(W14:W15),ROUND(SUM(W14:W15),0),""),"") | X16: =+IFERROR(IF(COUNT(W16),ROUND(SUM(W16)/SUM(K16)*100,2),""),0) | Y16: =+IFERROR(IF(COUNT(Y14:Y15),ROUND(SUM(Y14:Y15),0),""),"")

Sheet Government
I1: 0
F2: Name of shareholder | G2: Permanent account number of shareholder | H2: Number of fully paid up equity shares | I2: Number of partly paid-up equity shares | J2: Number of shares underlying outstanding depository receipts | K2: Total number of shares | L2: Shareholding as a percentage of total number of shares held by promoters and public shareholders and custodians or DR holders | M2: Number of voting rights held by same class of securities | N2: Number of voting rights held by differential voting rights | O2: Total Number of voting rights | P2: Percentage of total number of voting rights | Q2: Number of shares underlying outstanding convertible securities | R2: Number of warrant | S2: Number of warrant and convertible securities | T2: Total shareholding as a percentage assuming full conversion of convertible securities | U2: Number of the locked-in-shares | V2: Locked-in-shares as a percentage of total number of shares | W2: Pledged or encumbered - number of shares | X2: Pledged or encumbered shares held as percentage of total number of shares | Y2: Number of equity shares held in dematerialized form | Z2: Reason for not providing PAN | AA2: Shareholder type | AR2: Promoter | AS2: Promoter Group
E9: Searial No. | F9: Name of the Shareholders (I) | G9: PAN (II) | H9: No. of fully paid up equity shares held (IV) | I9: No. Of Partly paid-up equity shares held (V) | J9: No. Of shares underlying Depository Receipts (VI) | K9: Total nos. shares held (VII) = (IV)+(V)+ (VI) | L9: Shareholding as a % of total no. of shares (calculated as per SCRR, 1957) (VIII) As a % of (A+B+C2) | M9: Number of Voting Rights held in each class of securities (IX) | Q9: No. Of Shares Underlying Outstanding convertible securities (X) | R9: No. of Shares Underlying Outstanding Warrants (Xi) | S9: No. Of Shares Underlying Outstanding convertible securities and No. Of Warrants (Xi) (a) | T9: Shareholding , as a % assuming full conversion of convertible securities (as a percentage of diluted share capital) (XI)= (VII)+(X) As a % of (A+B+C2) | U9: Number of Locked in shares (XII) | W9: Number of Shares pledged or otherwise encumbered (XIII) | Y9: Number of equity shares held in dematerialized form (XIV) | Z9: Reason for not providing PAN | AA9: Shareholder type
M10: No of Voting (XIV) Rights | P10: Total as a % of Total Voting rights
M11: Class eg: X | N11: Class eg:y | O11: Total | U11: No. (a) | V11: As a % of total Shares held (b) | W11: No. (a) | X11: As a % of total Shares held (b)
E12: A2(a) | F12: Government
K13: =+IFERROR(IF(COUNT(H13:J13),ROUND(SUM(H13:J13),0),""),"") | L13: =+IFERROR(IF(COUNT(K13),ROUND(K13/'Shareholding Pattern'!$L$57*100,2),""),0) | M13: =IF(H13="","",H13) | O13: =+IFERROR(IF(COUNT(M13:N13),ROUND(SUM(M13,N13),2),""),"") | P13: =+IFERROR(IF(COUNT(O13),ROUND(O13/('Shareholding Pattern'!$P$58)*100,2),""),0) | S13: =+IFERROR(IF(COUNT(Q13:R13),ROUND(SUM(Q13:R13),0),""),"") | T13: =+IFERROR(IF(COUNT(K13,S13),ROUND(SUM(S13,K13)/SUM('Shareholding Pattern'!$L$57,'Shareholding Pattern'!$T$57)*100,2),""),0) | V13: =+IFERROR(IF(COUNT(U13),ROUND(SUM(U13)/SUM(K13)*100,2),""),0) | X13: =+IFERROR(IF(COUNT(W13),ROUND(SUM(W13)/SUM(K13)*100,2),""),0) | AC13: =IF(SUM(H13:I13)>0,1,0) -> 0 | AD13: =IF(COUNT(H15:$Y$15000)=0,"",SUM(AC1:AC65533))
F16: Total | G16: Total | H16: =+IFERROR(IF(COUNT(H14:H15),ROUND(SUM(H14:H15),0),""),"") | I16: =+IFERROR(IF(COUNT(I14:I15),ROUND(SUM(I14:I15),0),""),"") | J16: =+IFERROR(IF(COUNT(J14:J15),ROUND(SUM(J14:J15),0),""),"") | K16: =+IFERROR(IF(COUNT(K14:K15),ROUND(SUM(K14:K15),0),""),"") | L16: =+IFERROR(IF(COUNT(K16),ROUND(K16/'Shareholding Pattern'!$L$57*100,2),""),0) | M16: =+IFERROR(IF(COUNT(M14:M15),ROUND(SUM(M14:M15),0),""),"") | N16: =+IFERROR(IF(COUNT(N14:N15),ROUND(SUM(N14:N15),0),""),"") | O16: =+IFERROR(IF(COUNT(O14:O15),ROUND(SUM(O14:O15),0),""),"") | P16: =+IFERROR(IF(COUNT(O16),ROUND(O16/('Shareholding Pattern'!$P$58)*100,2),""),0) | Q16: =+IFERROR(IF(COUNT(Q14:Q15),ROUND(SUM(Q14:Q15),0),""),"") | R16: =+IFERROR(IF(COUNT(R14:R15),ROUND(SUM(R14:R15),0),""),"") | S16: =+IFERROR(IF(COUNT(S14:S15),ROUND(SUM(S14:S15),0),""),"") | T16: =+IFERROR(IF(COUNT(K16,S16),ROUND(SUM(S16,K16)/SUM('Shareholding Pattern'!$L$57,'Shareholding Pattern'!$T$57)*100,2),""),0) | U16: =+IFERROR(IF(COUNT(U14:U15),ROUND(SUM(U14:U15),0),""),"") | V16: =+IFERROR(IF(COUNT(U16),ROUND(SUM(U16)/SUM(K16)*100,2),""),0) | W16: =+IFERROR(IF(COUNT(W14:W15),ROUND(SUM(W14:W15),0),""),"") | X16: =+IFERROR(IF(COUNT(W16),ROUND(SUM(W16)/SUM(K16)*100,2),""),0) | Y16: =+IFERROR(IF(COUNT(Y14:Y15),ROUND(SUM(Y14:Y15),0),""),"")

Sheet Institutions
I1: 0
F2: Name of shareholder | G2: Permanent account number of shareholder | H2: Number of fully paid up equity shares | I2: Number of partly paid-up equity shares | J2: Number of shares underlying outstanding depository receipts | K2: Total number of shares | L2: Shareholding as a percentage of total number of shares held by promoters and public shareholders and custodians or DR holders | M2: Number of voting rights held by same class of securities | N2: Number of voting rights held by differential voting rights | O2: Total Number of voting rights | P2: Percentage of total number of voting rights | Q2: Number of shares underlying outstanding convertible securities | R2: Number of warrant | S2: Number of warrant and convertible securities | T2: Total shareholding as a percentage assuming full conversion of convertible securities | U2: Number of the locked-in-shares | V2: Locked-in-shares as a percentage of total number of shares | W2: Pledged or encumbered - number of shares | X2: Pledged or encumbered shares held as percentage of total number of shares | Y2: Number of equity shares held in dematerialized form | Z2: Reason for not providing PAN | AA2: Shareholder type | AR2: Promoter | AS2: Promoter Group
AR7: Trusts
AR8: Societies
E9: Searial No. | F9: Name of the Shareholders (I) | G9: PAN (II) | H9: No. of fully paid up equity shares held (IV) | I9: No. Of Partly paid-up equity shares held (V) | J9: No. Of shares underlying Depository Receipts (VI) | K9: Total nos. shares held (VII) = (IV)+(V)+ (VI) | L9: Shareholding as a % of total no. of shares (calculated as per SCRR, 1957) (VIII) As a % of (A+B+C2) | M9: Number of Voting Rights held in each class of securities (IX) | Q9: No. Of Shares Underlying Outstanding convertible securities (X) | R9: No. of Shares Underlying Outstanding Warrants (Xi) | S9: No. Of Shares Underlying Outstanding convertible securities and No. Of Warrants (Xi) (a) | T9: Shareholding , as a % assuming full conversion of convertible securities (as a percentage of diluted share capital) (XI)= (VII)+(X) As a % of (A+B+C2) | U9: Number of Locked in shares (XII) | W9: Number of Shares pledged or otherwise encumbered (XIII) | Y9: Number of equity shares held in dematerialized form (XIV) | Z9: Reason for not providing PAN | AA9: Shareholder type | AR9: ESOP or ESOS or ESPS
M10: No of Voting (XIV) Rights | P10: Total as a % of Total Voting rights | AR10: Employee welfare fund
M11: Class eg: X | N11: Class eg:y | O11: Total | U11: No. (a) | V11: As a % of total Shares held (b) | W11: No. (a) | X11: As a % of total Shares held (b) | AR11: Overseas corporate bodies
E12: A2(c) | F12: Institutions | AR12: Venture capital funds
K13: =+IFERROR(IF(COUNT(H13:J13),ROUND(SUM(H13:J13),0),""),"") | L13: =+IFERROR(IF(COUNT(K13),ROUND(K13/'Shareholding Pattern'!$L$57*100,2),""),0) | M13: =IF(H13="","",H13) | O13: =+IFERROR(IF(COUNT(M13:N13),ROUND(SUM(M13,N13),2),""),"") | P13: =+IFERROR(IF(COUNT(O13),ROUND(O13/('Shareholding Pattern'!$P$58)*100,2),""),0) | S13: =+IFERROR(IF(COUNT(Q13:R13),ROUND(SUM(Q13:R13),0),""),"") | T13: =+IFERROR(IF(COUNT(K13,S13),ROUND(SUM(S13,K13)/SUM('Shareholding Pattern'!$L$57,'Shareholding Pattern'!$T$57)*100,2),""),0) | V13: =+IFERROR(IF(COUNT(U13),ROUND(SUM(U13)/SUM(K13)*100,2),""),0) | X13: =+IFERROR(IF(COUNT(W13),ROUND(SUM(W13)/SUM(K13)*100,2),""),0) | AC13: =IF(SUM(H13:Y13)>0,1,0) -> 0 | AD13: =IF(COUNT(H15:$Y$15000)=0,"",SUM(AC1:AC65533)) | AR13: Angel Investors
AR14: Private Equity Fund
F16: Total | G16: Total | H16: =+IFERROR(IF(COUNT(H14:H15),ROUND(SUM(H14:H15),0),""),"") | I16: =+IFERROR(IF(COUNT(I14:I15),ROUND(SUM(I14:I15),0),""),"") | J16: =+IFERROR(IF(COUNT(J14:J15),ROUND(SUM(J14:J15),0),""),"") | K16: =+IFERROR(IF(COUNT(K14:K15),ROUND(SUM(K14:K15),0),""),"") | L16: =+IFERROR(IF(COUNT(K16),ROUND(K16/'Shareholding Pattern'!$L$57*100,2),""),0) | M16: =+IFERROR(IF(COUNT(M14:M15),ROUND(SUM(M14:M15),0),""),"") | N16: =+IFERROR(IF(COUNT(N14:N15),ROUND(SUM(N14:N15),0),""),"") | O16: =+IFERROR(IF(COUNT(O14:O15),ROUND(SUM(O14:O15),0),""),"") | P16: =+IFERROR(IF(COUNT(O16),ROUND(O16/('Shareholding Pattern'!$P$58)*100,2),""),0) | Q16: =+IFERROR(IF(COUNT(Q14:Q15),ROUND(SUM(Q14:Q15),0),""),"") | R16: =+IFERROR(IF(COUNT(R14:R15),ROUND(SUM(R14:R15),0),""),"") | S16: =+IFERROR(IF(COUNT(S14:S15),ROUND(SUM(S14:S15),0),""),"") | T16: =+IFERROR(IF(COUNT(K16,S16),ROUND(SUM(S16,K16)/SUM('Shareholding Pattern'!$L$57,'Shareholding Pattern'!$T$57)*100,2),""),0) | U16: =+IFERROR(IF(COUNT(U14:U15),ROUND(SUM(U14:U15),0),""),"") | V16: =+IFERROR(IF(COUNT(U16),ROUND(SUM(U16)/SUM(K16)*100,2),""),0) | W16: =+IFERROR(IF(COUNT(W14:W15),ROUND(SUM(W14:W15),0),""),"") | X16: =+IFERROR(IF(COUNT(W16),ROUND(SUM(W16)/SUM(K16)*100,2),""),0) | Y16: =+IFERROR(IF(COUNT(Y14:Y15),ROUND(SUM(Y14:Y15),0),""),"")

Sheet FPIPromoter
I1: 0
F2: Name of shareholder | G2: Permanent account number of shareholder | H2: Number of fully paid up equity shares | I2: Number of partly paid-up equity shares | J2: Number of shares underlying outstanding depository receipts | K2: Total number of shares | L2: Shareholding as a percentage of total number of shares held by promoters and public shareholders and custodians or DR holders | M2: Number of voting rights held by same class of securities | N2: Number of voting rights held by differential voting rights | O2: Total Number of voting rights | P2: Percentage of total number of voting rights | Q2: Number of shares underlying outstanding convertible securities | R2: Number of warrant | S2: Number of warrant and convertible securities | T2: Total shareholding as a percentage assuming full conversion of convertible securities | U2: Number of the locked-in-shares | V2: Locked-in-shares as a percentage of total number of shares | W2: Pledged or encumbered - number of shares | X2: Pledged or encumbered shares held as percentage of total number of shares | Y2: Number of equity shares held in dematerialized form | Z2: Reason for not providing PAN | AA2: Shareholder type | AR2: Promoter | AS2: Promoter Group
AR7: Trusts
AR8: Societies
E9: Searial No. | F9: Name of the Shareholders (I) | G9: PAN (II) | H9: No. of fully paid up equity shares held (IV) | I9: No. Of Partly paid-up equity shares held (V) | J9: No. Of shares underlying Depository Receipts (VI) | K9: Total nos. shares held (VII) = (IV)+(V)+ (VI) | L9: Shareholding as a % of total no. of shares (calculated as per SCRR, 1957) (VIII) As a % of (A+B+C2) | M9: Number of Voting Rights held in each class of securities (IX) | Q9: No. Of Shares Underlying Outstanding convertible securities (X) | R9: No. of Shares Underlying Outstanding Warrants (Xi) | S9: No. Of Shares Underlying Outstanding convertible securities and No. Of Warrants (Xi) (a) | T9: Shareholding , as a % assuming full conversion of convertible securities (as a percentage of diluted share capital) (XI)= (VII)+(X) As a % of (A+B+C2) | U9: Number of Locked in shares (XII) | W9: Number of Shares pledged or otherwise encumbered (XIII) | Y9: Number of equity shares held in dematerialized form (XIV) | Z9: Reason for not providing PAN | AA9: Shareholder type | AR9: ESOP or ESOS or ESPS
M10: No of Voting (XIV) Rights | P10: Total as a % of Total Voting rights | AR10: Employee welfare fund
M11: Class eg: X | N11: Class eg:y | O11: Total | U11: No. (a) | V11: As a % of total Shares held (b) | W11: No. (a) | X11: As a % of total Shares held (b) | AR11: Overseas corporate bodies
E12: A2(d) | F12: Foreign Portfolio Investor | AR12: Venture capital funds
K13: =+IFERROR(IF(COUNT(H13:J13),ROUND(SUM(H13:J13),0),""),"") | L13: =+IFERROR(IF(COUNT(K13),ROUND(K13/'Shareholding Pattern'!$L$57*100,2),""),0) | M13: =IF(H13="","",H13) | O13: =+IFERROR(IF(COUNT(M13:N13),ROUND(SUM(M13,N13),2),""),"") | P13: =+IFERROR(IF(COUNT(O13),ROUND(O13/('Shareholding Pattern'!$P$58)*100,2),""),0) | S13: =+IFERROR(IF(COUNT(Q13:R13),ROUND(SUM(Q13:R13),0),""),"") | T13: =+IFERROR(IF(COUNT(K13,S13),ROUND(SUM(S13,K13)/SUM('Shareholding Pattern'!$L$57,'Shareholding Pattern'!$T$57)*100,2),""),0) | V13: =+IFERROR(IF(COUNT(U13),ROUND(SUM(U13)/SUM(K13)*100,2),""),0) | X13: =+IFERROR(IF(COUNT(W13),ROUND(SUM(W13)/SUM(K13)*100,2),""),0) | AC13: =IF(SUM(H13:Y13)>0,1,0) -> 0 | AD13: =IF(COUNT(H15:$Y$15000)=0,"",SUM(AC1:AC65533)) | AR13: Angel Investors
AR14: Private Equity Fund
F16: Total | G16: Total | H16: =+IFERROR(IF(COUNT(H14:H15),ROUND(SUM(H14:H15),0),""),"") | I16: =+IFERROR(IF(COUNT(I14:I15),ROUND(SUM(I14:I15),0),""),"") | J16: =+IFERROR(IF(COUNT(J14:J15),ROUND(SUM(J14:J15),0),""),"") | K16: =+IFERROR(IF(COUNT(K14:K15),ROUND(SUM(K14:K15),0),""),"") | L16: =+IFERROR(IF(COUNT(K16),ROUND(K16/'Shareholding Pattern'!$L$57*100,2),""),0) | M16: =+IFERROR(IF(COUNT(M14:M15),ROUND(SUM(M14:M15),0),""),"") | N16: =+IFERROR(IF(COUNT(N14:N15),ROUND(SUM(N14:N15),0),""),"") | O16: =+IFERROR(IF(COUNT(O14:O15),ROUND(SUM(O14:O15),0),""),"") | P16: =+IFERROR(IF(COUNT(O16),ROUND(O16/('Shareholding Pattern'!$P$58)*100,2),""),0) | Q16: =+IFERROR(IF(COUNT(Q14:Q15),ROUND(SUM(Q14:Q15),0),""),"") | R16: =+IFERROR(IF(COUNT(R14:R15),ROUND(SUM(R14:R15),0),""),"") | S16: =+IFERROR(IF(COUNT(S14:S15),ROUND(SUM(S14:S15),0),""),"") | T16: =+IFERROR(IF(COUNT(K16,S16),ROUND(SUM(S16,K16)/SUM('Shareholding Pattern'!$L$57,'Shareholding Pattern'!$T$57)*100,2),""),0) | U16: =+IFERROR(IF(COUNT(U14:U15),ROUND(SUM(U14:U15),0),""),"") | V16: =+IFERROR(IF(COUNT(U16),ROUND(SUM(U16)/SUM(K16)*100,2),""),0) | W16: =+IFERROR(IF(COUNT(W14:W15),ROUND(SUM(W14:W15),0),""),"") | X16: =+IFERROR(IF(COUNT(W16),ROUND(SUM(W16)/SUM(K16)*100,2),""),0) | Y16: =+IFERROR(IF(COUNT(Y14:Y15),ROUND(SUM(Y14:Y15),0),""),"")

Sheet OtherForeign
I1: 0
E2: Category of other foreign shareholders | F2: Category or more than one percentage | G2: Name of shareholder | H2: Permanent account number of shareholder | I2: Number of shareholders | J2: Number of fully paid up equity shares | K2: Number of partly paid-up equity shares | L2: Number of shares underlying outstanding depository receipts | M2: Total number of shares | N2: Shareholding as a percentage of total number of shares held by promoters and public shareholders and custodians or DR holders | O2: Number of voting rights held by same class of securities | P2: Number of voting rights held by differential voting rights | Q2: Total Number of voting rights | R2: Percentage of total number of voting rights | S2: Number of shares underlying outstanding convertible securities | T2: Number of warrant | U2: Number of warrant and convertible securities | V2: Total shareholding as a percentage assuming full conversion of convertible securities | W2: Number of the locked-in-shares | X2: Locked-in-shares as a percentage of total number of shares | Y2: Pledged or encumbered - number of shares | Z2: Pledged or encumbered shares held as percentage of total number of shares | AA2: Number of equity shares held in dematerialized form | AB2: Reason for not providing PAN | AC2: Shareholder type | AR2: Promoter | AS2: Promoter Group
AR3: Bodies Corporate | AS3: Clearing Member | AT3: Employee Welfare Fund | AU3: Firms | AV3: Other | AW3: Overseas Corporate Bodies | AX3: Private Equity Fund | AY3: Societies | AZ3: Trust | BA3: Venture Capital Fund
D9: Searial No. | E9: Category | G9: Name of the Shareholders (I) | H9: PAN (II) | I9: No. of the Shareholders (I) | J9: No. of fully paid up equity shares held (IV) | K9: No. Of Partly paid-up equity shares held (V) | L9: No. Of shares underlying Depository Receipts (VI) | M9: Total nos. shares held (VII) = (IV)+(V)+ (VI) | N9: Shareholding as a % of total no. of shares (calculated as per SCRR, 1957) (VIII) As a % of (A+B+C2) | O9: Number of Voting Rights held in each class of securities (IX) | S9: No. Of Shares Underlying Outstanding convertible securities (X) | T9: No. of Shares Underlying Outstanding Warrants (Xi) | U9: No. Of Shares Underlying Outstanding convertible securities and No. Of Warrants (Xi) (a) | V9: Shareholding , as a % assuming full conversion of convertible securities (as a percentage of diluted share capital) (XI)= (VII)+(X) As a % of (A+B+C2) | W9: Number of Locked in shares (XII) | Y9: Number of Shares pledged or otherwise encumbered (XIII) | AA9: Number of equity shares held in dematerialized form (XIV) | AB9: Reason for not providing PAN | AC9: Shareholder type | AV9: Category
O10: No of Voting (XIV) Rights | R10: Total as a % of Total Voting rights | AV10: More than 1 percentage of shareholding
O11: Class eg: X | P11: Class eg:y | Q11: Total | W11: No. (a) | X11: As a % of total Shares held (b) | Y11: No. (a) | Z11: As a % of total Shares held (b)
D12: A2(d) | E12: Any Other (specify)
M13: =+IFERROR(IF(COUNT(J13:L13),ROUND(SUM(J13:L13),0),""),"") | N13: =+IFERROR(IF(COUNT(M13),ROUND(M13/'Shareholding Pattern'!$L$57*100,2),""),0) | O13: =IF(J13="","",J13) | Q13: =+IFERROR(IF(COUNT(O13:P13),ROUND(SUM(O13,P13),0),""),"") | R13: =+IFERROR(IF(COUNT(Q13),ROUND(Q13/('Shareholding Pattern'!$P$58)*100,2),""),0) | U13: =+IFERROR(IF(COUNT(S13:T13),ROUND(SUM(S13:T13),0),""),"") | V13: =+IFERROR(IF(COUNT(M13,U13),ROUND(SUM(U13,M13)/SUM('Shareholding Pattern'!$L$57,'Shareholding Pattern'!$T$57)*100,2),""),0) | X13: =+IFERROR(IF(W13="","",(IF(COUNT(W13,M13),ROUND(SUM(W13)/SUM(M13)*100,2),""))),0) | Z13: =+IFERROR(IF(Y13="","",(IF(COUNT(Y13,M13),ROUND(SUM(Y13)/SUM(M13)*100,2),""))),0) | AF13: =IF(SUM(I13:AA13),1,0) -> 0 | AG13: =IF(COUNT(H15:$Y$14998)=0,"",SUM(AF1:AF65531))
G16: Total | H16: Total | I16: =+IFERROR(IF(COUNT(I14:I15),ROUND(SUM(I14:I15),0),""),"") | J16: =+IFERROR(IF(COUNT(J14:J15),ROUND(SUM(J14:J15),0),""),"") | K16: =+IFERROR(IF(COUNT(K14:K15),ROUND(SUM(K14:K15),0),""),"") | L16: =+IFERROR(IF(COUNT(L14:L15),ROUND(SUM(L14:L15),0),""),"") | M16: =+IFERROR(IF(COUNT(M14:M15),ROUND(SUM(M14:M15),0),""),"") | N16: =+IFERROR(IF(COUNT(M16),ROUND(M16/'Shareholding Pattern'!$L$57*100,2),""),0) | O16: =+IFERROR(IF(COUNT(O14:O15),ROUND(SUM(O14:O15),0),""),"") | P16: =+IFERROR(IF(COUNT(P14:P15),ROUND(SUM(P14:P15),0),""),"") | Q16: =+IFERROR(IF(COUNT(Q14:Q15),ROUND(SUM(Q14:Q15),0),""),"") | R16: =+IFERROR(IF(COUNT(Q16),ROUND(Q16/('Shareholding Pattern'!$P$58)*100,2),""),0) | S16: =+IFERROR(IF(COUNT(S14:S15),ROUND(SUM(S14:S15),0),""),"") | T16: =+IFERROR(IF(COUNT(T14:T15),ROUND(SUM(T14:T15),0),""),"") | U16: =+IFERROR(IF(COUNT(U14:U15),ROUND(SUM(U14:U15),0),""),"") | V16: =+IFERROR(IF(COUNT(M16,U16),ROUND(SUM(U16,M16)/SUM('Shareholding Pattern'!$L$57,'Shareholding Pattern'!$T$57)*100,2),""),0) | W16: =+IFERROR(IF(COUNT(W14:W15),ROUND(SUM(W14:W15),0),""),"") | X16: =+IFERROR(IF(COUNT(W16,J16),ROUND(SUM(W16)/SUM(M16)*100,2),""),0) | Y16: =+IFERROR(IF(COUNT(Y14:Y15),ROUND(SUM(Y14:Y15),0),""),"") | Z16: =+IFERROR(IF(COUNT(Y16,J16),ROUND(SUM(Y16)/SUM(M16)*100,2),""),0) | AA16: =+IFERROR(IF(COUNT(AA14:AA15),ROUND(SUM(AA14:AA15),0),""),"")

Sheet MutuaFund
I1: 0
F2: Name of shareholder | G2: Permanent account number of shareholder | H2: Number of fully paid up equity shares | I2: Number of partly paid-up equity shares | J2: Number of shares underlying outstanding depository receipts | K2: Total number of shares | L2: Shareholding as a percentage of total number of shares held by promoters and public shareholders and custodians or DR holders | M2: Number of voting rights held by same class of securities | N2: Number of voting rights held by differential voting rights | O2: Total Number of voting rights | P2: Percentage of total number of voting rights | Q2: Number of shares underlying outstanding convertible securities | R2: Number of warrant | S2: Number of warrant and convertible securities | T2: Total shareholding as a percentage assuming full conversion of convertible securities | U2: Number of the locked-in-shares | V2: Locked-in-shares as a percentage of total number of shares | W2: Number of equity shares held in dematerialized form | X2: Reason for not providing PAN
AR7: NRI
AR8: Trusts
E9: Searial No. | F9: Name of the Shareholders (I) | G9: PAN (II) | H9: No. of fully paid up equity shares held (IV) | I9: No. Of Partly paid-up equity shares held (V) | J9: No. Of shares underlying Depository Receipts (VI) | K9: Total nos. shares held (VII) = (IV)+(V)+ (VI) | L9: Shareholding as a % of total no. of shares (calculated as per SCRR, 1957) (VIII) As a % of (A+B+C2) | M9: Number of Voting Rights held in each class of securities (IX) | Q9: No. Of Shares Underlying Outstanding convertible securities (X) | R9: No. of Shares Underlying Outstanding Warrants (Xi) | S9: No. Of Shares Underlying Outstanding convertible securities and No. Of Warrants (Xi) (a) | T9: Shareholding , as a % assuming full conversion of convertible securities (as a percentage of diluted share capital) (XI)= (VII)+(X) As a % of (A+B+C2) | U9: Number of Locked in shares (XII) | W9: Number of equity shares held in dematerialized form (XIV) | X9: Reason for not providing PAN | AR9: Market Maker
M10: No of Voting (XIV) Rights | P10: Total as a % of Total Voting rights | AR10: HUF
M11: Class eg: X | N11: Class eg:y | O11: Total | U11: No. (a) | V11: As a % of total Shares held (b) | AR11: Clearing Members
E12: B1(a) | F12: Mutual Funds | AR12: NSDL or CDSL transit
K13: =+IFERROR(IF(COUNT(H13:J13),ROUND(SUM(H13:J13),0),""),"") | L13: =+IFERROR(IF(COUNT(K13),ROUND(K13/'Shareholding Pattern'!$L$57*100,2),""),"") | M13: =IF(H13="","",H13) | O13: =+IFERROR(IF(COUNT(M13:N13),ROUND(SUM(M13,N13),2),""),"") | P13: =+IFERROR(IF(COUNT(O13),ROUND(O13/('Shareholding Pattern'!$P$58)*100,2),""),"") | S13: =+IFERROR(IF(COUNT(Q13:R13),ROUND(SUM(Q13:R13),0),""),"") | T13: =+IFERROR(IF(COUNT(K13,S13),ROUND(SUM(S13,K13)/SUM('Shareholding Pattern'!$L$57,'Shareholding Pattern'!$T$57)*100,2),""),"") | V13: =+IFERROR(IF(COUNT(U13),ROUND(SUM(U13)/SUM(K13)*100,2),""),0) | AC13: =IF(SUM(H13:W13)>0,1,0) -> 0 | AD13: =SUM(AC15:AC65535) -> 0 | AR13: Employee welfare fund
G14: Disclosure of shareholder holding more than 1% of total number of shares | AR14: Overseas corporate bodies
F16: Total | G16: Total | H16: =+IFERROR(IF(COUNT(H14:H15),ROUND(SUM(H14:H15),0),""),"") | I16: =+IFERROR(IF(COUNT(I14:I15),ROUND(SUM(I14:I15),0),""),"") | J16: =+IFERROR(IF(COUNT(J14:J15),ROUND(SUM(J14:J15),0),""),"") | K16: =+IFERROR(IF(COUNT(K14:K15),ROUND(SUM(K14:K15),0),""),"") | L16: =+IFERROR(IF(COUNT(K16),ROUND(K16/'Shareholding Pattern'!$L$57*100,2),""),"") | M16: =+IFERROR(IF(COUNT(M14:M15),ROUND(SUM(M14:M15),0),""),"") | N16: =+IFERROR(IF(COUNT(N14:N15),ROUND(SUM(N14:N15),0),""),"") | O16: =+IFERROR(IF(COUNT(O14:O15),ROUND(SUM(O14:O15),0),""),"") | P16: =+IFERROR(IF(COUNT(O16),ROUND(O16/('Shareholding Pattern'!$P$58)*100,2),""),"") | Q16: =+IFERROR(IF(COUNT(Q14:Q15),ROUND(SUM(Q14:Q15),0),""),"") | R16: =+IFERROR(IF(COUNT(R14:R15),ROUND(SUM(R14:R15),0),""),"") | S16: =+IFERROR(IF(COUNT(S14:S15),ROUND(SUM(S14:S15),0),""),"") | T16: =+IFERROR(IF(COUNT(K16,S16),ROUND(SUM(S16,K16)/SUM('Shareholding Pattern'!$L$57,'Shareholding Pattern'!$T$57)*100,2),""),"") | U16: =+IFERROR(IF(COUNT(U14:U15),ROUND(SUM(U14:U15),0),""),"") | V16: =+IFERROR(IF(COUNT(U16),ROUND(SUM(U16)/SUM(K16)*100,2),""),0) | W16: =+IFERROR(IF(COUNT(W14:W15),ROUND(SUM(W14:W15),0),""),"")

Sheet VentureCap
I1: 0
F2: Name of shareholder | G2: Permanent account number of shareholder | H2: Number of fully paid up equity shares | I2: Number of partly paid-up equity shares | J2: Number of shares underlying outstanding depository receipts | K2: Total number of shares | L2: Shareholding as a percentage of total number of shares held by promoters and public shareholders and custodians or DR holders | M2: Number of voting rights held by same class of securities | N2: Number of voting rights held by differential voting rights | O2: Total Number of voting rights | P2: Percentage of total number of voting rights | Q2: Number of shares underlying outstanding convertible securities | R2: Number of warrant | S2: Number of warrant and convertible securities | T2: Total shareholding as a percentage assuming full conversion of convertible securities | U2: Number of the locked-in-shares | V2: Locked-in-shares as a percentage of total number of shares | W2: Number of equity shares held in dematerialized form | X2: Reason for not providing PAN
AR7: NRI
AR8: Trusts
E9: Searial No. | F9: Name of the Shareholders (I) | G9: PAN (II) | H9: No. of fully paid up equity shares held (IV) | I9: No. Of Partly paid-up equity shares held (V) | J9: No. Of shares underlying Depository Receipts (VI) | K9: Total nos. shares held (VII) = (IV)+(V)+ (VI) | L9: Shareholding as a % of total no. of shares (calculated as per SCRR, 1957) (VIII) As a % of (A+B+C2) | M9: Number of Voting Rights held in each class of securities (IX) | Q9: No. Of Shares Underlying Outstanding convertible securities (X) | R9: No. of Shares Underlying Outstanding Warrants (Xi) | S9: No. Of Shares Underlying Outstanding convertible securities and No. Of Warrants (Xi) (a) | T9: Shareholding , as a % assuming full conversion of convertible securities (as a percentage of diluted share capital) (XI)= (VII)+(X) As a % of (A+B+C2) | U9: Number of Locked in shares (XII) | W9: Number of equity shares held in dematerialized form (XIV) | X9: Reason for not providing PAN | AR9: Market Maker
M10: No of Voting (XIV) Rights | P10: Total as a % of Total Voting rights | AR10: HUF
M11: Class eg: X | N11: Class eg:y | O11: Total | U11: No. (a) | V11: As a % of total Shares held (b) | AR11: Clearing Members
E12: B1(b) | F12: Venture Capital Funds | AR12: NSDL or CDSL transit
K13: =+IFERROR(IF(COUNT(H13:J13),ROUND(SUM(H13:J13),0),""),"") | L13: =+IFERROR(IF(COUNT(K13),ROUND(K13/'Shareholding Pattern'!$L$57*100,2),""),"") | M13: =IF(H13="","",H13) | O13: =+IFERROR(IF(COUNT(M13:N13),ROUND(SUM(M13,N13),2),""),"") | P13: =+IFERROR(IF(COUNT(O13),ROUND(O13/('Shareholding Pattern'!$P$58)*100,2),""),"") | S13: =+IFERROR(IF(COUNT(Q13:R13),ROUND(SUM(Q13:R13),0),""),"") | T13: =+IFERROR(IF(COUNT(K13,S13),ROUND(SUM(S13,K13)/SUM('Shareholding Pattern'!$L$57,'Shareholding Pattern'!$T$57)*100,2),""),"") | V13: =+IFERROR(IF(COUNT(U13),ROUND(SUM(U13)/SUM(K13)*100,2),""),0) | AC13: =IF(SUM(H13:W13)>0,1,0) -> 0 | AD13: =SUM(AC15:AC65535) -> 0 | AR13: Employee welfare fund
G14: Disclosure of shareholder holding more than 1% of total number of shares | AR14: Overseas corporate bodies
AR15: Private equity fund
F16: Total | G16: Total | H16: =+IFERROR(IF(COUNT(H14:H15),ROUND(SUM(H14:H15),0),""),"") | I16: =+IFERROR(IF(COUNT(I14:I15),ROUND(SUM(I14:I15),0),""),"") | J16: =+IFERROR(IF(COUNT(J14:J15),ROUND(SUM(J14:J15),0),""),"") | K16: =+IFERROR(IF(COUNT(K14:K15),ROUND(SUM(K14:K15),0),""),"") | L16: =+IFERROR(IF(COUNT(K16),ROUND(K16/'Shareholding Pattern'!$L$57*100,2),""),"") | M16: =+IFERROR(IF(COUNT(M14:M15),ROUND(SUM(M14:M15),0),""),"") | N16: =+IFERROR(IF(COUNT(N14:N15),ROUND(SUM(N14:N15),0),""),"") | O16: =+IFERROR(IF(COUNT(O14:O15),ROUND(SUM(O14:O15),0),""),"") | P16: =+IFERROR(IF(COUNT(O16),ROUND(O16/('Shareholding Pattern'!$P$58)*100,2),""),"") | Q16: =+IFERROR(IF(COUNT(Q14:Q15),ROUND(SUM(Q14:Q15),0),""),"") | R16: =+IFERROR(IF(COUNT(R14:R15),ROUND(SUM(R14:R15),0),""),"") | S16: =+IFERROR(IF(COUNT(S14:S15),ROUND(SUM(S14:S15),0),""),"") | T16: =+IFERROR(IF(COUNT(K16,S16),ROUND(SUM(S16,K16)/SUM('Shareholding Pattern'!$L$57,'Shareholding Pattern'!$T$57)*100,2),""),"") | U16: =+IFERROR(IF(COUNT(U14:U15),ROUND(SUM(U14:U15),0),""),"") | V16: =+IFERROR(IF(COUNT(U16),ROUND(SUM(U16)/SUM(K16)*100,2),""),0) | W16: =+IFERROR(IF(COUNT(W14:W15),ROUND(SUM(W14:W15),0),""),"") | AR16: Other

Sheet AIF
I1: 0
F2: Name of shareholder | G2: Permanent account number of shareholder | H2: Number of fully paid up equity shares | I2: Number of partly paid-up equity shares | J2: Number of shares underlying outstanding depository receipts | K2: Total number of shares | L2: Shareholding as a percentage of total number of shares held by promoters and public shareholders and custodians or DR holders | M2: Number of voting rights held by same class of securities | N2: Number of voting rights held by differential voting rights | O2: Total Number of voting rights | P2: Percentage of total number of voting rights | Q2: Number of shares underlying outstanding convertible securities | R2: Number of warrant | S2: Number of warrant and convertible securities | T2: Total shareholding as a percentage assuming full conversion of convertible securities | U2: Number of the locked-in-shares | V2: Locked-in-shares as a percentage of total number of shares | W2: Number of equity shares held in dematerialized form | X2: Reason for not providing PAN
AR7: NRI
AR8: Trusts
E9: Searial No. | F9: Name of the Shareholders (I) | G9: PAN (II) | H9: No. of fully paid up equity shares held (IV) | I9: No. Of Partly paid-up equity shares held (V) | J9: No. Of shares underlying Depository Receipts (VI) | K9: Total nos. shares held (VII) = (IV)+(V)+ (VI) | L9: Shareholding as a % of total no. of shares (calculated as per SCRR, 1957) (VIII) As a % of (A+B+C2) | M9: Number of Voting Rights held in each class of securities (IX) | Q9: No. Of Shares Underlying Outstanding convertible securities (X) | R9: No. of Shares Underlying Outstanding Warrants (Xi) | S9: No. Of Shares Underlying Outstanding convertible securities and No. Of Warrants (Xi) (a) | T9: Shareholding , as a % assuming full conversion of convertible securities (as a percentage of diluted share capital) (XI)= (VII)+(X) As a % of (A+B+C2) | U9: Number of Locked in shares (XII) | W9: Number of equity shares held in dematerialized form (XIV) | X9: Reason for not providing PAN | AR9: Market Maker
M10: No of Voting (XIV) Rights | P10: Total as a % of Total Voting rights | AR10: HUF
M11: Class eg: X | N11: Class eg:y | O11: Total | U11: No. (a) | V11: As a % of total Shares held (b) | AR11: Clearing Members
E12: B1(c) | F12: Alternate Investment Funds | AR12: NSDL or CDSL transit
K13: =+IFERROR(IF(COUNT(H13:J13),ROUND(SUM(H13:J13),0),""),"") | L13: =+IFERROR(IF(COUNT(K13),ROUND(K13/'Shareholding Pattern'!$L$57*100,2),""),"") | M13: =IF(H13="","",H13) | O13: =+IFERROR(IF(COUNT(M13:N13),ROUND(SUM(M13,N13),2),""),"") | P13: =+IFERROR(IF(COUNT(O13),ROUND(O13/('Shareholding Pattern'!$P$58)*100,2),""),"") | S13: =+IFERROR(IF(COUNT(Q13:R13),ROUND(SUM(Q13:R13),0),""),"") | T13: =+IFERROR(IF(COUNT(K13,S13),ROUND(SUM(S13,K13)/SUM('Shareholding Pattern'!$L$57,'Shareholding Pattern'!$T$57)*100,2),""),"") | V13: =+IFERROR(IF(COUNT(U13),ROUND(SUM(U13)/SUM(K13)*100,2),""),0) | AC13: =IF(SUM(H13:W13)>0,1,0) -> 0 | AD13: =SUM(AC15:AC65535) -> 0 | AR13: Employee welfare fund
G14: Disclosure of shareholder holding more than 1% of total number of shares | AR14: Overseas corporate bodies
AR15: Private equity fund
F16: Total | G16: Total | H16: =+IFERROR(IF(COUNT(H14:H15),ROUND(SUM(H14:H15),0),""),"") | I16: =+IFERROR(IF(COUNT(I14:I15),ROUND(SUM(I14:I15),0),""),"") | J16: =+IFERROR(IF(COUNT(J14:J15),ROUND(SUM(J14:J15),0),""),"") | K16: =+IFERROR(IF(COUNT(K14:K15),ROUND(SUM(K14:K15),0),""),"") | L16: =+IFERROR(IF(COUNT(K16),ROUND(K16/'Shareholding Pattern'!$L$57*100,2),""),"") | M16: =+IFERROR(IF(COUNT(M14:M15),ROUND(SUM(M14:M15),0),""),"") | N16: =+IFERROR(IF(COUNT(N14:N15),ROUND(SUM(N14:N15),0),""),"") | O16: =+IFERROR(IF(COUNT(O14:O15),ROUND(SUM(O14:O15),0),""),"") | P16: =+IFERROR(IF(COUNT(O16),ROUND(O16/('Shareholding Pattern'!$P$58)*100,2),""),"") | Q16: =+IFERROR(IF(COUNT(Q14:Q15),ROUND(SUM(Q14:Q15),0),""),"") | R16: =+IFERROR(IF(COUNT(R14:R15),ROUND(SUM(R14:R15),0),""),"") | S16: =+IFERROR(IF(COUNT(S14:S15),ROUND(SUM(S14:S15),0),""),"") | T16: =+IFERROR(IF(COUNT(K16,S16),ROUND(SUM(S16,K16)/SUM('Shareholding Pattern'!$L$57,'Shareholding Pattern'!$T$57)*100,2),""),"") | U16: =+IFERROR(IF(COUNT(U14:U15),ROUND(SUM(U14:U15),0),""),"") | V16: =+IFERROR(IF(COUNT(U16),ROUND(SUM(U16)/SUM(K16)*100,2),""),0) | W16: =+IFERROR(IF(COUNT(W14:W15),ROUND(SUM(W14:W15),0),""),"") | AR16: Other

Sheet FVC
I1: 0
F2: Name of shareholder | G2: Permanent account number of shareholder | H2: Number of fully paid up equity shares | I2: Number of partly paid-up equity shares | J2: Number of shares underlying outstanding depository receipts | K2: Total number of shares | L2: Shareholding as a percentage of total number of shares held by promoters and public shareholders and custodians or DR holders | M2: Number of voting rights held by same class of securities | N2: Number of voting rights held by differential voting rights | O2: Total Number of voting rights | P2: Percentage of total number of voting rights | Q2: Number of shares underlying outstanding convertible securities | R2: Number of warrant | S2: Number of warrant and convertible securities | T2: Total shareholding as a percentage assuming full conversion of convertible securities | U2: Number of the locked-in-shares | V2: Locked-in-shares as a percentage of total number of shares | W2: Number of equity shares held in dematerialized form | X2: Reason for not providing PAN
AR7: NRI
AR8: Trusts
E9: Searial No. | F9: Name of the Shareholders (I) | G9: PAN (II) | H9: No. of fully paid up equity shares held (IV) | I9: No. Of Partly paid-up equity shares held (V) | J9: No. Of shares underlying Depository Receipts (VI) | K9: Total nos. shares held (VII) = (IV)+(V)+ (VI) | L9: Shareholding as a % of total no. of shares (calculated as per SCRR, 1957) (VIII) As a % of (A+B+C2) | M9: Number of Voting Rights held in each class of securities (IX) | Q9: No. Of Shares Underlying Outstanding convertible securities (X) | R9: No. of Shares Underlying Outstanding Warrants (Xi) | S9: No. Of Shares Underlying Outstanding convertible securities and No. Of Warrants (Xi) (a) | T9: Shareholding , as a % assuming full conversion of convertible securities (as a percentage of diluted share capital) (XI)= (VII)+(X) As a % of (A+B+C2) | U9: Number of Locked in shares (XII) | W9: Number of equity shares held in dematerialized form (XIV) | X9: Reason for not providing PAN | AR9: Market Maker
M10: No of Voting (XIV) Rights | P10: Total as a % of Total Voting rights | AR10: HUF
M11: Class eg: X | N11: Class eg:y | O11: Total | U11: No. (a) | V11: As a % of total Shares held (b) | AR11: Clearing Members
E12: B1(d) | F12: Foreign Venture Capital Investors | AR12: NSDL or CDSL transit
K13: =+IFERROR(IF(COUNT(H13:J13),ROUND(SUM(H13:J13),0),""),"") | L13: =+IFERROR(IF(COUNT(K13),ROUND(K13/'Shareholding Pattern'!$L$57*100,2),""),"") | M13: =IF(H13="","",H13) | O13: =+IFERROR(IF(COUNT(M13:N13),ROUND(SUM(M13,N13),2),""),"") | P13: =+IFERROR(IF(COUNT(O13),ROUND(O13/('Shareholding Pattern'!$P$58)*100,2),""),"") | S13: =+IFERROR(IF(COUNT(Q13:R13),ROUND(SUM(Q13:R13),0),""),"") | T13: =+IFERROR(IF(COUNT(K13,S13),ROUND(SUM(S13,K13)/SUM('Shareholding Pattern'!$L$57,'Shareholding Pattern'!$T$57)*100,2),""),"") | V13: =+IFERROR(IF(COUNT(U13),ROUND(SUM(U13)/SUM(K13)*100,2),""),0) | AC13: =IF(SUM(H13:W13)>0,1,0) -> 0 | AD13: =SUM(AC13:AC65535) -> 0 | AR13: Employee welfare fund
G14: Disclosure of shareholder holding more than 1% of total number of shares | AR14: Overseas corporate bodies
AR15: Private equity fund
F16: Total | G16: Total | H16: =+IFERROR(IF(COUNT(H14:H15),ROUND(SUM(H14:H15),0),""),"") | I16: =+IFERROR(IF(COUNT(I14:I15),ROUND(SUM(I14:I15),0),""),"") | J16: =+IFERROR(IF(COUNT(J14:J15),ROUND(SUM(J14:J15),0),""),"") | K16: =+IFERROR(IF(COUNT(K14:K15),ROUND(SUM(K14:K15),0),""),"") | L16: =+IFERROR(IF(COUNT(K16),ROUND(K16/'Shareholding Pattern'!$L$57*100,2),""),"") | M16: =+IFERROR(IF(COUNT(M14:M15),ROUND(SUM(M14:M15),0),""),"") | N16: =+IFERROR(IF(COUNT(N14:N15),ROUND(SUM(N14:N15),0),""),"") | O16: =+IFERROR(IF(COUNT(O14:O15),ROUND(SUM(O14:O15),0),""),"") | P16: =+IFERROR(IF(COUNT(O16),ROUND(O16/('Shareholding Pattern'!$P$58)*100,2),""),"") | Q16: =+IFERROR(IF(COUNT(Q14:Q15),ROUND(SUM(Q14:Q15),0),""),"") | R16: =+IFERROR(IF(COUNT(R14:R15),ROUND(SUM(R14:R15),0),""),"") | S16: =+IFERROR(IF(COUNT(S14:S15),ROUND(SUM(S14:S15),0),""),"") | T16: =+IFERROR(IF(COUNT(K16,S16),ROUND(SUM(S16,K16)/SUM('Shareholding Pattern'!$L$57,'Shareholding Pattern'!$T$57)*100,2),""),"") | U16: =+IFERROR(IF(COUNT(U14:U15),ROUND(SUM(U14:U15),0),""),"") | V16: =+IFERROR(IF(COUNT(U16),ROUND(SUM(U16)/SUM(K16)*100,2),""),0) | W16: =+IFERROR(IF(COUNT(W14:W15),ROUND(SUM(W14:W15),0),""),"") | AR16: Other

Sheet FPI_Insti
I1: 0
F2: Name of shareholder | G2: Permanent account number of shareholder | H2: Number of fully paid up equity shares | I2: Number of partly paid-up equity shares | J2: Number of shares underlying outstanding depository receipts | K2: Total number of shares | L2: Shareholding as a percentage of total number of shares held by promoters and public shareholders and custodians or DR holders | M2: Number of voting rights held by same class of securities | N2: Number of voting rights held by differential voting rights | O2: Total Number of voting rights | P2: Percentage of total number of voting rights | Q2: Number of shares underlying outstanding convertible securities | R2: Number of warrant | S2: Number of warrant and convertible securities | T2: Total shareholding as a percentage assuming full conversion of convertible securities | U2: Number of the locked-in-shares | V2: Locked-in-shares as a percentage of total number of shares | W2: Number of equity shares held in dematerialized form | X2: Reason for not providing PAN
AR7: NRI
AR8: Trusts
E9: Searial No. | F9: Name of the Shareholders (I) | G9: PAN (II) | H9: No. of fully paid up equity shares held (IV) | I9: No. Of Partly paid-up equity shares held (V) | J9: No. Of shares underlying Depository Receipts (VI) | K9: Total nos. shares held (VII) = (IV)+(V)+ (VI) | L9: Shareholding as a % of total no. of shares (calculated as per SCRR, 1957) (VIII) As a % of (A+B+C2) | M9: Number of Voting Rights held in each class of securities (IX) | Q9: No. Of Shares Underlying Outstanding convertible securities (X) | R9: No. of Shares Underlying Outstanding Warrants (Xi) | S9: No. Of Shares Underlying Outstanding convertible securities and No. Of Warrants (Xi) (a) | T9: Shareholding , as a % assuming full conversion of convertible securities (as a percentage of diluted share capital) (XI)= (VII)+(X) As a % of (A+B+C2) | U9: Number of Locked in shares (XII) | W9: Number of equity shares held in dematerialized form (XIV) | X9: Reason for not providing PAN | AR9: Market Maker
M10: No of Voting (XIV) Rights | P10: Total as a % of Total Voting rights | AR10: HUF
M11: Class eg: X | N11: Class eg:y | O11: Total | U11: No. (a) | V11: As a % of total Shares held (b) | AR11: Clearing Members
E12: B1(e) | F12: Foreign Portfolio Investors | AR12: NSDL or CDSL transit
K13: =+IFERROR(IF(COUNT(H13:J13),ROUND(SUM(H13:J13),0),""),"") | L13: =+IFERROR(IF(COUNT(K13),ROUND(K13/'Shareholding Pattern'!$L$57*100,2),""),"") | M13: =IF(H13="","",H13) | O13: =+IFERROR(IF(COUNT(M13:N13),ROUND(SUM(M13,N13),2),""),"") | P13: =+IFERROR(IF(COUNT(O13),ROUND(O13/('Shareholding Pattern'!$P$58)*100,2),""),"") | S13: =+IFERROR(IF(COUNT(Q13:R13),ROUND(SUM(Q13:R13),0),""),"") | T13: =+IFERROR(IF(COUNT(K13,S13),ROUND(SUM(S13,K13)/SUM('Shareholding Pattern'!$L$57,'Shareholding Pattern'!$T$57)*100,2),""),"") | V13: =+IFERROR(IF(COUNT(U13),ROUND(SUM(U13)/SUM(K13)*100,2),""),0) | AC13: =IF(SUM(H13:W13)>0,1,0) -> 0 | AD13: =SUM(AC15:AC65535) -> 0 | AR13: Employee welfare fund
G14: Disclosure of shareholder holding more than 1% of total number of shares | AR14: Overseas corporate bodies
AR15: Private equity fund
F16: Total | G16: Total | H16: =+IFERROR(IF(COUNT(H14:H15),ROUND(SUM(H14:H15),0),""),"") | I16: =+IFERROR(IF(COUNT(I14:I15),ROUND(SUM(I14:I15),0),""),"") | J16: =+IFERROR(IF(COUNT(J14:J15),ROUND(SUM(J14:J15),0),""),"") | K16: =+IFERROR(IF(COUNT(K14:K15),ROUND(SUM(K14:K15),0),""),"") | L16: =+IFERROR(IF(COUNT(K16),ROUND(K16/'Shareholding Pattern'!$L$57*100,2),""),"") | M16: =+IFERROR(IF(COUNT(M14:M15),ROUND(SUM(M14:M15),0),""),"") | N16: =+IFERROR(IF(COUNT(N14:N15),ROUND(SUM(N14:N15),0),""),"") | O16: =+IFERROR(IF(COUNT(O14:O15),ROUND(SUM(O14:O15),0),""),"") | P16: =+IFERROR(IF(COUNT(O16),ROUND(O16/('Shareholding Pattern'!$P$58)*100,2),""),"") | Q16: =+IFERROR(IF(COUNT(Q14:Q15),ROUND(SUM(Q14:Q15),0),""),"") | R16: =+IFERROR(IF(COUNT(R14:R15),ROUND(SUM(R14:R15),0),""),"") | S16: =+IFERROR(IF(COUNT(S14:S15),ROUND(SUM(S14:S15),0),""),"") | T16: =+IFERROR(IF(COUNT(K16,S16),ROUND(SUM(S16,K16)/SUM('Shareholding Pattern'!$L$57,'Shareholding Pattern'!$T$57)*100,2),""),"") | U16: =+IFERROR(IF(COUNT(U14:U15),ROUND(SUM(U14:U15),0),""),"") | V16: =+IFERROR(IF(COUNT(U16),ROUND(SUM(U16)/SUM(K16)*100,2),""),0) | W16: =+IFERROR(IF(COUNT(W14:W15),ROUND(SUM(W14:W15),0),""),"") | AR16: Other

Sheet Bank_Insti
I1: 0
F2: Name of shareholder | G2: Permanent account number of shareholder | H2: Number of fully paid up equity shares | I2: Number of partly paid-up equity shares | J2: Number of shares underlying outstanding depository receipts | K2: Total number of shares | L2: Shareholding as a percentage of total number of shares held by promoters and public shareholders and custodians or DR holders | M2: Number of voting rights held by same class of securities | N2: Number of voting rights held by differential voting rights | O2: Total Number of voting rights | P2: Percentage of total number of voting rights | Q2: Number of shares underlying outstanding convertible securities | R2: Number of warrant | S2: Number of warrant and convertible securities | T2: Total shareholding as a percentage assuming full conversion of convertible securities | U2: Number of the locked-in-shares | V2: Locked-in-shares as a percentage of total number of shares | W2: Number of equity shares held in dematerialized form | X2: Reason for not providing PAN
AR7: NRI
AR8: Trusts
E9: Searial No. | F9: Name of the Shareholders (I) | G9: PAN (II) | H9: No. of fully paid up equity shares held (IV) | I9: No. Of Partly paid-up equity shares held (V) | J9: No. Of shares underlying Depository Receipts (VI) | K9: Total nos. shares held (VII) = (IV)+(V)+ (VI) | L9: Shareholding as a % of total no. of shares (calculated as per SCRR, 1957) (VIII) As a % of (A+B+C2) | M9: Number of Voting Rights held in each class of securities (IX) | Q9: No. Of Shares Underlying Outstanding convertible securities (X) | R9: No. of Shares Underlying Outstanding Warrants (Xi) | S9: No. Of Shares Underlying Outstanding convertible securities and No. Of Warrants (Xi) (a) | T9: Shareholding , as a % assuming full conversion of convertible securities (as a percentage of diluted share capital) (XI)= (VII)+(X) As a % of (A+B+C2) | U9: Number of Locked in shares (XII) | W9: Number of equity shares held in dematerialized form (XIV) | X9: Reason for not providing PAN | AR9: Market Maker
M10: No of Voting (XIV) Rights | P10: Total as a % of Total Voting rights | AR10: HUF
M11: Class eg: X | N11: Class eg:y | O11: Total | U11: No. (a) | V11: As a % of total Shares held (b) | AR11: Clearing Members
E12: B1(f) | F12: Financial Institutions/ Banks | AR12: NSDL or CDSL transit
K13: =+IFERROR(IF(COUNT(H13:J13),ROUND(SUM(H13:J13),0),""),"") | L13: =+IFERROR(IF(COUNT(K13),ROUND(K13/'Shareholding Pattern'!$L$57*100,2),""),"") | M13: =IF(H13="","",H13) | O13: =+IFERROR(IF(COUNT(M13:N13),ROUND(SUM(M13,N13),2),""),"") | P13: =+IFERROR(IF(COUNT(O13),ROUND(O13/('Shareholding Pattern'!$P$58)*100,2),""),"") | S13: =+IFERROR(IF(COUNT(Q13:R13),ROUND(SUM(Q13:R13),0),""),"") | T13: =+IFERROR(IF(COUNT(K13,S13),ROUND(SUM(S13,K13)/SUM('Shareholding Pattern'!$L$57,'Shareholding Pattern'!$T$57)*100,2),""),"") | V13: =+IFERROR(IF(COUNT(U13),ROUND(SUM(U13)/SUM(K13)*100,2),""),0) | AC13: =IF(SUM(H13:W13)>0,1,0) -> 0 | AD13: =SUM(AC15:AC65535) -> 0 | AR13: Employee welfare fund
G14: Disclosure of shareholder holding more than 1% of total number of shares | AR14: Overseas corporate bodies
AR15: Private equity fund
F16: Total | G16: Total | H16: =+IFERROR(IF(COUNT(H14:H15),ROUND(SUM(H14:H15),0),""),"") | I16: =+IFERROR(IF(COUNT(I14:I15),ROUND(SUM(I14:I15),0),""),"") | J16: =+IFERROR(IF(COUNT(J14:J15),ROUND(SUM(J14:J15),0),""),"") | K16: =+IFERROR(IF(COUNT(K14:K15),ROUND(SUM(K14:K15),0),""),"") | L16: =+IFERROR(IF(COUNT(K16),ROUND(K16/'Shareholding Pattern'!$L$57*100,2),""),"") | M16: =+IFERROR(IF(COUNT(M14:M15),ROUND(SUM(M14:M15),0),""),"") | N16: =+IFERROR(IF(COUNT(N14:N15),ROUND(SUM(N14:N15),0),""),"") | O16: =+IFERROR(IF(COUNT(O14:O15),ROUND(SUM(O14:O15),0),""),"") | P16: =+IFERROR(IF(COUNT(O16),ROUND(O16/('Shareholding Pattern'!$P$58)*100,2),""),"") | Q16: =+IFERROR(IF(COUNT(Q14:Q15),ROUND(SUM(Q14:Q15),0),""),"") | R16: =+IFERROR(IF(COUNT(R14:R15),ROUND(SUM(R14:R15),0),""),"") | S16: =+IFERROR(IF(COUNT(S14:S15),ROUND(SUM(S14:S15),0),""),"") | T16: =+IFERROR(IF(COUNT(K16,S16),ROUND(SUM(S16,K16)/SUM('Shareholding Pattern'!$L$57,'Shareholding Pattern'!$T$57)*100,2),""),"") | U16: =+IFERROR(IF(COUNT(U14:U15),ROUND(SUM(U14:U15),0),""),"") | V16: =+IFERROR(IF(COUNT(U16),ROUND(SUM(U16)/SUM(K16)*100,2),""),0) | W16: =+IFERROR(IF(COUNT(W14:W15),ROUND(SUM(W14:W15),0),""),"") | AR16: Other

Sheet Insurance
I1: 0
F2: Name of shareholder | G2: Permanent account number of shareholder | H2: Number of fully paid up equity shares | I2: Number of partly paid-up equity shares | J2: Number of shares underlying outstanding depository receipts | K2: Total number of shares | L2: Shareholding as a percentage of total number of shares held by promoters and public shareholders and custodians or DR holders | M2: Number of voting rights held by same class of securities | N2: Number of voting rights held by differential voting rights | O2: Total Number of voting rights | P2: Percentage of total number of voting rights | Q2: Number of shares underlying outstanding convertible securities | R2: Number of warrant | S2: Number of warrant and convertible securities | T2: Total shareholding as a percentage assuming full conversion of convertible securities | U2: Number of the locked-in-shares | V2: Locked-in-shares as a percentage of total number of shares | W2: Number of equity shares held in dematerialized form | X2: Reason for not providing PAN
AR7: NRI
AR8: Trusts
E9: Searial No. | F9: Name of the Shareholders (I) | G9: PAN (II) | H9: No. of fully paid up equity shares held (IV) | I9: No. Of Partly paid-up equity shares held (V) | J9: No. Of shares underlying Depository Receipts (VI) | K9: Total nos. shares held (VII) = (IV)+(V)+ (VI) | L9: Shareholding as a % of total no. of shares (calculated as per SCRR, 1957) (VIII) As a % of (A+B+C2) | M9: Number of Voting Rights held in each class of securities (IX) | Q9: No. Of Shares Underlying Outstanding convertible securities (X) | R9: No. of Shares Underlying Outstanding Warrants (Xi) | S9: No. Of Shares Underlying Outstanding convertible securities and No. Of Warrants (Xi) (a) | T9: Shareholding , as a % assuming full conversion of convertible securities (as a percentage of diluted share capital) (XI)= (VII)+(X) As a % of (A+B+C2) | U9: Number of Locked in shares (XII) | W9: Number of equity shares held in dematerialized form (XIV) | X9: Reason for not providing PAN | AR9: Market Maker
M10: No of Voting (XIV) Rights | P10: Total as a % of Total Voting rights | AR10: HUF
M11: Class eg: X | N11: Class eg:y | O11: Total | U11: No. (a) | V11: As a % of total Shares held (b) | AR11: Clearing Members
E12: B1(g) | F12: Insurance Companies | AR12: NSDL or CDSL transit
K13: =+IFERROR(IF(COUNT(H13:J13),ROUND(SUM(H13:J13),0),""),"") | L13: =+IFERROR(IF(COUNT(K13),ROUND(K13/'Shareholding Pattern'!$L$57*100,2),""),"") | M13: =IF(H13="","",H13) | O13: =+IFERROR(IF(COUNT(M13:N13),ROUND(SUM(M13,N13),2),""),"") | P13: =+IFERROR(IF(COUNT(O13),ROUND(O13/('Shareholding Pattern'!$P$58)*100,2),""),"") | S13: =+IFERROR(IF(COUNT(Q13:R13),ROUND(SUM(Q13:R13),0),""),"") | T13: =+IFERROR(IF(COUNT(K13,S13),ROUND(SUM(S13,K13)/SUM('Shareholding Pattern'!$L$57,'Shareholding Pattern'!$T$57)*100,2),""),"") | V13: =+IFERROR(IF(COUNT(U13),ROUND(SUM(U13)/SUM(K13)*100,2),""),0) | AC13: =IF(SUM(H13:W13)>0,1,0) -> 0 | AD13: =SUM(AC15:AC65535) -> 0 | AR13: Employee welfare fund
G14: Disclosure of shareholder holding more than 1% of total number of shares | AR14: Overseas corporate bodies
AR15: Private equity fund
F16: Total | G16: Total | H16: =+IFERROR(IF(COUNT(H14:H15),ROUND(SUM(H14:H15),0),""),"") | I16: =+IFERROR(IF(COUNT(I14:I15),ROUND(SUM(I14:I15),0),""),"") | J16: =+IFERROR(IF(COUNT(J14:J15),ROUND(SUM(J14:J15),0),""),"") | K16: =+IFERROR(IF(COUNT(K14:K15),ROUND(SUM(K14:K15),0),""),"") | L16: =+IFERROR(IF(COUNT(K16),ROUND(K16/'Shareholding Pattern'!$L$57*100,2),""),"") | M16: =+IFERROR(IF(COUNT(M14:M15),ROUND(SUM(M14:M15),0),""),"") | N16: =+IFERROR(IF(COUNT(N14:N15),ROUND(SUM(N14:N15),0),""),"") | O16: =+IFERROR(IF(COUNT(O14:O15),ROUND(SUM(O14:O15),0),""),"") | P16: =+IFERROR(IF(COUNT(O16),ROUND(O16/('Shareholding Pattern'!$P$58)*100,2),""),"") | Q16: =+IFERROR(IF(COUNT(Q14:Q15),ROUND(SUM(Q14:Q15),0),""),"") | R16: =+IFERROR(IF(COUNT(R14:R15),ROUND(SUM(R14:R15),0),""),"") | S16: =+IFERROR(IF(COUNT(S14:S15),ROUND(SUM(S14:S15),0),""),"") | T16: =+IFERROR(IF(COUNT(K16,S16),ROUND(SUM(S16,K16)/SUM('Shareholding Pattern'!$L$57,'Shareholding Pattern'!$T$57)*100,2),""),"") | U16: =+IFERROR(IF(COUNT(U14:U15),ROUND(SUM(U14:U15),0),""),"") | V16: =+IFERROR(IF(COUNT(U16),ROUND(SUM(U16)/SUM(K16)*100,2),""),0) | W16: =+IFERROR(IF(COUNT(W14:W15),ROUND(SUM(W14:W15),0),""),"") | AR16: Other

Sheet Pension
I1: 0
F2: Name of shareholder | G2: Permanent account number of shareholder | H2: Number of fully paid up equity shares | I2: Number of partly paid-up equity shares | J2: Number of shares underlying outstanding depository receipts | K2: Total number of shares | L2: Shareholding as a percentage of total number of shares held by promoters and public shareholders and custodians or DR holders | M2: Number of voting rights held by same class of securities | N2: Number of voting rights held by differential voting rights | O2: Total Number of voting rights | P2: Percentage of total number of voting rights | Q2: Number of shares underlying outstanding convertible securities | R2: Number of warrant | S2: Number of warrant and convertible securities | T2: Total shareholding as a percentage assuming full conversion of convertible securities | U2: Number of the locked-in-shares | V2: Locked-in-shares as a percentage of total number of shares | W2: Number of equity shares held in dematerialized form | X2: Reason for not providing PAN
AR7: NRI
AR8: Trusts
E9: Searial No. | F9: Name of the Shareholders (I) | G9: PAN (II) | H9: No. of fully paid up equity shares held (IV) | I9: No. Of Partly paid-up equity shares held (V) | J9: No. Of shares underlying Depository Receipts (VI) | K9: Total nos. shares held (VII) = (IV)+(V)+ (VI) | L9: Shareholding as a % of total no. of shares (calculated as per SCRR, 1957) (VIII) As a % of (A+B+C2) | M9: Number of Voting Rights held in each class of securities (IX) | Q9: No. of Shares Underlying Outstanding Warrants (Xi) | R9: No. Of Warrants (Xi) | S9: No. Of Shares Underlying Outstanding convertible securities and No. Of Warrants (Xi) (a) | T9: Shareholding , as a % assuming full conversion of convertible securities (as a percentage of diluted share capital) (XI)= (VII)+(X) As a % of (A+B+C2) | U9: Number of Locked in shares (XII) | W9: Number of equity shares held in dematerialized form (XIV) | X9: Reason for not providing PAN | AR9: Market Maker
M10: No of Voting (XIV) Rights | P10: Total as a % of Total Voting rights | AR10: HUF
M11: Class eg: X | N11: Class eg:y | O11: Total | U11: No. (a) | V11: As a % of total Shares held (b) | AR11: Clearing Members
E12: B1(h) | F12: Provident Funds/ Pension Funds | AR12: NSDL or CDSL transit
K13: =+IFERROR(IF(COUNT(H13:J13),ROUND(SUM(H13:J13),0),""),"") | L13: =+IFERROR(IF(COUNT(K13),ROUND(K13/'Shareholding Pattern'!$L$57*100,2),""),"") | M13: =IF(H13="","",H13) | O13: =+IFERROR(IF(COUNT(M13:N13),ROUND(SUM(M13,N13),2),""),"") | P13: =+IFERROR(IF(COUNT(O13),ROUND(O13/('Shareholding Pattern'!$P$58)*100,2),""),"") | S13: =+IFERROR(IF(COUNT(Q13:R13),ROUND(SUM(Q13:R13),0),""),"") | T13: =+IFERROR(IF(COUNT(K13,S13),ROUND(SUM(S13,K13)/SUM('Shareholding Pattern'!$L$57,'Shareholding Pattern'!$T$57)*100,2),""),"") | V13: =+IFERROR(IF(COUNT(U13),ROUND(SUM(U13)/SUM(K13)*100,2),""),0) | AC13: =IF(SUM(H13:W13)>0,1,0) -> 0 | AD13: =SUM(AC15:AC65535) -> 0 | AR13: Employee welfare fund
G14: Disclosure of shareholder holding more than 1% of total number of shares | AR14: Overseas corporate bodies
AR15: Private equity fund
F16: Total | G16: Total | H16: =+IFERROR(IF(COUNT(H14:H15),ROUND(SUM(H14:H15),0),""),"") | I16: =+IFERROR(IF(COUNT(I14:I15),ROUND(SUM(I14:I15),0),""),"") | J16: =+IFERROR(IF(COUNT(J14:J15),ROUND(SUM(J14:J15),0),""),"") | K16: =+IFERROR(IF(COUNT(K14:K15),ROUND(SUM(K14:K15),0),""),"") | L16: =+IFERROR(IF(COUNT(K16),ROUND(K16/'Shareholding Pattern'!$L$57*100,2),""),"") | M16: =+IFERROR(IF(COUNT(M14:M15),ROUND(SUM(M14:M15),0),""),"") | N16: =+IFERROR(IF(COUNT(N14:N15),ROUND(SUM(N14:N15),0),""),"") | O16: =+IFERROR(IF(COUNT(O14:O15),ROUND(SUM(O14:O15),0),""),"") | P16: =+IFERROR(IF(COUNT(O16),ROUND(O16/('Shareholding Pattern'!$P$58)*100,2),""),"") | Q16: =+IFERROR(IF(COUNT(Q14:Q15),ROUND(SUM(Q14:Q15),0),""),"") | R16: =+IFERROR(IF(COUNT(R14:R15),ROUND(SUM(R14:R15),0),""),"") | S16: =+IFERROR(IF(COUNT(S14:S15),ROUND(SUM(S14:S15),0),""),"") | T16: =+IFERROR(IF(COUNT(K16,S16),ROUND(SUM(S16,K16)/SUM('Shareholding Pattern'!$L$57,'Shareholding Pattern'!$T$57)*100,2),""),"") | U16: =+IFERROR(IF(COUNT(U14:U15),ROUND(SUM(U14:U15),0),""),"") | V16: =+IFERROR(IF(COUNT(U16),ROUND(SUM(U16)/SUM(K16)*100,2),""),0) | W16: =+IFERROR(IF(COUNT(W14:W15),ROUND(SUM(W14:W15),0),""),"") | AR16: Other

Sheet Other_Insti
I1: 0 | AR1: State industrial development Corporation | AS1: Provident Fund | AT1: Pension Fund | AU1: National Investment Fund | AV1: Insurance Companies | AW1: Bodies Corporate | AX1: Clearing Member | AY1: Employee Welfare Fund | AZ1: Overseas Corporate Bodies | BA1: Private Equity Fund | BB1: Societies | BC1: Trust | BD1: Venture Capital Fund | BE1: Other
E2: Category of other institutions | F2: Category or more than one percentage | G2: Name of shareholder | H2: Permanent account number of shareholder | I2: Number of shareholders | J2: Number of fully paid up equity shares | K2: Number of partly paid-up equity shares | L2: Number of shares underlying outstanding depository receipts | M2: Total number of shares | N2: Shareholding as a percentage of total number of shares held by promoters and public shareholders and custodians or DR holders | O2: Number of voting rights held by same class of securities | P2: Number of voting rights held by differential voting rights | Q2: Total Number of voting rights | R2: Percentage of total number of voting rights | S2: Number of shares underlying outstanding convertible securities | T2: Number of warrant | U2: Number of warrant and convertible securities | V2: Total shareholding as a percentage assuming full conversion of convertible securities | W2: Number of the locked-in-shares | X2: Locked-in-shares as a percentage of total number of shares | Y2: Number of equity shares held in dematerialized form | Z2: Reason for not providing PAN
I3: =+IFERROR(IF(COUNT(I13:I15),ROUND(SUMIF($F$13:I15,"Category",I13:I15),0),""),"") | J3: =+IFERROR(IF(COUNT(J13:J15),ROUND(SUMIF($F$13:J15,"Category",J13:J15),0),""),"") | K3: =+IFERROR(IF(COUNT(K13:K15),ROUND(SUMIF($F$13:K15,"Category",K13:K15),0),""),"") | L3: =+IFERROR(IF(COUNT(L13:L15),ROUND(SUMIF($F$13:L15,"Category",L13:L15),0),""),"") | M3: =+IFERROR(IF(COUNT(M13:M15),ROUND(SUMIF($F$13:M15,"Category",M13:M15),0),""),"") | N3: =+IFERROR(IF(COUNT(N13:N15),ROUND(SUMIF($F$13:N15,"Category",N13:N15),2),""),"") | O3: =+IFERROR(IF(COUNT(O13:O15),ROUND(SUMIF($F$13:O15,"Category",O13:O15),2),""),"") | P3: =+IFERROR(IF(COUNT(P13:P15),ROUND(SUMIF($F$13:P15,"Category",P13:P15),0),""),"") | Q3: =+IFERROR(IF(COUNT(Q13:Q15),ROUND(SUMIF($F$13:Q15,"Category",Q13:Q15),0),""),"") | R3: =+IFERROR(IF(COUNT(R13:R15),ROUND(SUMIF($F$13:R15,"Category",R13:R15),2),""),"") | S3: =+IFERROR(IF(COUNT(S13:S15),ROUND(SUMIF($F$13:S15,"Category",S13:S15),0),""),"") | T3: =+IFERROR(IF(COUNT(T13:T15),ROUND(SUMIF($F$13:T15,"Category",T13:T15),0),""),"") | U3: =+IFERROR(IF(COUNT(U13:U15),ROUND(SUMIF($F$13:U15,"Category",U13:U15),0),""),"") | V3: =+IFERROR(IF(COUNT(V13:V15),ROUND(SUMIF($F$13:V15,"Category",V13:V15),2),""),"") | W3: =+IFERROR(IF(COUNT(W13:W15),ROUND(SUMIF($F$13:W15,"Category",W13:W15),0),""),"") | X3: =+IFERROR(IF(COUNT(X13:X15),ROUND(SUMIF($F$13:X15,"Category",X13:X15),2),""),"") | Y3: =+IFERROR(IF(COUNT(Y13:Y15),ROUND(SUMIF($F$13:Y15,"Category",Y13:Y15),0),""),"")
AF4: NRI
AF5: Trusts
AF6: Market Maker
AF7: HUF
AF8: Clearing Members
D9: Searial No. | E9: Category | F9: Category / More than 1 percentage | G9: Name of the Shareholders (I) | H9: PAN (II) | I9: No. of the Shareholders (I) | J9: No. of fully paid up equity shares held (IV) | K9: No. Of Partly paid-up equity shares held (V) | L9: No. Of shares underlying Depository Receipts (VI) | M9: Total nos. shares held (VII) = (IV)+(V)+ (VI) | N9: Shareholding as a % of total no. of shares (calculated as per SCRR, 1957) (VIII) As a % of (A+B+C2) | O9: Number of Voting Rights held in each class of securities (IX) | S9: No. Of Shares Underlying Outstanding convertible securities (X) | T9: No. of Shares Underlying Outstanding Warrants (Xi) | U9: No. Of Shares Underlying Outstanding convertible securities and Warrants (X) | V9: Shareholding , as a % assuming full conversion of convertible securities (as a percentage of diluted share capital) (XI)= (VII)+(X) As a % of (A+B+C2) | W9: Number of Locked in shares (XII) | Y9: Number of equity shares held in dematerialized form (XIV) | Z9: Reason for not providing PAN | AG9: NSDL or CDSL transit | AV9: Category
O10: No of Voting (XIV) Rights | R10: Total as a % of Total Voting rights | AG10: Employee welfare fund | AV10: More than 1 percentage of shareholding
O11: Class eg: X | P11: Class eg:y | Q11: Total | W11: No. (a) | X11: As a % of total Shares held (b) | AG11: Overseas corporate bodies
D12: B1(i) | E12: Any Other (specify) | AF12: Private equity fund
M13: =+IFERROR(IF(COUNT(J13:L13),ROUND(SUM(J13:L13),0),""),"") | N13: =+IFERROR(IF(COUNT(M13),ROUND(M13/'Shareholding Pattern'!$L$57*100,2),""),"") | O13: =IF(J13="","",J13) | Q13: =+IFERROR(IF(COUNT(O13:P13),ROUND(SUM(O13,P13),2),""),"") | R13: =+IFERROR(IF(COUNT(Q13),ROUND(Q13/('Shareholding Pattern'!$P$58)*100,2),""),"") | U13: =+IFERROR(IF(COUNT(S13:T13),ROUND(SUM(S13:T13),0),""),"") | V13: =+IFERROR(IF(COUNT(M13,U13),ROUND(SUM(U13,M13)/SUM('Shareholding Pattern'!$L$57,'Shareholding Pattern'!$T$57)*100,2),""),"") | X13: =+IFERROR(IF(COUNT(W13),ROUND(SUM(W13)/SUM(M13)*100,2),""),0) | AC13: =IF(SUM(H13:Y13)>0,1,0) -> 0 | AD13: =SUM(AC15:AC65535) -> 0 | AF13: Other
F16: Total | H16: Total | I16: =+IFERROR(IF(COUNT(I13:I15),ROUND(SUMIF($F$13:I15,"Category",I13:I15),0),""),"") | J16: =+IFERROR(IF(COUNT(J13:J15),ROUND(SUMIF($F$13:J15,"Category",J13:J15),0),""),"") | K16: =+IFERROR(IF(COUNT(K13:K15),ROUND(SUMIF($F$13:K15,"Category",K13:K15),0),""),"") | L16: =+IFERROR(IF(COUNT(L13:L15),ROUND(SUMIF($F$13:L15,"Category",L13:L15),0),""),"") | M16: =+IFERROR(IF(COUNT(M13:M15),ROUND(SUMIF($F$13:M15,"Category",M13:M15),0),""),"") | N16: =+IFERROR(IF(COUNT(N13:N15),ROUND(SUMIF($F$13:N15,"Category",N13:N15),2),""),"") | O16: =+IFERROR(IF(COUNT(O13:O15),ROUND(SUMIF($F$13:O15,"Category",O13:O15),0),""),"") | P16: =+IFERROR(IF(COUNT(P13:P15),ROUND(SUMIF($F$13:P15,"Category",P13:P15),0),""),"") | Q16: =+IFERROR(IF(COUNT(Q13:Q15),ROUND(SUMIF($F$13:Q15,"Category",Q13:Q15),0),""),"") | R16: =+IFERROR(IF(COUNT(R13:R15),ROUND(SUMIF($F$13:R15,"Category",R13:R15),2),""),"") | S16: =+IFERROR(IF(COUNT(S13:S15),ROUND(SUMIF($F$13:S15,"Category",S13:S15),0),""),"") | T16: =+IFERROR(IF(COUNT(T13:T15),ROUND(SUMIF($F$13:T15,"Category",T13:T15),0),""),"") | U16: =+IFERROR(IF(COUNT(U13:U15),ROUND(SUMIF($F$13:U15,"Category",U13:U15),0),""),"") | V16: =+IFERROR(IF(COUNT(V13:V15),ROUND(SUMIF($F$13:V15,"Category",V13:V15),2),""),"") | W16: =+IFERROR(IF(COUNT(W13:W15),ROUND(SUMIF($F$13:W15,"Category",W13:W15),0),""),"") | X16: =+IFERROR(IF(COUNT(W16),ROUND(SUM(W16)/SUM(M16)*100,2),""),0) | Y16: =+IFERROR(IF(COUNT(Y13:Y15),ROUND(SUMIF($F$13:Y15,"Category",Y13:Y15),0),""),"")

Sheet CG&SG&PI
I1: 0
F2: Name of shareholder | G2: Permanent account number of shareholder | H2: Number of fully paid up equity shares | I2: Number of partly paid-up equity shares | J2: Number of shares underlying outstanding depository receipts | K2: Total number of shares | L2: Shareholding as a percentage of total number of shares held by promoters and public shareholders and custodians or DR holders | M2: Number of voting rights held by same class of securities | N2: Number of voting rights held by differential voting rights | O2: Total Number of voting rights | P2: Percentage of total number of voting rights | Q2: Number of shares underlying outstanding convertible securities | R2: Number of warrant | S2: Number of warrant and convertible securities | T2: Total shareholding as a percentage assuming full conversion of convertible securities | U2: Number of the locked-in-shares | V2: Locked-in-shares as a percentage of total number of shares | W2: Number of equity shares held in dematerialized form | X2: Reason for not providing PAN
E9: Searial No. | F9: Name of the Shareholders (I) | G9: PAN (II) | H9: No. of fully paid up equity shares held (IV) | I9: No. Of Partly paid-up equity shares held (V) | J9: No. Of shares underlying Depository Receipts (VI) | K9: Total nos. shares held (VII) = (IV)+(V)+ (VI) | L9: Shareholding as a % of total no. of shares (calculated as per SCRR, 1957) (VIII) As a % of (A+B+C2) | M9: Number of Voting Rights held in each class of securities (IX) | Q9: No. Of Shares Underlying Outstanding convertible securities (X) | R9: No. of Shares Underlying Outstanding Warrants (Xi) | S9: No. Of Shares Underlying Outstanding convertible securities and No. Of Warrants (Xi) (a) | T9: Shareholding , as a % assuming full conversion of convertible securities (as a percentage of diluted share capital) (XI)= (VII)+(X) As a % of (A+B+C2) | U9: Number of Locked in shares (XII) | W9: Number of equity shares held in dematerialized form (XIV) | X9: Reason for not providing PAN
M10: No of Voting (XIV) Rights | P10: Total as a % of Total Voting rights
M11: Class eg: X | N11: Class eg:y | O11: Total | U11: No. (a) | V11: As a % of total Shares held (b)
E12: B2 | F12: Central Government/ State Government(s)/ President of India
K13: =+IFERROR(IF(COUNT(H13:J13),ROUND(SUM(H13:J13),0),""),"") | L13: =+IFERROR(IF(COUNT(K13),ROUND(K13/'Shareholding Pattern'!$L$57*100,2),""),"") | M13: =IF(H13="","",H13) | O13: =+IFERROR(IF(COUNT(M13:N13),ROUND(SUM(M13,N13),2),""),"") | P13: =+IFERROR(IF(COUNT(O13),ROUND(O13/('Shareholding Pattern'!$P$58)*100,2),""),"") | S13: =+IFERROR(IF(COUNT(Q13:R13),ROUND(SUM(Q13:R13),0),""),"") | T13: =+IFERROR(IF(COUNT(K13,S13),ROUND(SUM(S13,K13)/SUM('Shareholding Pattern'!$L$57,'Shareholding Pattern'!$T$57)*100,2),""),"") | V13: =+IFERROR(IF(COUNT(U13),ROUND(SUM(U13)/SUM(K13)*100,2),""),0) | AC13: =IF(SUM(H13:W13)>0,1,0) -> 0 | AD13: =SUM(AC15:AC65535) -> 0
G14: Disclosure of shareholder holding more than 1% of total number of shares
F16: Total | G16: Total | H16: =+IFERROR(IF(COUNT(H14:H15),ROUND(SUM(H14:H15),0),""),"") | I16: =+IFERROR(IF(COUNT(I14:I15),ROUND(SUM(I14:I15),0),""),"") | J16: =+IFERROR(IF(COUNT(J14:J15),ROUND(SUM(J14:J15),0),""),"") | K16: =+IFERROR(IF(COUNT(K14:K15),ROUND(SUM(K14:K15),0),""),"") | L16: =+IFERROR(IF(COUNT(K16),ROUND(K16/'Shareholding Pattern'!$L$57*100,2),""),"") | M16: =+IFERROR(IF(COUNT(M14:M15),ROUND(SUM(M14:M15),0),""),"") | N16: =+IFERROR(IF(COUNT(N14:N15),ROUND(SUM(N14:N15),0),""),"") | O16: =+IFERROR(IF(COUNT(O14:O15),ROUND(SUM(O14:O15),0),""),"") | P16: =+IFERROR(IF(COUNT(O16),ROUND(O16/('Shareholding Pattern'!$P$58)*100,2),""),"") | Q16: =+IFERROR(IF(COUNT(Q14:Q15),ROUND(SUM(Q14:Q15),0),""),"") | R16: =+IFERROR(IF(COUNT(R14:R15),ROUND(SUM(R14:R15),0),""),"") | S16: =+IFERROR(IF(COUNT(S14:S15),ROUND(SUM(S14:S15),0),""),"") | T16: =+IFERROR(IF(COUNT(K16,S16),ROUND(SUM(S16,K16)/SUM('Shareholding Pattern'!$L$57,'Shareholding Pattern'!$T$57)*100,2),""),"") | U16: =+IFERROR(IF(COUNT(U14:U15),ROUND(SUM(U14:U15),0),""),"") | V16: =+IFERROR(IF(COUNT(U16),ROUND(SUM(U16)/SUM(K16)*100,2),""),0) | W16: =+IFERROR(IF(COUNT(W14:W15),ROUND(SUM(W14:W15),0),""),"")

Sheet Indivisual(aI)
I1: 0
F2: Name of shareholder | G2: Permanent account number of shareholder | H2: Number of fully paid up equity shares | I2: Number of partly paid-up equity shares | J2: Number of shares underlying outstanding depository receipts | K2: Total number of shares | L2: Shareholding as a percentage of total number of shares held by promoters and public shareholders and custodians or DR holders | M2: Number of voting rights held by same class of securities | N2: Number of voting rights held by differential voting rights | O2: Total Number of voting rights | P2: Percentage of total number of voting rights | Q2: Number of shares underlying outstanding convertible securities | R2: Number of warrant | S2: Number of warrant and convertible securities | T2: Total shareholding as a percentage assuming full conversion of convertible securities | U2: Number of the locked-in-shares | V2: Locked-in-shares as a percentage of total number of shares | W2: Number of equity shares held in dematerialized form | X2: Reason for not providing PAN
E9: Searial No. | F9: Name of the Shareholders (I) | G9: PAN (II) | H9: No. of fully paid up equity shares held (IV) | I9: No. Of Partly paid-up equity shares held (V) | J9: No. Of shares underlying Depository Receipts (VI) | K9: Total nos. shares held (VII) = (IV)+(V)+ (VI) | L9: Shareholding as a % of total no. of shares (calculated as per SCRR, 1957) (VIII) As a % of (A+B+C2) | M9: Number of Voting Rights held in each class of securities (IX) | Q9: No. Of Shares Underlying Outstanding convertible securities (X) | R9: No. of Shares Underlying Outstanding Warrants (Xi) | S9: No. Of Shares Underlying Outstanding convertible securities and No. Of Warrants (Xi) (a) | T9: Shareholding , as a % assuming full conversion of convertible securities (as a percentage of diluted share capital) (XI)= (VII)+(X) As a % of (A+B+C2) | U9: Number of Locked in shares (XII) | W9: Number of equity shares held in dematerialized form (XIV) | X9: Reason for not providing PAN
M10: No of Voting (XIV) Rights | P10: Total as a % of Total Voting rights
M11: Class eg: X | N11: Class eg:y | O11: Total | U11: No. (a) | V11: As a % of total Shares held (b)
E12: B3(a(i)) | F12: Individuals - i.Individual shareholders holding nominal share capital up to Rs. 2 lakhs.
K13: =+IFERROR(IF(COUNT(H13:J13),ROUND(SUM(H13:J13),0),""),"") | L13: =+IFERROR(IF(COUNT(K13),ROUND(K13/'Shareholding Pattern'!$L$57*100,2),""),"") | M13: =IF(H13="","",H13) | O13: =+IFERROR(IF(COUNT(M13:N13),ROUND(SUM(M13,N13),2),""),"") | P13: =+IFERROR(IF(COUNT(O13),ROUND(O13/('Shareholding Pattern'!$P$58)*100,2),""),"") | S13: =+IFERROR(IF(COUNT(Q13:R13),ROUND(SUM(Q13:R13),0),""),"") | T13: =+IFERROR(IF(COUNT(K13,S13),ROUND(SUM(S13,K13)/SUM('Shareholding Pattern'!$L$57,'Shareholding Pattern'!$T$57)*100,2),""),"") | V13: =+IFERROR(IF(COUNT(U13),ROUND(SUM(U13)/SUM(K13)*100,2),""),0) | AC13: =IF(SUM(H13:W13)>0,1,0) -> 0 | AD13: =SUM(AC15:AC65535) -> 0
G14: Disclosure of shareholder holding more than 1% of total number of shares
F16: Total | G16: Total | H16: =+IFERROR(IF(COUNT(H13:H15),ROUND(SUM(H13:H15),0),""),"") | I16: =+IFERROR(IF(COUNT(I13:I15),ROUND(SUM(I13:I15),0),""),"") | J16: =+IFERROR(IF(COUNT(J13:J15),ROUND(SUM(J13:J15),0),""),"") | K16: =+IFERROR(IF(COUNT(K13:K15),ROUND(SUM(K13:K15),0),""),"") | L16: =+IFERROR(IF(COUNT(K16),ROUND(K16/'Shareholding Pattern'!$L$57*100,2),""),"") | M16: =+IFERROR(IF(COUNT(M13:M15),ROUND(SUM(M13:M15),0),""),"") | N16: =+IFERROR(IF(COUNT(N13:N15),ROUND(SUM(N13:N15),0),""),"") | O16: =+IFERROR(IF(COUNT(O13:O15),ROUND(SUM(O13:O15),0),""),"") | P16: =+IFERROR(IF(COUNT(O16),ROUND(O16/('Shareholding Pattern'!$P$58)*100,2),""),"") | Q16: =+IFERROR(IF(COUNT(Q13:Q15),ROUND(SUM(Q13:Q15),0),""),"") | R16: =+IFERROR(IF(COUNT(R13:R15),ROUND(SUM(R13:R15),0),""),"") | S16: =+IFERROR(IF(COUNT(S13:S15),ROUND(SUM(S13:S15),0),""),"") | T16: =+IFERROR(IF(COUNT(K16,S16),ROUND(SUM(S16,K16)/SUM('Shareholding Pattern'!$L$57,'Shareholding Pattern'!$T$57)*100,2),""),"") | U16: =+IFERROR(IF(COUNT(U13:U15),ROUND(SUM(U13:U15),0),""),"") | V16: =+IFERROR(IF(COUNT(U16),ROUND(SUM(U16)/SUM(K16)*100,2),""),0) | W16: =+IFERROR(IF(COUNT(W13:W15),ROUND(SUM(W13:W15),0),""),"")

Sheet Indivisual(aII)
I1: 6
F2: Name of shareholder | G2: Permanent account number of shareholder | H2: Number of fully paid up equity shares | I2: Number of partly paid-up equity shares | J2: Number of shares underlying outstanding depository receipts | K2: Total number of shares | L2: Shareholding as a percentage of total number of shares held by promoters and public shareholders and custodians or DR holders | M2: Number of voting rights held by same class of securities | N2: Number of voting rights held by differential voting rights | O2: Total Number of voting rights | P2: Percentage of total number of voting rights | Q2: Number of shares underlying outstanding convertible securities | R2: Number of warrant | S2: Number of warrant and convertible securities | T2: Total shareholding as a percentage assuming full conversion of convertible securities | U2: Number of the locked-in-shares | V2: Locked-in-shares as a percentage of total number of shares | W2: Number of equity shares held in dematerialized form | X2: Reason for not providing PAN
E9: Searial No. | F9: Name of the Shareholders (I) | G9: PAN (II) | H9: No. of fully paid up equity shares held (IV) | I9: No. Of Partly paid-up equity shares held (V) | J9: No. Of shares underlying Depository Receipts (VI) | K9: Total nos. shares held (VII) = (IV)+(V)+ (VI) | L9: Shareholding as a % of total no. of shares (calculated as per SCRR, 1957) (VIII) As a % of (A+B+C2) | M9: Number of Voting Rights held in each class of securities (IX) | Q9: No. Of Shares Underlying Outstanding convertible securities (X) | R9: No. of Shares Underlying Outstanding Warrants (Xi) | S9: No. Of Shares Underlying Outstanding convertible securities and No. Of Warrants (Xi) (a) | T9: Shareholding , as a % assuming full conversion of convertible securities (as a percentage of diluted share capital) (XI)= (VII)+(X) As a % of (A+B+C2) | U9: Number of Locked in shares (XII) | W9: Number of equity shares held in dematerialized form (XIV) | X9: Reason for not providing PAN
M10: No of Voting (XIV) Rights | P10: Total as a % of Total Voting rights
M11: Class eg: X | N11: Class eg:y | O11: Total | U11: No. (a) | V11: As a % of total Shares held (b)
E12: B3(a(iI)) | F12: Individuals - ii. Individual shareholders holding nominal share capital in excess of Rs. 2 lakhs.
K13: =+IFERROR(IF(COUNT(H13:J13),ROUND(SUM(H13:J13),0),""),"") | L13: =+IFERROR(IF(COUNT(K13),ROUND(K13/'Shareholding Pattern'!$L$57*100,2),""),"") | M13: =IF(H13="","",H13) | O13: =+IFERROR(IF(COUNT(M13:N13),ROUND(SUM(M13,N13),2),""),"") | P13: =+IFERROR(IF(COUNT(O13),ROUND(O13/('Shareholding Pattern'!$P$58)*100,2),""),"") | S13: =+IFERROR(IF(COUNT(Q13:R13),ROUND(SUM(Q13:R13),0),""),"") | T13: =+IFERROR(IF(COUNT(K13,S13),ROUND(SUM(S13,K13)/SUM('Shareholding Pattern'!$L$57,'Shareholding Pattern'!$T$57)*100,2),""),"") | V13: =+IFERROR(IF(COUNT(U13),ROUND(SUM(U13)/SUM(K13)*100,2),""),0) | AC13: =IF(SUM(H13:W13)>0,1,0) -> 0 | AD13: =SUM(AC21:AC65541) -> 0
G14: Disclosure of shareholder holding more than 1% of total number of shares
E15: 1 | F15: AMIT SHETH | G15: AAJPS5740G | H15: 1310169 | K15: =+IFERROR(IF(COUNT(H15:J15),ROUND(SUM(H15:J15),0),""),"") -> 1310169 | L15: =+IFERROR(IF(COUNT(K15),ROUND(K15/'Shareholding Pattern'!$L$57*100,2),""),"") -> 13.1 | M15: 1310169 | O15: =+IFERROR(IF(COUNT(M15:N15),ROUND(SUM(M15,N15),2),""),"") -> 1310169 | P15: =+IFERROR(IF(COUNT(O15),ROUND(O15/('Shareholding Pattern'!$P$58)*100,2),""),"") -> 13.1 | S15: =+IFERROR(IF(COUNT(Q15:R15),ROUND(SUM(Q15:R15),0),""),"") | T15: =+IFERROR(IF(COUNT(K15,S15),ROUND(SUM(S15,K15)/SUM('Shareholding Pattern'!$L$57,'Shareholding Pattern'!$T$57)*100,2),""),"") -> 13.1 | V15: =+IFERROR(IF(COUNT(U15),ROUND(SUM(U15)/SUM(K15)*100,2),""),0) | W15: 360169 | AC15: =IF(SUM(H15:W15)>0,1,0) -> 1
E16: 2 | F16: NIMESH NAVIN SHAH | G16: AAMPS4537L | H16: 399488 | K16: =+IFERROR(IF(COUNT(H16:J16),ROUND(SUM(H16:J16),0),""),"") -> 399488 | L16: =+IFERROR(IF(COUNT(K16),ROUND(K16/'Shareholding Pattern'!$L$57*100,2),""),"") -> 3.99 | M16: 399488 | O16: =+IFERROR(IF(COUNT(M16:N16),ROUND(SUM(M16,N16),2),""),"") -> 399488 | P16: =+IFERROR(IF(COUNT(O16),ROUND(O16/('Shareholding Pattern'!$P$58)*100,2),""),"") -> 3.99 | S16: =+IFERROR(IF(COUNT(Q16:R16),ROUND(SUM(Q16:R16),0),""),"") | T16: =+IFERROR(IF(COUNT(K16,S16),ROUND(SUM(S16,K16)/SUM('Shareholding Pattern'!$L$57,'Shareholding Pattern'!$T$57)*100,2),""),"") -> 3.99 | V16: =+IFERROR(IF(COUNT(U16),ROUND(SUM(U16)/SUM(K16)*100,2),""),0) | W16: 0 | AC16: =IF(SUM(H16:W16)>0,1,0) -> 1
E17: 3 | F17: NIKITA NIMESH SHAH | G17: AAMPS4532R | H17: 397125 | K17: =+IFERROR(IF(COUNT(H17:J17),ROUND(SUM(H17:J17),0),""),"") -> 397125 | L17: =+IFERROR(IF(COUNT(K17),ROUND(K17/'Shareholding Pattern'!$L$57*100,2),""),"") -> 3.97 | M17: 397125 | O17: =+IFERROR(IF(COUNT(M17:N17),ROUND(SUM(M17,N17),2),""),"") -> 397125 | P17: =+IFERROR(IF(COUNT(O17),ROUND(O17/('Shareholding Pattern'!$P$58)*100,2),""),"") -> 3.97 | S17: =+IFERROR(IF(COUNT(Q17:R17),ROUND(SUM(Q17:R17),0),""),"") | T17: =+IFERROR(IF(COUNT(K17,S17),ROUND(SUM(S17,K17)/SUM('Shareholding Pattern'!$L$57,'Shareholding Pattern'!$T$57)*100,2),""),"") -> 3.97 | V17: =+IFERROR(IF(COUNT(U17),ROUND(SUM(U17)/SUM(K17)*100,2),""),0) | W17: 0 | AC17: =IF(SUM(H17:W17)>0,1,0) -> 1
E18: 4 | F18: SONAL KALPESH KORADIA | G18: AGPPK2853G | H18: 309164 | K18: =+IFERROR(IF(COUNT(H18:J18),ROUND(SUM(H18:J18),0),""),"") -> 309164 | L18: =+IFERROR(IF(COUNT(K18),ROUND(K18/'Shareholding Pattern'!$L$57*100,2),""),"") -> 3.09 | M18: 309164 | O18: =+IFERROR(IF(COUNT(M18:N18),ROUND(SUM(M18,N18),2),""),"") -> 309164 | P18: =+IFERROR(IF(COUNT(O18),ROUND(O18/('Shareholding Pattern'!$P$58)*100,2),""),"") -> 3.09 | S18: =+IFERROR(IF(COUNT(Q18:R18),ROUND(SUM(Q18:R18),0),""),"") | T18: =+IFERROR(IF(COUNT(K18,S18),ROUND(SUM(S18,K18)/SUM('Shareholding Pattern'!$L$57,'Shareholding Pattern'!$T$57)*100,2),""),"") -> 3.09 | V18: =+IFERROR(IF(COUNT(U18),ROUND(SUM(U18)/SUM(K18)*100,2),""),0) | W18: 170964 | AC18: =IF(SUM(H18:W18)>0,1,0) -> 1
E19: 5 | F19: BHAVESH RAJKUMAR KORADIA | G19: AAPPK5708E | H19: 138200 | K19: =+IFERROR(IF(COUNT(H19:J19),ROUND(SUM(H19:J19),0),""),"") -> 138200 | L19: =+IFERROR(IF(COUNT(K19),ROUND(K19/'Shareholding Pattern'!$L$57*100,2),""),"") -> 1.38 | M19: 138200 | O19: =+IFERROR(IF(COUNT(M19:N19),ROUND(SUM(M19,N19),2),""),"") -> 138200 | P19: =+IFERROR(IF(COUNT(O19),ROUND(O19/('Shareholding Pattern'!$P$58)*100,2),""),"") -> 1.38 | S19: =+IFERROR(IF(COUNT(Q19:R19),ROUND(SUM(Q19:R19),0),""),"") | T19: =+IFERROR(IF(COUNT(K19,S19),ROUND(SUM(S19,K19)/SUM('Shareholding Pattern'!$L$57,'Shareholding Pattern'!$T$57)*100,2),""),"") -> 1.38 | V19: =+IFERROR(IF(COUNT(U19),ROUND(SUM(U19)/SUM(K19)*100,2),""),0) | W19: 0 | AC19: =IF(SUM(H19:W19)>0,1,0) -> 1
E20: 6 | F20: BAKUL RAMNIKLAL PAREKH | G20: AACPP5587D | H20: 121124 | K20: =+IFERROR(IF(COUNT(H20:J20),ROUND(SUM(H20:J20),0),""),"") -> 121124 | L20: =+IFERROR(IF(COUNT(K20),ROUND(K20/'Shareholding Pattern'!$L$57*100,2),""),"") -> 1.21 | M20: 121124 | O20: =+IFERROR(IF(COUNT(M20:N20),ROUND(SUM(M20,N20),2),""),"") -> 121124 | P20: =+IFERROR(IF(COUNT(O20),ROUND(O20/('Shareholding Pattern'!$P$58)*100,2),""),"") -> 1.21 | S20: =+IFERROR(IF(COUNT(Q20:R20),ROUND(SUM(Q20:R20),0),""),"") | T20: =+IFERROR(IF(COUNT(K20,S20),ROUND(SUM(S20,K20)/SUM('Shareholding Pattern'!$L$57,'Shareholding Pattern'!$T$57)*100,2),""),"") -> 1.21 | V20: =+IFERROR(IF(COUNT(U20),ROUND(SUM(U20)/SUM(K20)*100,2),""),0) | W20: 121124 | AC20: =IF(SUM(H20:W20)>0,1,0) -> 1
F22: Total | G22: Total | H22: =+IFERROR(IF(COUNT(H14:H21),ROUND(SUM(H14:H21),0),""),"") -> 2675270 | I22: =+IFERROR(IF(COUNT(I14:I21),ROUND(SUM(I14:I21),0),""),"") | J22: =+IFERROR(IF(COUNT(J14:J21),ROUND(SUM(J14:J21),0),""),"") | K22: =+IFERROR(IF(COUNT(K14:K21),ROUND(SUM(K14:K21),0),""),"") -> 2675270 | L22: =+IFERROR(IF(COUNT(K22),ROUND(K22/'Shareholding Pattern'!$L$57*100,2),""),"") -> 26.75 | M22: =+IFERROR(IF(COUNT(M14:M21),ROUND(SUM(M14:M21),0),""),"") -> 2675270 | N22: =+IFERROR(IF(COUNT(N14:N21),ROUND(SUM(N14:N21),0),""),"") | O22: =+IFERROR(IF(COUNT(O14:O21),ROUND(SUM(O14:O21),0),""),"") -> 2675270 | P22: =+IFERROR(IF(COUNT(O22),ROUND(O22/('Shareholding Pattern'!$P$58)*100,2),""),"") -> 26.75 | Q22: =+IFERROR(IF(COUNT(Q14:Q21),ROUND(SUM(Q14:Q21),0),""),"") | R22: =+IFERROR(IF(COUNT(R14:R21),ROUND(SUM(R14:R21),0),""),"") | S22: =+IFERROR(IF(COUNT(S14:S21),ROUND(SUM(S14:S21),0),""),"") | T22: =+IFERROR(IF(COUNT(K22,S22),ROUND(SUM(S22,K22)/SUM('Shareholding Pattern'!$L$57,'Shareholding Pattern'!$T$57)*100,2),""),"") -> 26.75 | U22: =+IFERROR(IF(COUNT(U14:U21),ROUND(SUM(U14:U21),0),""),"") | V22: =+IFERROR(IF(COUNT(U22),ROUND(SUM(U22)/SUM(K22)*100,2),""),0) | W22: =+IFERROR(IF(COUNT(W14:W21),ROUND(SUM(W14:W21),0),""),"") -> 652257

Sheet NBFC
I1: 0
F2: Name of shareholder | G2: Permanent account number of shareholder | H2: Number of fully paid up equity shares | I2: Number of partly paid-up equity shares | J2: Number of shares underlying outstanding depository receipts | K2: Total number of shares | L2: Shareholding as a percentage of total number of shares held by promoters and public shareholders and custodians or DR holders | M2: Number of voting rights held by same class of securities | N2: Number of voting rights held by differential voting rights | O2: Total Number of voting rights | P2: Percentage of total number of voting rights | Q2: Number of shares underlying outstanding convertible securities | R2: Number of warrant | S2: Number of warrant and convertible securities | T2: Total shareholding as a percentage assuming full conversion of convertible securities | U2: Number of the locked-in-shares | V2: Locked-in-shares as a percentage of total number of shares | W2: Number of equity shares held in dematerialized form | X2: Reason for not providing PAN
E9: Searial No. | F9: Name of the Shareholders (I) | G9: PAN (II) | H9: No. of fully paid up equity shares held (IV) | I9: No. Of Partly paid-up equity shares held (V) | J9: No. Of shares underlying Depository Receipts (VI) | K9: Total nos. shares held (VII) = (IV)+(V)+ (VI) | L9: Shareholding as a % of total no. of shares (calculated as per SCRR, 1957) (VIII) As a % of (A+B+C2) | M9: Number of Voting Rights held in each class of securities (IX) | Q9: No. Of Shares Underlying Outstanding convertible securities (X) | R9: No. of Shares Underlying Outstanding Warrants (Xi) | S9: No. Of Shares Underlying Outstanding convertible securities and No. Of Warrants (Xi) (a) | T9: Shareholding , as a % assuming full conversion of convertible securities (as a percentage of diluted share capital) (XI)= (VII)+(X) As a % of (A+B+C2) | U9: Number of Locked in shares (XII) | W9: Number of equity shares held in dematerialized form (XIV) | X9: Reason for not providing PAN
M10: No of Voting (XIV) Rights | P10: Total as a % of Total Voting rights
M11: Class eg: X | N11: Class eg:y | O11: Total | U11: No. (a) | V11: As a % of total Shares held (b)
E12: B3(b) | F12: NBFCs registered with RBI
K13: =+IFERROR(IF(COUNT(H13:J13),ROUND(SUM(H13:J13),0),""),"") | L13: =+IFERROR(IF(COUNT(K13),ROUND(K13/'Shareholding Pattern'!$L$57*100,2),""),"") | M13: =IF(H13="","",H13) | O13: =+IFERROR(IF(COUNT(M13:N13),ROUND(SUM(M13,N13),2),""),"") | P13: =+IFERROR(IF(COUNT(O13),ROUND(O13/('Shareholding Pattern'!$P$58)*100,2),""),"") | S13: =+IFERROR(IF(COUNT(Q13:R13),ROUND(SUM(Q13:R13),0),""),"") | T13: =+IFERROR(IF(COUNT(K13,S13),ROUND(SUM(S13,K13)/SUM('Shareholding Pattern'!$L$57,'Shareholding Pattern'!$T$57)*100,2),""),"") | V13: =+IFERROR(IF(COUNT(U13),ROUND(SUM(U13)/SUM(K13)*100,2),""),0) | AC13: =IF(SUM(H13:W13)>0,1,0) -> 0 | AD13: =SUM(AC15:AC65535) -> 0
G14: Disclosure of shareholder holding more than 1% of total number of shares
F16: Total | G16: Total | H16: =+IFERROR(IF(COUNT(H13:H15),ROUND(SUM(H13:H15),0),""),"") | I16: =+IFERROR(IF(COUNT(I13:I15),ROUND(SUM(I13:I15),0),""),"") | J16: =+IFERROR(IF(COUNT(J13:J15),ROUND(SUM(J13:J15),0),""),"") | K16: =+IFERROR(IF(COUNT(K13:K15),ROUND(SUM(K13:K15),0),""),"") | L16: =+IFERROR(IF(COUNT(K16),ROUND(K16/'Shareholding Pattern'!$L$57*100,2),""),"") | M16: =+IFERROR(IF(COUNT(M13:M15),ROUND(SUM(M13:M15),0),""),"") | N16: =+IFERROR(IF(COUNT(N13:N15),ROUND(SUM(N13:N15),0),""),"") | O16: =+IFERROR(IF(COUNT(O13:O15),ROUND(SUM(O13:O15),0),""),"") | P16: =+IFERROR(IF(COUNT(O16),ROUND(O16/('Shareholding Pattern'!$P$58)*100,2),""),"") | Q16: =+IFERROR(IF(COUNT(Q13:Q15),ROUND(SUM(Q13:Q15),0),""),"") | R16: =+IFERROR(IF(COUNT(R13:R15),ROUND(SUM(R13:R15),0),""),"") | S16: =+IFERROR(IF(COUNT(S13:S15),ROUND(SUM(S13:S15),0),""),"") | T16: =+IFERROR(IF(COUNT(K16,S16),ROUND(SUM(S16,K16)/SUM('Shareholding Pattern'!$L$57,'Shareholding Pattern'!$T$57)*100,2),""),"") | U16: =+IFERROR(IF(COUNT(U13:U15),ROUND(SUM(U13:U15),0),""),"") | V16: =+IFERROR(IF(COUNT(U16),ROUND(SUM(U16)/SUM(K16)*100,2),""),0) | W16: =+IFERROR(IF(COUNT(W13:W15),ROUND(SUM(W13:W15),0),""),"")

Sheet EmpTrust
I1: 0
F2: Name of shareholder | G2: Permanent account number of shareholder | H2: Number of fully paid up equity shares | I2: Number of partly paid-up equity shares | J2: Number of shares underlying outstanding depository receipts | K2: Total number of shares | L2: Shareholding as a percentage of total number of shares held by promoters and public shareholders and custodians or DR holders | M2: Number of voting rights held by same class of securities | N2: Number of voting rights held by differential voting rights | O2: Total Number of voting rights | P2: Percentage of total number of voting rights | Q2: Number of shares underlying outstanding convertible securities | R2: Number of warrant | S2: Number of warrant and convertible securities | T2: Total shareholding as a percentage assuming full conversion of convertible securities | U2: Number of the locked-in-shares | V2: Locked-in-shares as a percentage of total number of shares | W2: Number of equity shares held in dematerialized form | X2: Reason for not providing PAN
E9: Searial No. | F9: Name of the Shareholders (I) | G9: PAN (II) | H9: No. of fully paid up equity shares held (IV) | I9: No. Of Partly paid-up equity shares held (V) | J9: No. Of shares underlying Depository Receipts (VI) | K9: Total nos. shares held (VII) = (IV)+(V)+ (VI) | L9: Shareholding as a % of total no. of shares (calculated as per SCRR, 1957) (VIII) As a % of (A+B+C2) | M9: Number of Voting Rights held in each class of securities (IX) | Q9: No. Of Shares Underlying Outstanding convertible securities (X) | R9: No. of Shares Underlying Outstanding Warrants (Xi) | S9: No. Of Shares Underlying Outstanding convertible securities and No. Of Warrants (Xi) (a) | T9: Shareholding , as a % assuming full conversion of convertible securities (as a percentage of diluted share capital) (XI)= (VII)+(X) As a % of (A+B+C2) | U9: Number of Locked in shares (XII) | W9: Number of equity shares held in dematerialized form (XIV) | X9: Reason for not providing PAN
M10: No of Voting (XIV) Rights | P10: Total as a % of Total Voting rights
M11: Class eg: X | N11: Class eg:y | O11: Total | U11: No. (a) | V11: As a % of total Shares held (b)
E12: B3(c) | F12: Employee Trusts
K13: =+IFERROR(IF(COUNT(H13:J13),ROUND(SUM(H13:J13),0),""),"") | L13: =+IFERROR(IF(COUNT(K13),ROUND(K13/'Shareholding Pattern'!$L$57*100,2),""),"") | M13: =IF(H13="","",H13) | O13: =+IFERROR(IF(COUNT(M13:N13),ROUND(SUM(M13,N13),2),""),"") | P13: =+IFERROR(IF(COUNT(O13),ROUND(O13/('Shareholding Pattern'!$P$58)*100,2),""),"") | S13: =+IFERROR(IF(COUNT(Q13:R13),ROUND(SUM(Q13:R13),0),""),"") | T13: =+IFERROR(IF(COUNT(K13,S13),ROUND(SUM(S13,K13)/SUM('Shareholding Pattern'!$L$57,'Shareholding Pattern'!$T$57)*100,2),""),"") | V13: =+IFERROR(IF(COUNT(U13),ROUND(SUM(U13)/SUM(K13)*100,2),""),0) | AC13: =IF(SUM(H13:W13)>0,1,0) -> 0 | AD13: =SUM(AC15:AC65535) -> 0
G14: Disclosure of shareholder holding more than 1% of total number of shares
F16: Total | G16: Total | H16: =+IFERROR(IF(COUNT(H13:H15),ROUND(SUM(H13:H15),0),""),"") | I16: =+IFERROR(IF(COUNT(I13:I15),ROUND(SUM(I13:I15),0),""),"") | J16: =+IFERROR(IF(COUNT(J13:J15),ROUND(SUM(J13:J15),0),""),"") | K16: =+IFERROR(IF(COUNT(K13:K15),ROUND(SUM(K13:K15),0),""),"") | L16: =+IFERROR(IF(COUNT(K16),ROUND(K16/'Shareholding Pattern'!$L$57*100,2),""),"") | M16: =+IFERROR(IF(COUNT(M13:M15),ROUND(SUM(M13:M15),0),""),"") | N16: =+IFERROR(IF(COUNT(N13:N15),ROUND(SUM(N13:N15),0),""),"") | O16: =+IFERROR(IF(COUNT(O13:O15),ROUND(SUM(O13:O15),0),""),"") | P16: =+IFERROR(IF(COUNT(O16),ROUND(O16/('Shareholding Pattern'!$P$58)*100,2),""),"") | Q16: =+IFERROR(IF(COUNT(Q13:Q15),ROUND(SUM(Q13:Q15),0),""),"") | R16: =+IFERROR(IF(COUNT(R13:R15),ROUND(SUM(R13:R15),0),""),"") | S16: =+IFERROR(IF(COUNT(S13:S15),ROUND(SUM(S13:S15),0),""),"") | T16: =+IFERROR(IF(COUNT(K16,S16),ROUND(SUM(S16,K16)/SUM('Shareholding Pattern'!$L$57,'Shareholding Pattern'!$T$57)*100,2),""),"") | U16: =+IFERROR(IF(COUNT(U13:U15),ROUND(SUM(U13:U15),0),""),"") | V16: =+IFERROR(IF(COUNT(U16),ROUND(SUM(U16)/SUM(K16)*100,2),""),0) | W16: =+IFERROR(IF(COUNT(W13:W15),ROUND(SUM(W13:W15),0),""),"")

Sheet OD
I1: 0
F2: Name of shareholder | G2: Permanent account number of shareholder | H2: Number of fully paid up equity shares | I2: Number of partly paid-up equity shares | J2: Number of shares underlying outstanding depository receipts | K2: Total number of shares | L2: Shareholding as a percentage of total number of shares held by promoters and public shareholders and custodians or DR holders | M2: Number of voting rights held by same class of securities | N2: Number of voting rights held by differential voting rights | O2: Total Number of voting rights | P2: Percentage of total number of voting rights | Q2: Number of shares underlying outstanding convertible securities | R2: Number of warrant | S2: Number of warrant and convertible securities | T2: Total shareholding as a percentage assuming full conversion of convertible securities | U2: Number of the locked-in-shares | V2: Locked-in-shares as a percentage of total number of shares | W2: Number of equity shares held in dematerialized form | X2: Reason for not providing PAN
E9: Searial No. | F9: Name of the Shareholders (I) | G9: PAN (II) | H9: No. of fully paid up equity shares held (IV) | I9: No. Of Partly paid-up equity shares held (V) | J9: No. Of shares underlying Depository Receipts (VI) | K9: Total nos. shares held (VII) = (IV)+(V)+ (VI) | L9: Shareholding as a % of total no. of shares (calculated as per SCRR, 1957) (VIII) As a % of (A+B+C2) | M9: Number of Voting Rights held in each class of securities (IX) | Q9: No. Of Shares Underlying Outstanding convertible securities (X) | R9: No. of Shares Underlying Outstanding Warrants (Xi) | S9: No. Of Shares Underlying Outstanding convertible securities and No. Of Warrants (Xi) (a) | T9: Shareholding , as a % assuming full conversion of convertible securities (as a percentage of diluted share capital) (XI)= (VII)+(X) As a % of (A+B+C2) | U9: Number of Locked in shares (XII) | W9: Number of equity shares held in dematerialized form (XIV) | X9: Reason for not providing PAN
M10: No of Voting (XIV) Rights | P10: Total as a % of Total Voting rights
M11: Class eg: X | N11: Class eg:y | O11: Total | U11: No. (a) | V11: As a % of total Shares held (b)
E12: B3(d) | F12: Overseas Depositories (holding DRs) (balancing figure)
K13: =+IFERROR(IF(COUNT(H13:J13),ROUND(SUM(H13:J13),0),""),"") | L13: =+IFERROR(IF(COUNT(K13),ROUND(K13/'Shareholding Pattern'!$L$57*100,2),""),"") | M13: =IF(H13="","",H13) | O13: =+IFERROR(IF(COUNT(M13:N13),ROUND(SUM(M13,N13),2),""),"") | P13: =+IFERROR(IF(COUNT(O13),ROUND(O13/('Shareholding Pattern'!$P$58)*100,2),""),"") | S13: =+IFERROR(IF(COUNT(Q13:R13),ROUND(SUM(Q13:R13),0),""),"") | T13: =+IFERROR(IF(COUNT(K13,S13),ROUND(SUM(S13,K13)/SUM('Shareholding Pattern'!$L$57,'Shareholding Pattern'!$T$57)*100,2),""),"") | V13: =+IFERROR(IF(COUNT(U13),ROUND(SUM(U13)/SUM(K13)*100,2),""),0) | AC13: =IF(SUM(H13:W13)>0,1,0) -> 0 | AD13: =SUM(AC15:AC65535) -> 0
G14: Disclosure of shareholder holding more than 1% of total number of shares
F16: Total | G16: Total | H16: =+IFERROR(IF(COUNT(H13:H15),ROUND(SUM(H13:H15),0),""),"") | I16: =+IFERROR(IF(COUNT(I13:I15),ROUND(SUM(I13:I15),0),""),"") | J16: =+IFERROR(IF(COUNT(J13:J15),ROUND(SUM(J13:J15),0),""),"") | K16: =+IFERROR(IF(COUNT(K13:K15),ROUND(SUM(K13:K15),0),""),"") | L16: =+IFERROR(IF(COUNT(K16),ROUND(K16/'Shareholding Pattern'!$L$57*100,2),""),"") | M16: =+IFERROR(IF(COUNT(M13:M15),ROUND(SUM(M13:M15),0),""),"") | N16: =+IFERROR(IF(COUNT(N13:N15),ROUND(SUM(N13:N15),0),""),"") | O16: =+IFERROR(IF(COUNT(O13:O15),ROUND(SUM(O13:O15),0),""),"") | P16: =+IFERROR(IF(COUNT(O16),ROUND(O16/('Shareholding Pattern'!$P$58)*100,2),""),"") | Q16: =+IFERROR(IF(COUNT(Q13:Q15),ROUND(SUM(Q13:Q15),0),""),"") | R16: =+IFERROR(IF(COUNT(R13:R15),ROUND(SUM(R13:R15),0),""),"") | S16: =+IFERROR(IF(COUNT(S13:S15),ROUND(SUM(S13:S15),0),""),"") | T16: =+IFERROR(IF(COUNT(K16,S16),ROUND(SUM(S16,K16)/SUM('Shareholding Pattern'!$L$57,'Shareholding Pattern'!$T$57)*100,2),""),"") | U16: =+IFERROR(IF(COUNT(U13:U15),ROUND(SUM(U13:U15),0),""),"") | V16: =+IFERROR(IF(COUNT(U16),ROUND(SUM(U16)/SUM(K16)*100,2),""),0) | W16: =+IFERROR(IF(COUNT(W13:W15),ROUND(SUM(W13:W15),0),""),"")

Sheet Other_NonInsti
I1: 6 | J1: 0 | AE1: Angel Investors | AF1: Bodies Corporate | AG1: Clearing Members | AH1: Director or Director's Relatives | AI1: Employee Welfare Fund | AJ1: Employees | AK1: Enemy Property | AL1: ESOP or ESOS or ESPS | AM1: FCCB | AN1: Firm | AO1: Foreign Nationals | AP1: Foreign Portfolio Investor (Category - III) | AQ1: HUF | AR1: IEPF | AS1: LLP | AT1: Market Maker | AU1: Non-Resident Indian (NRI) | AV1: NSDL or CDSL Transit | AW1: Others | AX1: Overseas Corporate Bodies | AY1: Private Equity Fund | AZ1: Societies | BA1: Trusts | BB1: Unclaimed or Suspense or Escrow Account
E2: Category of other non-institutions | F2: Category or more than one percentage | G2: Name of shareholder | H2: Permanent account number of shareholder | I2: Number of shareholders | J2: Number of fully paid up equity shares | K2: Number of partly paid-up equity shares | L2: Number of shares underlying outstanding depository receipts | M2: Total number of shares | N2: Shareholding as a percentage of total number of shares held by promoters and public shareholders and custodians or DR holders | O2: Number of voting rights held by same class of securities | P2: Number of voting rights held by differential voting rights | Q2: Total Number of voting rights | R2: Percentage of total number of voting rights | S2: Number of shares underlying outstanding convertible securities | T2: Number of warrant | U2: Number of warrant and convertible securities | V2: Total shareholding as a percentage assuming full conversion of convertible securities | W2: Number of the locked-in-shares | X2: Locked-in-shares as a percentage of total number of shares | Y2: Number of equity shares held in dematerialized form | Z2: Reason for not providing PAN
I3: =+IFERROR(IF(COUNT(I13:I21),ROUND(SUMIF($F$13:I21,"Category",I13:I21),0),""),"") -> 172 | J3: =+IFERROR(IF(COUNT(J13:J21),ROUND(SUMIF($F$13:J21,"Category",J13:J21),0),""),"") -> 268977 | K3: =+IFERROR(IF(COUNT(K13:K21),ROUND(SUMIF($F$13:K21,"Category",K13:K21),0),""),"") | L3: =+IFERROR(IF(COUNT(L13:L21),ROUND(SUMIF($F$13:L21,"Category",L13:L21),0),""),"") | M3: =+IFERROR(IF(COUNT(M13:M21),ROUND(SUMIF($F$13:M21,"Category",M13:M21),0),""),"") -> 268977 | N3: =+IFERROR(IF(COUNT(N13:N21),ROUND(SUMIF($F$13:N21,"Category",N13:N21),2),""),"") -> 2.68 | O3: =+IFERROR(IF(COUNT(O13:O21),ROUND(SUMIF($F$13:O21,"Category",O13:O21),0),""),"") -> 268977 | P3: =+IFERROR(IF(COUNT(P13:P21),ROUND(SUMIF($F$13:P21,"Category",P13:P21),0),""),"") | Q3: =+IFERROR(IF(COUNT(Q13:Q21),ROUND(SUMIF($F$13:Q21,"Category",Q13:Q21),0),""),"") -> 268977 | R3: =+IFERROR(IF(COUNT(R13:R21),ROUND(SUMIF($F$13:R21,"Category",R13:R21),2),""),"") -> 2.68 | S3: =+IFERROR(IF(COUNT(S13:S21),ROUND(SUMIF($F$13:S21,"Category",S13:S21),0),""),"") | T3: =+IFERROR(IF(COUNT(T13:T21),ROUND(SUMIF($F$13:T21,"Category",T13:T21),0),""),"") | U3: =+IFERROR(IF(COUNT(U13:U21),ROUND(SUMIF($F$13:U21,"Category",U13:U21),0),""),"") | V3: =+IFERROR(IF(COUNT(V13:V21),ROUND(SUMIF($F$13:V21,"Category",V13:V21),2),""),"") -> 2.68 | W3: =+IFERROR(IF(COUNT(W13:W21),ROUND(SUMIF($F$13:W21,"Category",W13:W21),0),""),"") | X3: =+IFERROR(IF(COUNT(X13:X21),ROUND(SUMIF($F$13:X21,"Category",X13:X21),2),""),"") | Y3: =+IFERROR(IF(COUNT(Y13:Y21),ROUND(SUMIF($F$13:Y21,"Category",Y13:Y21),0),""),"") -> 236327
D9: Searial No. | E9: Category | F9: Category / More than 1 percentage | G9: Name of the Shareholders (I) | H9: PAN (II) | I9: No. of the Shareholders (I) | J9: No. of fully paid up equity shares held (IV) | K9: No. Of Partly paid-up equity shares held (V) | L9: No. Of shares underlying Depository Receipts (VI) | M9: Total nos. shares held (VII) = (IV)+(V)+ (VI) | N9: Shareholding as a % of total no. of shares (calculated as per SCRR, 1957) (VIII) As a % of (A+B+C2) | O9: Number of Voting Rights held in each class of securities (IX) | S9: No. Of Shares Underlying Outstanding convertible securities (X) | T9: No. of Shares Underlying Outstanding Warrants (Xi) | U9: No. Of Shares Underlying Outstanding convertible securities and No. Of Warrants (Xi) (a) | V9: Shareholding , as a % assuming full conversion of convertible securities (as a percentage of diluted share capital) (XI)= (VII)+(X) As a % of (A+B+C2) | W9: Number of Locked in shares (XII) | Y9: Number of equity shares held in dematerialized form (XIV) | Z9: Reason for not providing PAN | AV9: Category
O10: No of Voting (XIV) Rights | R10: Total as a % of Total Voting rights | AV10: More than 1 percentage of shareholding
O11: Class eg: X | P11: Class eg:y | Q11: Total | W11: No. (a) | X11: As a % of total Shares held (b)
D12: B3(e) | E12: Any Other (specify)
